Workbook
Name Act_dev_type: 'Form data (IGNORE)'!$B$5:$B$12
Name Additional_cap_effort: 'Form data (IGNORE)'!$D$31:$D$41
Name Age_pre_exist_survey: 'Form data (IGNORE)'!$D$13:$D$15
Name amend_reason: 'Form data (IGNORE)'!$A$170:$A$174
Name Current_hab_size: 'Form data (IGNORE)'!$E$127:$E$129
Name Current_landuse: 'Form data (IGNORE)'!$A$5:$A$17
Name Current_pop_via: 'Form data (IGNORE)'!$C$129:$C$131
Name Current_prospects: 'Form data (IGNORE)'!$G$127:$G$129
Name Current_range: 'Form data (IGNORE)'!$A$131:$A$133
Name Destr_search_effort: 'Form data (IGNORE)'!$B$112:$B$124
Name Ecologist: 'B - Background & Site Info'!$E$10
Name eval_context: 'Form data (IGNORE)'!$A$203:$A$206
Name eval_func: 'Form data (IGNORE)'!$A$198:$A$200
Name eval_qual: 'Form data (IGNORE)'!$A$192:$A$195
Name eval_quant: 'Form data (IGNORE)'!$A$186:$A$189
Name Frag_effect: 'Form data (IGNORE)'!$A$104:$A$108
Name Hab_dev_impact: 'Form data (IGNORE)'!$E$141:$E$143
Name Hab_mangt_plan_period: 'Form data (IGNORE)'!$D$112:$D$117
Name Hab_mitig_effect: 'Form data (IGNORE)'!$E$155:$E$157
Name IA_HSI_peak: 'Form data (IGNORE)'!$A$93:$A$101
Name impact_table_options: 'Form data (IGNORE)'!$D$84:$D$89
Name Interf_other_effect: 'Form data (IGNORE)'!$A$84:$A$88
Name Local_status: 'Form data (IGNORE)'!$A$26:$A$29
Name Major__ve_effect: 'Form data (IGNORE)'!$D$84:$D$89
Name Mon_period: 'Form data (IGNORE)'!$E$26:$E$31
Name Mon_survey_type: 'Form data (IGNORE)'!$B$41:$B$44
Name New_or_amend: 'Form data (IGNORE)'!$A$20:$A$22
Name No_bottles: 'Form data (IGNORE)'!$B$56:$B$59
Name no_of_survey_visits_to_this_pond: 'Form data (IGNORE)'!$A$228:$A$236
Name Planning_status_current: 'Form data (IGNORE)'!$C$5:$C$11
Name Pond_drain_effort: 'Form data (IGNORE)'!$A$112:$A$127
Name Pond_effect: 'Form data (IGNORE)'!$A$69:$A$72
Name Pond_ref_1: 'C - Survey - Pond 1-10'!$B$12:$E$12
Name Pond_ref_10: 'C - Survey - Pond 1-10'!$B$309:$E$309
Name Pond_ref_2: 'C - Survey - Pond 1-10'!$B$45:$E$45
Name Pond_ref_3: 'C - Survey - Pond 1-10'!$B$78:$E$78
Name Pond_ref_4: 'C - Survey - Pond 1-10'!$B$111:$E$111
Name Pond_ref_5: 'C - Survey - Pond 1-10'!$B$144:$E$144
Name Pond_ref_6: 'C - Survey - Pond 1-10'!$B$177:$E$177
Name Pond_ref_7: 'C - Survey - Pond 1-10'!$B$210:$E$210
Name Pond_ref_8: 'C - Survey - Pond 1-10'!$B$243:$E$243
Name Pond_ref_9: 'C - Survey - Pond 1-10'!$B$276:$E$276
Name Pond_surv_no_visits_per_pond: 'Form data (IGNORE)'!$A$57:$A$66
Name Pond_surv_other_spp_results: 'Form data (IGNORE)'!$C$41:$C$48
Name pond_surv_y_n_reason: 'Form data (IGNORE)'!$A$177:$A$183
Name Pop_dev_impact: 'Form data (IGNORE)'!$C$143:$C$145
Name Pop_mitig_effect: 'Form data (IGNORE)'!$C$157:$C$159
Name Post_dev_mech: 'Form data (IGNORE)'!$E$112:$E$117
Name Pre_exist_survey: 'Form data (IGNORE)'!$D$5:$D$8
Name Presence_Absence: 'Form data (IGNORE)'!$A$76:$A$77
Name presence_adsence_na: 'Form data (IGNORE)'!$A$76:$A$78
Name Prospects_dev_impact: 'Form data (IGNORE)'!$G$141:$G$143
Name Prospects_mitig_impact: 'Form data (IGNORE)'!$G$155:$G$157
Name Range_dev_impact: 'Form data (IGNORE)'!$A$145:$A$147
Name Range_mitig_effect: 'Form data (IGNORE)'!$A$159:$A$161
Name Receptor_site_status: 'Form data (IGNORE)'!$B$26:$B$31
Name RRA_br_pond_effect: 'Form data (IGNORE)'!$D$164:$D$165
Name RRA_indiv_newts_effect: 'Form data (IGNORE)'!$D$198:$D$203
Name rra_result: 'Form data (IGNORE)'!$D$206:$D$208
Name RRA_terr_hab_100_effect: 'Form data (IGNORE)'!$D$168:$D$173

Sheet Instructions
B1: Template for Method Statement to support application for licence under Regulation 55(2)(e) of The Conservation of Habitats and Species Regulations 2017 (as amended) in respect of great crested newts Triturus cristatus. Form WML-A14-2 (Version April 2020)
B5: Instructions for completion of Method Statement template
B7: Introduction
B8: This template is designed to make the process easier for applicants, by providing standard responses where possible and by indicating optional and mandatory fields, plus making clear the level and type of information required. It will also facilitate assessment of applications, as information will be presented in a standard way.
B11: This spreadsheet has two main sections: Instructions and advice, and the Method Statement template itself. The instructions should help you complete the Method Statement, as well as providing advice on some common areas of confusion in mitigation. These are designed to assist you in deciding whether to apply for a licence, and if you do, what kind of survey and mitigation should be proposed. Note: that this is offered as general advice and in the event of any enforcement investigation the original legislation must be referred to.
B17: Entering information into the template
C18: (Pale orange) Indicates mandatory fields
C19: (Pale green; dashed outline except in some tables) Indicates fields that are either optional or will be necessary in some cases depending on the circumstances. In many cases it is helpful to fill in green fields to provide more detail. Where the spreadsheet can detect a necessary field from data you have already given, a green field will turn red. It is your responsibility to ensure any necessary information is included.
C24: (Pale blue) Indicates a field that is automatically completed by the spreadsheet, based on data you have entered.
B26: IMPORTANT: Only enter data in pale red or pale green fields. Do not enter or alter any data in other coloured fields, including whitespace, as this may affect spreadsheet function. Please do not re-format text, except to underline or make 'bold' any changes if you are submitting an amendment.
B30: It is your responsibility to ensure the completed template provides all information necessary for licence determination. Although we have tried to make the template as helpful as possible, some features may not be suitable for accepting the information for your scheme If this happens you must take care to explain the scheme on additional sheets, and not rely on the standard responses or automatic spreadsheet coding. It will not be acceptable to submit a Method Statement that provides misleading or incomplete information, and attribute such shortcomings to the template format.
B38: Fill in the spreadsheet in order, as some data you enter is used in subsequent calculations or questions.
B39: Please be concise with your descriptions and keep information only to what is required.
B40: Several questions have standard responses suitable for a maximum of 10 ponds; should your scheme
B41: involve >10 ponds provision for additional data is included in the Additional Records tab.
B43: Viewing: You may find it helpful to zoom in and out by scrolling your mouse wheel while holding down CTRL (or View > Zoom). Sometimes parts of a text box can appear "cut off", depending on your computer set-up. Zooming in or out may help, and all the text should be readable if you click inside the box.
B48: Printing: To print the whole spreadsheet: File > Print... > Print what > Entire workbook. To print selected worksheets only, select the appropriate tabs (use shift to select a continuous range, and CTRL for non-adjacent worksheets), then File > Print > Print what > Active sheet(s).Please print on both sides.
B52: Method Statement structure
B53: The Method Statement is divided into two sections:
B54: (I) Background and supporting information (worksheets with lavender-coloured tabs)
B55: (II) Delivery information (worksheets with blue-coloured tabs)
... B170: It is critical that, even if you decide not to apply for a licence, you ensure that any development takes account of potential newt dispersal. Where great crested newts are present, landuse in that area must ensure there is adequate connectivity. Retaining and improving connectivity will often involve no licensable activities.
B174: Component | F174: Likely effect (select one for each component; select the most harmful option if more than one is likely; lists are in order of harm, top to bottom) | J174: Notional offence probability score
B177: Great crested newt breeding pond(s) | C177: Great crested newt breeding pond(s) | D177: Great crested newt breeding pond(s) | E177: Great crested newt breeding pond(s) | F177: No effect | J177: =INDEX('Form data (IGNORE)'!D164:E165,MATCH(F177,RRA_br_pond_effect,0),2) -> 0
B178: Land within 100m of any breeding pond(s) | F178: No effect | J178: =INDEX('Form data (IGNORE)'!D168:E173,MATCH(F178,RRA_terr_hab_100_effect,0),2) -> 0
B179: Land 100-250m from any breeding pond(s) | F179: No effect | J179: =INDEX('Form data (IGNORE)'!D178:E185,MATCH(F179,RRA_terr_hab_100250_effect,0),2) -> 0
B180: Land >250m from any breeding pond(s) | F180: No effect | J180: =INDEX('Form data (IGNORE)'!D188:E195,MATCH(F180,RRA_terr_hab_250_effect,0),2) -> 0
B181: Individual great crested newts | F181: No effect | J181: =INDEX('Form data (IGNORE)'!D198:E203,MATCH(F181,RRA_indiv_newts_effect,0),2) -> 0
B182: Maximum: | J182: =MAX(J177:J181) -> 0
B183: Rapid risk assessment result: | F183: =IF(MAX(J177:J181)>=0.65,"RED: OFFENCE HIGHLY LIKELY",IF(MAX(J177:J181)>=0.3,"AMBER: OFFENCE LIKELY","GREEN: OFFENCE HIGHLY UNLIKELY")) -> GREEN: OFFENCE HIGHLY UNLIKELY
B185: Guidance on risk assessment result categories
B186: "Green: offence highly unlikely" indicates that the development activities are of such a type, scale and location that it is highly unlikely any offence would be committed should the development proceed. Therefore, no licence would be required. However, bearing in mind that this is a generic assessment, you should carefully examine your specific plans to ensure this is a sound conclusion, and take precautions (see Non-licensed avoidance measures tool) to avoid offences if appropriate. It is likely that any residual offences would have negligible impact on conservation status, and enforcement of such breaches is unlikely to be in the public interest.
B192: "Amber: offence likely" indicates that the development activities are of such a type, scale and location that an offence is likely. In this case, the best option is to redesign the development (location, layout, methods, duration or timing; see Non-licensed avoidance measures tool) so that the effects are minimised. You can do this and then re-run the risk assessment to test whether the result changes, or preferably run your own detailed site-specific assessment. Bear in mind that this generic risk assessment will over- or under-estimate some risks because it cannot take into account site-specific details, as mentioned in caveats above. In particular, the exact location of the development in relation to resting places, dispersal areas and barriers should be critically examined. Once you have amended the scheme you will need to decide if a licence is required; this should be done if on balance you believe an offence is reasonably likely.
B201: "Red: offence highly likely" indicates that the development activities are of such a type, scale and location that an offence is highly likely. In this case, you should attempt to re-design the development location, layout, timing, methods or duration in order to avoid impacts (see Non-licensed avoidance measures tool), and re-run the risk assessment. You may also wish to run a site-specific risk assessment to check that this is a valid conclusion. If you cannot avoid the offences, then a licence should be applied for.
B207: (2) Conversions | H207: Return to Impact assessments
B208: All area figures in this Method Statement template should be entered in hectares, to allow consistent calculations. Some ecologists prefer to work in m², especially for smaller figures such as pond surface areas. Use this tool to easily convert between the two units.
B212: Enter area in m²: | F212: = | G212: =D212/10000 -> 0 | I212: ha
B214: Enter area in ha: | F214: = | G214: =D214*10000 -> 0 | I214: m²
B216: (3) Non-licensed avoidance measures
B217: Background
B218: Licensable activities should ideally be designed out of developments during the early planning stages. This should result in avoiding harm to great crested newt populations, and can save developers the time and expense of licensed mitigation measures. Many potentially licensable activities can in fact be avoided by careful planning of the development combined with simple precautionary measures. In many cases, adopting such an approach may mean that no licence is required (as no offence would be committed). Even when a licence is applied for because you decide an offence is likely, such measures can still be employed to reduce the level of harm to newt populations. This application tool helps you to plan non-licensed avoidance measures for common development scenarios. You may also use them in licensed projects to reduce impacts.
B226: Guidance on use, caveats and limitations
B227: Check the list below for suggestions for avoiding impacts that might be appropriate for your project. You can use this in combination with the "Do I need a licence? Rapid risk assessment" tool to help you plan mitigation and decide on whether to apply for a licence. For schemes that cover a large area, you might use these tools to decide that only part(s) of the development should be subject to a licence. This section is based on an examination of approaches considered in recent projects, and is obviously generic. The suggestions may not be appropriate for your particular development, or may require fine-tuning to be helpful. Neither are they exhaustive: we encourage you to develop your own ideas and let us know so that we can include them in future guidance.
B234: If you determine that no offences would be committed and therefore decide not to apply for a licence, it may be useful to keep a copy of the decision-making steps, and any precautions that will be taken. In some cases these might form the basis of a non-licensed method statement, to help a developer and their contractors understand how to carry out works with a minimal risk of breaching the law. If soundly produced, this might act as an audit trail and a "defence" in the event of any future queries about the development's effects on newts. Similarly, if you use these tools to determine that only part(s) of the development area should be subject to a licence, then it is helpful to include this rationale in the licence application, so that we can see why and how you have included and excluded particular areas in the licensed work.
B242: Project element | D242: Suggestions for avoidance measures
B243: Location & layout | D243: (a) Locate site as far as possible from potential breeding ponds and high quality terrestrial habitat. (b) Locate in areas subject to high pre-existing fragmentation. (c) Locate on hard, compacted ground with few fissures. (d) Design layout so that any hard landscaping is as far as possible from ponds, with retained habitat and soft landscaping toward ponds.
B247: Timing & duration | D247: (a) Restricting works to the winter period (when newts are rarely active above ground) is sensible if the project would not harm hibernation habitat. Projects with temporary habitat disruption and reinstatement, such as some pipelines, could potentially be carried out without any licensable activity in this way. (b) Keep duration of groundworks as short as possible. (c) Undertake during the day works that might only affect newts above ground.
B252: Construction methods and special precautions | D252: (a) Backfill trenches and other excavations before nightfall, or leave a ramp to allow newts to easily exit. (b) Raise stored materials (that might act as temporary resting places) off the ground, e.g. on pallets. (c) For pipelines, use directional drilling to cross areas of core habitat and dispersal routes. (d) Avoid installing structures that act as barriers close to ponds, or include gaps at ground level where walls or fences are unavoidable.
B258: (4): Survey data - what kind, how much, how old?
B259: Background
B260: Survey data are essential for any mitigation licence application. Consultants frequently seek advice on requirements for the level of effort, type of survey and age of survey data. The answer to this is that sufficient data need to be provided to demonstrate the level of impact on the population, plan effective mitigation, and allow an assessment of development and mitigation effects. Data requirements will be proportionate to the level of impact of the development. Clearly these will vary from case to case. The Great crested newt mitigation guidelines and .GOV.UK
B265: (https://www.gov.uk/guidance/great-crested-newts-surveys-and-mitigation-for-development-projects)
B266: provide general comments and technical advice on methods. This application tool provides further guidance to assist with planning pond survey effort and Method Statement preparation. It deals only with standard newt pond surveys and Habitat Suitability Index (HSI) assessments. Other kinds of surveys, e.g. terrestrial newt surveys, may be appropriate either as a substitute or in addition, depending on the situation.
B270: Guidance on use, caveats and limitations
B271: Using the table further down the instructions section in Survey Guidance Table, check the likely type of impact that your development would have, and then read across to see which types of surveys are indicated. The table is divided into permanent and temporary habitat loss; the latter occurs when there is rapid reinstatement to appreciably similar conditions following development (e.g. typical pipeline projects). Where both presence/absence and population size class assessment surveys are indicated, these can run together. Note that the indications in this table are meant as minimum standards, and are inevitably generic. The circumstances of a particular scheme may indicate that more surveys are required. For example, additional effort or other types of surveys (e.g. terrestrial dispersal survey, capture-mark-recapture [CMR]) should be done where there is a sound case. Note that different survey types and effort may be appropriate for different ponds on (or close to) the same development site, especially for large schemes where impacts vary across the footprint.
B281: The figures on extent of habitat loss here do not take into account overall habitat availability. You will need to consider the spatial layout of habitat, and in particular barriers to dispersal. So, for example, if 0.1ha of land were to be lost at a distance of 70m from a pond, and that 0.1ha seems likely (from maps, aerial photos or a walk-over survey) to provide the majority of good quality terrestrial habitat for the nearest population, then a population size class assessment should be done (contrary to the standard recommendation in the table). Conversely, for example, if this habitat were separated by major roads and built land, you may decide that no survey is necessary as it is unlikely to be used by newts. Furthermore, this table focuses on typical habitat loss/damage, and does not take into account all possible impact types, such as disturbance only. Again the general advice is to devise surveys appropriate to the level of potential impact.
B290: Geographical limits of survey
B291: In keeping with a proportionate and risk-based approach, surveys need reasonable boundaries. The Great crested newt mitigation guidelines explain that surveys of ponds up to around 500m from the development might need to be surveyed. The decision on whether to survey depends primarily on how likely it is that the development would affect newts using those ponds. For developments resulting in permanent or temporary habitat loss at distances over 250m from the nearest pond, carefully consider whether a survey is appropriate. Surveys of land at this distance from ponds are normally appropriate when all of the following conditions are met: (a) maps, aerial photos, walk-over surveys or other data indicate that the pond(s) has potential to support a large great crested newt population, (b) the footprint contains particularly favourable habitat, especially if it constitutes the majority available locally, (c) the development would have a substantial negative effect on that habitat, and (d) there is an absence of dispersal barriers.
B300: That is not to say that all development proposals over 250m from a pond will not require surveys. There are cases where large numbers of newts have been found at 250-500m from ponds, and so impacts are potentially significant, but such cases are rare and can often be predicted by the presence of especially favourable habitat. Developments beyond 500m from the nearest pond would very rarely merit newt surveys.
B305: Age of survey data
... B319: Survey guidance table
B320: Impact type and location | D320: Potential terrestrial habitat - loss or damage (ha) | F320: Presence/ likely absence survey | G320: Population size class assessment | H320: HSI | I320: Maximum age of survey data (# breeding seasons)
B324: Permanent habitat loss or damage
B325: Pond(s) lost or damaged, with or without other habitat loss or damage | D325: ≥0 | F325: YES | G325: YES | H325: YES | I325: 2
B328: No ponds lost or damaged, development within 50m of nearest pond | D328: ≤0.01 | F328: YES | G328: NO | H328: YES | I328: 3
D330: >0.01 | F330: YES | G330: YES | H330: YES | I330: 2
B332: No ponds lost or damaged, development 50-100m from nearest pond | D332: ≤0.2 | F332: YES | G332: NO | H332: NO | I332: 3
D334: >0.2 | F334: YES | G334: YES | H334: YES | I334: 2
B336: No ponds lost or damaged, development 100-250m from nearest pond | D336: ≤0.5 | F336: YES | G336: NO | H336: NO | I336: 4
D338: >0.5 | F338: YES | G338: YES | H338: YES | I338: 3
B340: No ponds lost or damaged, development >250m from nearest pond (NB see notes) | D340: ≤5 | F340: YES | G340: NO | H340: NO | I340: 4
D342: >5 | F342: YES | G342: NO | H342: YES | I342: 3
B344: Temporary habitat loss or damage
B345: Pond(s) lost or damaged, with or without other habitat loss or damage | D345: ≥0 | F345: YES | G345: YES | H345: YES | I345: 2
B348: No ponds lost or damaged, development within 50m of nearest pond | D348: ≤0.05 | F348: YES | G348: NO | H348: YES | I348: 3
D350: >0.05 | F350: YES | G350: YES | H350: YES | I350: 3
B352: No ponds lost or damaged, development 50-100m from nearest pond | D352: ≤0.5 | F352: YES | G352: NO | H352: NO | I352: 4
D354: >0.5 | F354: YES | G354: YES | H354: YES | I354: 3
B356: No ponds lost or damaged, development >100m from nearest pond | D356: ≤5 | F356: YES | G356: NO | H356: NO | I356: 4
D358: >5 | F358: YES | G358: NO | H358: YES | I358: 4
B361: Example: Survey undertaken in 2011 between April to June. Application submitted in autumn 2013 using the 2011 survey. The survey supporting the application would not suffice and the 2011 survey is actually 3 survey seasons old by autumn 2013 (i.e. 1st survey season = 2011, 2nd survey season = 2012 and 3rd survey season = 2013). If the application had been submitted in March/April or even May 2013 it may have been acceptable if fully justified why no further survey effort was required.
B367: Measuring turbidity and vegetation cover. These factors can greatly influence survey counts, so it is important to measure them consistently. In the Method Statement, we ask you to use the following convention:
B370: Vegetation cover score (0-5); 0 = no vegetation obscuring survey; 5 = water completely obscured by vegetation.
B372: Turbidity score (0-5): 0 = completely clear; 5 = very turbid.
B374: (5): Use of the great crested newt Habitat Suitability Index (HSI)
B375: Background
B376: The great crested newt Habitat Suitability Index (HSI) is quantitative measure of habitat quality (source: Oldham R.S., Keeble J., Swan M.J.S. & Jeffcote M. (2000). Evaluating the suitability of habitat for the Great Crested Newt (Triturus cristatus). Herpetological Journal 10 (4), 143-155). The HSI is number between 0 and 1, derived from an assessment of ten habitat variables known to influence the presence of newts. An HSI of 1 is optimal habitat (high probability of occurrence), while an HSI of 0 is very poor habitat (minimal probability of occurrence). The HSI is calculated on a single pond basis, but takes into account surrounding terrestrial habitat and local pond density.
B382: Application to great crested newt mitigation
B383: The great crested newt HSI is potentially a useful tool in survey and mitigation. One benefit is that it can be undertaken in a single field visit (with supporting desk work), and at any time of the year (though some variables are more easily measured in spring and summer). Its main uses are:
B386: 1) in surveys, to assess habitat quality in a repeatable, objective manner. In particular, the HSI allows individual factors that influence newt presence to be easily identified. These factors could help explain a very high or very low count. A high HSI can justify employing additional survey effort or methods if no newts are found initially.
B389: 2) in impact assessments, to allow a measure of how damaging a development could be. HSI might also be used as a screening tool to select no impact or minimal impact options in conjunction with (3) below.
B391: 3) in risk assessments, helping to decide whether an offence might be committed, and therefore whether a licence should be applied for. If a pond has a very low HSI score (say <0.5) then there would typically be a minimal chance of great crested newt presence. Hence, with due care and in limited circumstances (see also caveats below), the HSI might be used in the absence of newt survey to help conclude that an offence is highly unlikely and therefore work could proceed in that area without a licence. This application of the HSI should only be used where the predicted impacts - were newts to be present - would be low (e.g. development at least 100m from pond, permanent habitat loss <0.5ha or temporary habitat loss <5ha). The developer and consultant should realise that there would still be a risk of committing an offence, but it would typically be so low as to be negligible. Obviously, note that if HSI >0.5, this is not confirmation of newt presence; a newt survey would be required to confirm this.
... B442: When assessing applications, Natural England considers whether post-development monitoring proposals, in conjunction with the other mitigation measures, will be sufficient to ensure that the FCS test will be met. The need for monitoring, and the type of monitoring required, is related to the impact of the development and the status of the great crested newt population. In this way, monitoring requirements are proportionate to the risk of potential impacts on conservation status. For developments having low impacts, monitoring will not normally be required. Developers reducing the impact of their projects will therefore benefit from having lower costs following construction. For further details, see table below.
B449: Site status assessment/ population size class | D449: Impact type and size
D450: Low | F450: Medium | H450: High
B451: Small population/ low importance | D451: None | F451: Presence/absence; 2 years | H451: Presence/absence; 4 years
B452: Medium population/ medium importance | D452: None | F452: Pop size class assessment; 4 years | H452: Pop size class assessment; 6 years
B453: High population/ high importance | D453: pop size class assessment; 2 years | F453: Pop size class assessment; 6 years | H453: Pop size class assessment; 10 years
H454: Return to E5.2
B455: In addition to being necessary in some cases to support a conclusion of no detriment to maintenance of favourable conservation status, data produced in accordance with monitoring conditions helps Natural England and others to assess the effectiveness of mitigation measures. This in turn can feed back into good practice, so that future mitigation can be made more effective (these improvements can also help with cost effectiveness). The UK government has a duty to report to the European Commission on derogations, and for this we rely on data collected under mitigation licences.
...

Sheet Advice on Method statement
B1: Additional Advice for completing the Method Statement Template
B3: Masterplan Guidance
B4: For phased developments you are required to submit a detailed, stand alone, Masterplan to help assess the overall impacts of the entire works on the GCN population and the future mitigation across the whole scheme. A Masterplan to support a licence application must be specific to licensing (it is not appropriate to submit planning documents). As a minimum Natural England expects the Licensing Masterplan to include:
B9: 1. A map of the overall site (i.e. the entire area the proposed development will cover) to show the terrestrial and aquatic habitat types and areas CURRENTLY present.
B12: 2. Maps showing:
B13: • Where each construction phase or plot is to be located and where each mitigation licence will be
B14: required within these.
B15: • The impacts of each phase which requires a licence (loss and damage)
B16: • All proposed receptor areas, habitat compensation areas (which may be discrete from the receptor
B17: areas) sites, mitigation areas and development footprints
B18: • Post-development connectivity across the site (i.e. how will mitigation and compensation habitats link
B19: to each other and the wider landscape)
... B48: pressures.
B50: Return to | C50: Section B1
B52: For further info please see the archived site below:
B53: http://webarchive.nationalarchives.gov.uk/20140605090108/http://www.naturalengland.org.uk/Images/WML-G11_tcm6-9930.pdf
B55: in relation to the number of licences required for the development and not construction phases.
B57: If link does not open, please paste this into an internet search browser:
B58: webarchive.nationalarchives.gov.uk/20140605090108/http://www.naturalengland.org.uk/Images/WML-G11_tcm6-9930.pdf
B62: Important notes on capture methods and effort
B63: Pitfall trapping minimum effort
B64: Trapping may cease once there have been 5 zero capture days in suitable conditions. These 5 zero capture days may be the last 5 of the minimum capture period, but not earlier. Note: The shortest minimum capture period listed (25 days) is only appropriate in exceptional circumstances, e.g. small population size class and minor development impacts predicted. Deviations from the recommendations within the Great crested newt mitigation guidelines should be fully explained and justified. A minimum of 25 nights trapping will be acceptable for linear developments (such as pipelines, boreholes, archaeological investigations) which incur temporary impacts only (e.g. where habitats will be fully re-instated to their previous status and no ponds will be lost or damaged).
B70: Seasonal considerations in pitfall trapping and fence installation
B71: Natural England advises that pitfall traps are closed once newts begin to hibernate (generally after the first frosts) and re-opened in suitable weather conditions in the spring when newts become active again above ground. Although some newts may become active during the winter period, their behaviour is unpredictable and many individuals will remain in hibernation sites, where they are unavailable for capture. Furthermore, strong directional movements, which are best for trapping, are much less common during this period. Pitfall trapping over the winter period also has welfare implications for both target and non-target species caught in traps. Any animal caught in a pitfall trap is protected under the Animal Welfare Act 2006 and the operator has a duty of care to ensure that captured animals do not endure suffering whilst in captivity. Natural England will not therefore licence the terrestrial capture of great crested newts over the winter period, even during bouts of milder weather. For applications proposing newt capture in autumn, Natural England expects consideration to be given to the possibility that weather conditions may become unsuitable for newt capture, whereby pitfall traps must be closed and trapping re-started the following spring in suitable weather conditions. In cases such as this it is advisable for 'Work schedule E6a' to reflect possible delays and ensure it is clear that no construction works are scheduled to take place until the agreed capture effort is completed and that traps will be closed and re-opened the following spring.
B83: Amphibian fencing should only be installed in winter if there is no risk of harming dormant or hibernating newts. For example, installing fence lines across ground with no opportunities for refuge (e.g. compacted ground, amenity grassland) pose the least risk to newts. The key point to examine is whether the fence is to be installed in an area likely to be used by wintering newts.
B87: Night searching
... B107: These methods are only appropriate for distinct habitat features that can be carefully dismantled by hand or machine, with minimal risk of harm, and after other capture methods are expended. Examples: rubble pile, topsoil mound, patio, fractured hard-standing. Not to be used on extents of habitat such as grassland or scrub. Not to be undertaken in winter when newts are inactive or in extremely hot periods in summer; capture should only be carried out in suitable weather conditions as per the Great crested newt mitigation guidelines.
B111: Return to table E4 | G111: Next Section

Sheet B - Background & Site Info
B1: GCN Method Statement WML-A14-2 (Version April 2020)
B2: The Conservation of Habitats and Species Regulations 2017 (as amended)
B3: Method Statement to support application for licence under Regulation 55(2)(e) in respect of Great crested newts Triturus cristatus
B5: Section A.
B6: Site/project name:
B8: Applicant (developer) name:
B10: Named Ecologist:
B12: Is this application for a new Method Statement (not previously licensed), a modification to a licensed Method Statement (non-annexed only), or a re-submission following a "Further Information Request" notice?
B16: If a re-submission, please give previous application reference
B17: (eg EPSL, EPSM 20XX-3142A, 20XX XXX EPS MIT):
B20: NB: For re-submissions and modifications (non-annexed) the Method Statement should be re-submitted in its entirety, including all maps, appendices, reports, etc. You must clearly show any changes from the previously submitted version by underlining relevant text (CTRL-U) or by changing the font colour.
B24: In undertaking this mitigation project, I agree to comply with good practice as set out in the Great crested newt mitigation guidelines (GCNMG) (English Nature, 2001). [Note: if you do not check the box to comply with good practice your application will almost certainly be rejected. See comments on Technical mitigation issues in Instructions]
... B36: Relationship with impacts due to other nearby development
B37: B1.1 Is this application part of a phased/multi-plot development? See: | H37: Advice on Masterplan guidance
B38: For example, is it part of a phased mineral extraction, housing development or one plot in a multiple
B39: ownership residential scheme?....................... | H39: If No, go to Question B1.2
B41: If yes, how many great crested newt (GCN) licences will be required?
B43: What licence application phase is this? e.g. licence application 1 of 3.
B44: Note: sections in this Method Statement on impact assessment and mitigation measures must explicitly relate to impacts only from the development currently proposed.
B46: Your separate master plan document is expected to take due regard of the overall project. This is important to ensure that in-combination effects are considered, and mitigation measures across the whole project are both sufficient and coherent.
B48: Confirm you provided:
B50:  A Separate Masterplan document……………….
B52:  Separate Masterplan figures………………………
B54:  A Habitat Management and Maintenance Plan?...
B55: If you have selected ‘No’ to any of the above questions, please explain why as these are considered necessary and important documents for determination of your application. Not to provide them is likely to result in delays to being able to determine your application whilst we come back to you for this information.
B80: Please provide below a brief summary of how the current application relates to the larger project.
B103: For this method statement also include a map FIG. B1.1 - see Sum & Figs. tab.
B105: B1.2 Apart from any mentioned in B1.1, are there other GCN mitigation projects which might affect the
... B136: NB: Locations of other GCN sites must be shown on FIG. B1.2 - see Sum & Figs. tab
E142: Next Section

Sheet C - Survey Info
B1: =Ecologist&": "&Site_name -> :
B2: C Survey and site assessment
B3: C1 Pre-existing survey information on GCN at survey site (eg previous to the survey data used to inform this application)
B5: C1.1 Indicate conclusion on newts at development site from pre-existing survey data, if any. You should make reasonable efforts to find this data, including consulting the NBN Gateway and Local Records Centres.
B9: C1.2 Age of pre-existing survey data (years between now and latest survey)
B11: C1.3 Source(s) of pre-existing survey data; also include a copy or summary in an appendix
B14: C2 Status of GCNs in the local area
B15: C2.1 Local status (within approx 10km). Note: often there will be only patchy data on newt distribution, but you may feel able to assign one of the categories below when combined with pond density figures for the local area. Note: this is only a rough measure.
B19: Further information on local status
B22: C3 Recent survey (to inform this mitigation project)
B23: C3.1 Objective of survey
B25: C3.2 Survey area and justification
B26:  Clearly state which areas were surveyed…
... B44: C3.3i Briefly describe all waterbodies within your survey area. Please provide only a short text description, e.g. "Pond 1is a small garden pond in the northwest of the site. Pond 2 is a marl pit pond in the centre of the site". Includepond references (names). Do not include Habitat Suitability Index (HSI) data here; this is to be added later in the Method Statement.
B46: Pond ref | C46: Description
B57: Add further records to the Additional Records tab.
B59: C3.3.ii Waterbodies: distance from development site boundary and other ponds.
B60: Provide distance (to the nearest 10m) from the development site boundary for each pond within the survey area. If pond is on site, enter "0". If a pond on site or close to the development was not surveyed for GCNs, still give the distance, and provide reason for not surveying.
B64: Pond ref | C64: Distance (m) | D64: Surveyed or not? | F64: If selected 'No- other reason' explain below
B65: =B47 -> 0
B66: =B48 -> 0
B67: =B49 -> 0
B68: =B50 -> 0
B69: =B51 -> 0
B70: =B52 -> 0
B71: =B53 -> 0
B72: =B54 -> 0
B73: =B55 -> 0
B74: =B56 -> 0
B75: Add more records here | E75: Additional records page
B77: C3.4 Habitat description: terrestrial habitats.
B78: What is the total area (ha) of the development site?
B80: • Please provide a broad breakdown (ha and habitat type) of terrestrial habitat present on the development site. _Note that this total should be the same as the area included above. • Also, briefly describe the terrestrial habitats present on adjacent areas likely to support GCNs. If there is no _defined boundary to development site, please explain the habitats affected by the works and within the surrounding area. • The habitats described in this section should be clearly shown and identified on Figure C3.2(a)
B109: NB: Photographs showing the habitats on site should be provided - FIG. C3.4
B110: see Sum & Figs. tab
B112: C3.5 Waterbodies: quantitative assessment.
B113: A Habitat Suitability Index (HSI) score should be calculated for each pond that would be subject to activities likely to result in adverse impacts on the local GCN population. See guidance in the Instructions section (Survey data and HSI tabs). It is not required for ponds subject to low impacts, though can be entered if you wish; this may be useful, for example, to provide objective evidence that the population affected is likely to be small.
B118: In the boxes below, enter the Pond reference (or name) then the SI scores. The spreadsheet will automatically calculate the HSI. It is expected that, for each HSI, all ten SI scores should be entered in most cases. If you did not calculate a particular SI score, leave blank (do not enter "0"). If more than two variables are missing, the HSI should be treated as provisional and you should comment on this below. If more than 10 waterbodies need HSI scores, include additional information in an appendix, in the same format as below.
C125: Date HSI assessment undertaken
C126: Pond ref | E126: =IF($B47="","",$B47) | F126: =IF($B$48="","",$B$48) | G126: =IF($B$49="","",$B$49) | H126: =IF($B$50="","",$B$50) | I126: =IF($B$51="","",$B$51)
C127: SI1 - Location
C128: SI2 - Pond area
C129: SI3 - Pond drying
C130: SI4 - Water quality
C131: SI4 - Shade
C132: SI6 - Fowl
C133: SI7 - Fish
C134: SI8 - Ponds
C135: SI9 - Terr'l habitat
C136: SI10 - Macrophytes
C137: HSI | E137: =IF(AND(E127="",E128="",E129="",E130="",E131="",E132="",E133="",E134="",E135="",E136=""),"",POWER(PRODUCT(E127:E136),(1/COUNTIF(E127:E136,">0")))) | F137: =IF(AND(F127="",F128="",F129="",F130="",F131="",F132="",F133="",F134="",F135="",F136=""),"",POWER(PRODUCT(F127:F136),(1/COUNTIF(F127:F136,">0")))) | G137: =IF(AND(G127="",G128="",G129="",G130="",G131="",G132="",G133="",G134="",G135="",G136=""),"",POWER(PRODUCT(G127:G136),(1/COUNTIF(G127:G136,">0")))) | H137: =IF(AND(H127="",H128="",H129="",H130="",H131="",H132="",H133="",H134="",H135="",H136=""),"",POWER(PRODUCT(H127:H136),(1/COUNTIF(H127:H136,">0")))) | I137: =IF(AND(I127="",I128="",I129="",I130="",I131="",I132="",I133="",I134="",I135="",I136=""),"",POWER(PRODUCT(I127:I136),(1/COUNTIF(I127:I136,">0"))))
C139: Date HSI assessment undertaken
C140: Pond ref | E140: =IF($B$52="","",$B$52) | F140: =IF($B$53="","",$B$53) | G140: =IF($B$54="","",$B$54) | H140: =IF($B$55="","",$B$55) | I140: =IF($B$56="","",$B$56)
C141: SI1 - Location
C142: SI2 - Pond area
C143: SI3 - Pond drying
C144: SI4 - Water quality
C145: SI4 - Shade
C146: SI6 - Fowl
C147: SI7 - Fish
C148: SI8 - Ponds
C149: SI9 - Terr'l habitat
C150: SI10 - Macrophytes
C151: HSI | E151: =IF(AND(E141="",E142="",E143="",E144="",E145="",E146="",E147="",E148="",E149="",E150=""),"",POWER(PRODUCT(E141:E150),(1/COUNTIF(E141:E150,">0")))) | F151: =IF(AND(F141="",F142="",F143="",F144="",F145="",F146="",F147="",F148="",F149="",F150=""),"",POWER(PRODUCT(F141:F150),(1/COUNTIF(F141:F150,">0")))) | G151: =IF(AND(G141="",G142="",G143="",G144="",G145="",G146="",G147="",G148="",G149="",G150=""),"",POWER(PRODUCT(G141:G150),(1/COUNTIF(G141:G150,">0")))) | H151: =IF(AND(H141="",H142="",H143="",H144="",H145="",H146="",H147="",H148="",H149="",H150=""),"",POWER(PRODUCT(H141:H150),(1/COUNTIF(H141:H150,">0")))) | I151: =IF(AND(I141="",I142="",I143="",I144="",I145="",I146="",I147="",I148="",I149="",I150=""),"",POWER(PRODUCT(I141:I150),(1/COUNTIF(I141:I150,">0"))))
C152: Add more records here | E152: Additional records page
B154: Please comment and describe any constraints on HSI data if appropriate. If ponds did not under go a HSI assessment please also explain why:
B158: C4 Amphibian survey
B159: C4.1 Terrestrial amphibian survey
B160: Was a terrestrial survey undertaken?...................
B161: If no, proceed to next section.
B162: Objective of terrestrial survey:
B164: Which area was surveyed for terrestrial amphibians?
B166: Explain terrestrial survey area(s). Also mark on map, and give map reference here:
B186: Applicants must ensure they retain or have access to the records set out in the technical advice note, and used to support the licence application, for at least 12 months after the first licence return (dates for which will be set out in any licence granted).
B189: Fill in the boxes to show methods, timing, effort and results:
B190: Survey start date: | F190: Survey end date:
B192: Method: | D192: Refuge search | E192: Pitfall | G192: Night search | I192: Other**
B193: Effort (suitable days):
B194: No. of newts* found:
B195: Total newts: | D195: =SUM(D194:J194) -> 0
B197: Metamorphs and immatures as percentage of total catch:
B199: *for this section, "no. of newts" refers more accurately to "no. of newt observations", as individuals are not distinguished in typical surveys. If you have individual newt data, state below.
B202: Comments on results, e.g. ** if an ‘other’ method was used please explain what this was, favoured areas, migration route, juvenile dispersal route. Also mark observations and locations newts found on a map, and give map reference here:
B207: C4.2 Aquatic surveys for presence / absence using eDNA.
B208: A. Have you used eDNA to determine GCN presence?
B210: B. If yes, please confirm the following:
B211: i. The Defra technical advice note has been strictly followed -
B212: If no, the results will not be accepted.
B213: Applicants must ensure they retain or have access to the records set out in the technical advice note, and used to support the licence application, for at least 12 months after the first licence return (dates for which will be set out in any licence granted).
B217: ii. Natural England’s published timeframes for taking eDNA samples has been adhered to -
B219: If no, please explain why.
B240: iii. Confirm only licensed GCN surveyors, or suitably trained and competent Accredited Agents (see below table) have taken the eDNA samples to support this licence application. Provide their names and licence references below.
B244: Pond ref | C244: GCN Surveyor / Accredited Agent | H244: Licence Reference
B245: =IF(B47="","",B47)
B246: =IF(B48="","",B48)
B247: =IF(B49="","",B49)
B248: =IF(B50="","",B50)
B249: =IF(B51="","",B51)
B250: =IF(B52="","",B52)
B251: =IF(B53="","",B53)
...

Sheet C - Survey - Pond 1-10
B1: =+Ecologist&": "&+Site_name -> :
B2: C4.3 Aquatic amphibian survey (conventional methods) - GCN results - Pond 1
B3: Was an aquatic amphibian survey done? | G3: If no, proceed to next section.
B4: Total no. of ponds surveyed: | G4: If >10 ponds or >8 visits for a pond, provide further data… | N4: See additional Survey ponds 11-20 sheet
B5: Surveyor name(s):
B6: Important. Read before completing this section: Enter GCN survey data in relevant boxes in the table below (for Pond 1) and those on subsequent sheets (for up to 9 other ponds). Enter "0" where you did a survey and found no newts; leave box blank if no survey was done. This format is designed for a typical single season survey with typical methods and effort. Explain atypical methods/effort later. For multiple year surveys, give details in annex (convert data to this format if possible). Use these tables to provide details only for the most recent season's survey. Append older survey results in full. Automatic yellow highlight indicates possible detectability problem (see Evaluation & interpretation section, later).
B11: Pond reference (e.g. "Pond 1") - below | F11: Method: | G11: Torch | J11: Bottle-trap | M11: Net | P11: Egg search | Q11: Larvae
G12: Torch power: | J12: No. of traps used in pond: | P12: eggs found? | Q12: larvae found? (any method)
B13: No. of survey visits to this pond:
B14: Sex/life stage: | G14: Male | H14: Female | I14: Imm. | J14: Male | K14: Female | L14: Imm. | M14: Male | N14: Female | O14: Imm.
B15: (1) Date: | C15: Air temp | D15: Veg cover | E15: Turbidity | F15: =IF(OR(AND(NOT(ISBLANK($C16)),$C16<5),AND(NOT(ISBLANK($D16)),$D16>3),AND(NOT(ISBLANK($E16)),$E16>3)),"1","0") -> 0
F16: Adult totals: | G16: =G15+H15 -> 0 | J16: =J15+K15 -> 0 | M16: =M15+N15 -> 0
B17: (2) Date: | C17: Air temp | D17: Veg cover | E17: Turbidity | F17: =IF(OR(AND(NOT(ISBLANK($C18)),$C18<5),AND(NOT(ISBLANK($D18)),$D18>3),AND(NOT(ISBLANK($E18)),$E18>3)),"1","0") -> 0
F18: Adult totals: | G18: =G17+H17 -> 0 | J18: =J17+K17 -> 0 | M18: =M17+N17 -> 0
B19: (3) Date: | C19: Air temp | D19: Veg cover | E19: Turbidity | F19: =IF(OR(AND(NOT(ISBLANK($C20)),$C20<5),AND(NOT(ISBLANK($D20)),$D20>3),AND(NOT(ISBLANK($E20)),$E20>3)),"1","0") -> 0
F20: Adult totals: | G20: =G19+H19 -> 0 | J20: =J19+K19 -> 0 | M20: =M19+N19 -> 0
B21: (4) Date: | C21: Air temp | D21: Veg cover | E21: Turbidity | F21: =IF(OR(AND(NOT(ISBLANK($C22)),$C22<5),AND(NOT(ISBLANK($D22)),$D22>3),AND(NOT(ISBLANK($E22)),$E22>3)),"1","0") -> 0
F22: Adult totals: | G22: =G21+H21 -> 0 | J22: =J21+K21 -> 0 | M22: =M21+N21 -> 0
B23: (5) Date: | C23: Air temp | D23: Veg cover | E23: Turbidity | F23: =IF(OR(AND(NOT(ISBLANK($C24)),$C24<5),AND(NOT(ISBLANK($D24)),$D24>3),AND(NOT(ISBLANK($E24)),$E24>3)),"1","0") -> 0
F24: Adult totals: | G24: =G23+H23 -> 0 | J24: =J23+K23 -> 0 | M24: =M23+N23 -> 0
B25: (6) Date: | C25: Air temp | D25: Veg cover | E25: Turbidity | F25: =IF(OR(AND(NOT(ISBLANK($C26)),$C26<5),AND(NOT(ISBLANK($D26)),$D26>3),AND(NOT(ISBLANK($E26)),$E26>3)),"1","0") -> 0
F26: Adult totals: | G26: =G25+H25 -> 0 | J26: =J25+K25 -> 0 | M26: =M25+N25 -> 0
B27: (7) Date: | C27: Air temp | D27: Veg cover | E27: Turbidity | F27: =IF(OR(AND(NOT(ISBLANK($C28)),$C28<5),AND(NOT(ISBLANK($D28)),$D28>3),AND(NOT(ISBLANK($E28)),$E28>3)),"1","0") -> 0
F28: Adult totals: | G28: =G27+H27 -> 0 | J28: =J27+K27 -> 0 | M28: =M27+N27 -> 0
B29: (8) Date: | C29: Air temp | D29: Veg cover | E29: Turbidity | F29: =IF(OR(AND(NOT(ISBLANK($C30)),$C30<5),AND(NOT(ISBLANK($D30)),$D30>3),AND(NOT(ISBLANK($E30)),$E30>3)),"1","0") -> 0
F30: Adult totals: | G30: =G29+H29 -> 0 | J30: =J29+K29 -> 0 | M30: =M29+N29 -> 0
B31: Peak adult count for this pond in any one visit (by torch, trap or net): | J31: =MAX(G16,J16,M16,G18,J18,M18,G20,J20,M20,G22,J22,M22,G24,J24,M24,G26,J26,M26,G28,J28,M28,G30,J30,M30) -> 0
B32: Comments and constraints:
B33: Temp Veg Tur problem? | C33: =F15+F17+F19+F21+F23+F25+F27+F29 -> 0
B34: Torch power low? | C34: =IF(AND(NOT(ISBLANK(G13)),OR(G13="< 50,000 cp",G13="50,000 - 499,999 cp")),"1","0") -> 0
B35: Visit 1 overall det problem? | C35: =C33+C34 -> 0
B36: # ponds | C36: =$F$4 -> 0
B39: =+Ecologist&": "&+Site_name -> :
B40: C4.3 Aquatic amphibian survey (conventional methods)- GCN results (cont - Pond 2) | K40: NB: This page prints in landscape format
B44: Pond reference (e.g. Pond 2) | F44: Method: | G44: Torch | J44: Bottle-trap | M44: Net | P44: Egg search | Q44: Larvae
G45: Torch power: | J45: No. of traps used in pond: | P45: eggs found? | Q45: larvae found? (any method)
B46: No. of survey visits to this pond:
B47: Sex/life stage: | G47: Male | H47: Female | I47: Imm. | J47: Male | K47: Female | L47: Imm. | M47: Male | N47: Female | O47: Imm.
B48: (1) Date: | C48: Air temp | D48: Veg cover | E48: Turbidity | F48: =IF(OR(AND(NOT(ISBLANK($C49)),$C49<5),AND(NOT(ISBLANK($D49)),$D49>3),AND(NOT(ISBLANK($E49)),$E49>3)),"1","0") -> 0
F49: Adult totals: | G49: =G48+H48 -> 0 | J49: =J48+K48 -> 0 | M49: =M48+N48 -> 0
B50: (2) Date: | C50: Air temp | D50: Veg cover | E50: Turbidity | F50: =IF(OR(AND(NOT(ISBLANK($C51)),$C51<5),AND(NOT(ISBLANK($D51)),$D51>3),AND(NOT(ISBLANK($E51)),$E51>3)),"1","0") -> 0
F51: Adult totals: | G51: =G50+H50 -> 0 | J51: =J50+K50 -> 0 | M51: =M50+N50 -> 0
B52: (3) Date: | C52: Air temp | D52: Veg cover | E52: Turbidity | F52: =IF(OR(AND(NOT(ISBLANK($C53)),$C53<5),AND(NOT(ISBLANK($D53)),$D53>3),AND(NOT(ISBLANK($E53)),$E53>3)),"1","0") -> 0
F53: Adult totals: | G53: =G52+H52 -> 0 | J53: =J52+K52 -> 0 | M53: =M52+N52 -> 0
B54: (4) Date: | C54: Air temp | D54: Veg cover | E54: Turbidity | F54: =IF(OR(AND(NOT(ISBLANK($C55)),$C55<5),AND(NOT(ISBLANK($D55)),$D55>3),AND(NOT(ISBLANK($E55)),$E55>3)),"1","0") -> 0
F55: Adult totals: | G55: =G54+H54 -> 0 | J55: =J54+K54 -> 0 | M55: =M54+N54 -> 0
B56: (5) Date: | C56: Air temp | D56: Veg cover | E56: Turbidity | F56: =IF(OR(AND(NOT(ISBLANK($C57)),$C57<5),AND(NOT(ISBLANK($D57)),$D57>3),AND(NOT(ISBLANK($E57)),$E57>3)),"1","0") -> 0
F57: Adult totals: | G57: =G56+H56 -> 0 | J57: =J56+K56 -> 0 | M57: =M56+N56 -> 0
B58: (6) Date: | C58: Air temp | D58: Veg cover | E58: Turbidity | F58: =IF(OR(AND(NOT(ISBLANK($C59)),$C59<5),AND(NOT(ISBLANK($D59)),$D59>3),AND(NOT(ISBLANK($E59)),$E59>3)),"1","0") -> 0
F59: Adult totals: | G59: =G58+H58 -> 0 | J59: =J58+K58 -> 0 | M59: =M58+N58 -> 0
B60: (7) Date: | C60: Air temp | D60: Veg cover | E60: Turbidity | F60: =IF(OR(AND(NOT(ISBLANK($C61)),$C61<5),AND(NOT(ISBLANK($D61)),$D61>3),AND(NOT(ISBLANK($E61)),$E61>3)),"1","0") -> 0
F61: Adult totals: | G61: =G60+H60 -> 0 | J61: =J60+K60 -> 0 | M61: =M60+N60 -> 0
B62: (8) Date: | C62: Air temp | D62: Veg cover | E62: Turbidity | F62: =IF(OR(AND(NOT(ISBLANK($C63)),$C63<5),AND(NOT(ISBLANK($D63)),$D63>3),AND(NOT(ISBLANK($E63)),$E63>3)),"1","0") -> 0
F63: Adult totals: | G63: =G62+H62 -> 0 | J63: =J62+K62 -> 0 | M63: =M62+N62 -> 0
B64: Peak adult count for this pond in any one visit (by torch, trap or net): | J64: =MAX(G49,J49,M49,G51,J51,M51,G53,J53,M53,G55,J55,M55,G57,J57,M57,G59,J59,M59,G61,J61,M61,G63,J63,M63) -> 0
B65: Comments and constraints:
B66: Temp Veg Tur problem? | C66: =F48+F50+F52+F54+F56+F58+F60+F62 -> 0
B67: Torch power low? | C67: =IF(AND(NOT(ISBLANK(G46)),OR(G46="< 50,000 cp",G46="50,000 - 499,999 cp")),"1","0") -> 0
B68: Visit 1 overall det problem? | C68: =C66+C67 -> 0
B69: # ponds | C69: =$F$4 -> 0
B72: =+Ecologist&": "&+Site_name -> :
B73: C4.3 Aquatic amphibian survey (conventional methods) - GCN results (cont - Pond 3) | K73: NB: This page prints in landscape format
B77: Pond reference (e.g. Pond 3) | F77: Method: | G77: Torch | J77: Bottle-trap | M77: Net | P77: Egg search | Q77: Larvae
G78: Torch power: | J78: No. of traps used in pond: | P78: eggs found? | Q78: larvae found? (any method)
B79: No. of survey visits to this pond:
B80: Sex/life stage: | G80: Male | H80: Female | I80: Imm. | J80: Male | K80: Female | L80: Imm. | M80: Male | N80: Female | O80: Imm.
B81: (1) Date: | C81: Air temp | D81: Veg cover | E81: Turbidity | F81: =IF(OR(AND(NOT(ISBLANK($C82)),$C82<5),AND(NOT(ISBLANK($D82)),$D82>3),AND(NOT(ISBLANK($E82)),$E82>3)),"1","0") -> 0
F82: Adult totals: | G82: =G81+H81 -> 0 | J82: =J81+K81 -> 0 | M82: =M81+N81 -> 0
B83: (2) Date: | C83: Air temp | D83: Veg cover | E83: Turbidity | F83: =IF(OR(AND(NOT(ISBLANK($C84)),$C84<5),AND(NOT(ISBLANK($D84)),$D84>3),AND(NOT(ISBLANK($E84)),$E84>3)),"1","0") -> 0
F84: Adult totals: | G84: =G83+H83 -> 0 | J84: =J83+K83 -> 0 | M84: =M83+N83 -> 0
B85: (3) Date: | C85: Air temp | D85: Veg cover | E85: Turbidity | F85: =IF(OR(AND(NOT(ISBLANK($C86)),$C86<5),AND(NOT(ISBLANK($D86)),$D86>3),AND(NOT(ISBLANK($E86)),$E86>3)),"1","0") -> 0
F86: Adult totals: | G86: =G85+H85 -> 0 | J86: =J85+K85 -> 0 | M86: =M85+N85 -> 0
B87: (4) Date: | C87: Air temp | D87: Veg cover | E87: Turbidity | F87: =IF(OR(AND(NOT(ISBLANK($C88)),$C88<5),AND(NOT(ISBLANK($D88)),$D88>3),AND(NOT(ISBLANK($E88)),$E88>3)),"1","0") -> 0
F88: Adult totals: | G88: =G87+H87 -> 0 | J88: =J87+K87 -> 0 | M88: =M87+N87 -> 0
B89: (5) Date: | C89: Air temp | D89: Veg cover | E89: Turbidity | F89: =IF(OR(AND(NOT(ISBLANK($C90)),$C90<5),AND(NOT(ISBLANK($D90)),$D90>3),AND(NOT(ISBLANK($E90)),$E90>3)),"1","0") -> 0
F90: Adult totals: | G90: =G89+H89 -> 0 | J90: =J89+K89 -> 0 | M90: =M89+N89 -> 0
B91: (6) Date: | C91: Air temp | D91: Veg cover | E91: Turbidity | F91: =IF(OR(AND(NOT(ISBLANK($C92)),$C92<5),AND(NOT(ISBLANK($D92)),$D92>3),AND(NOT(ISBLANK($E92)),$E92>3)),"1","0") -> 0
F92: Adult totals: | G92: =G91+H91 -> 0 | J92: =J91+K91 -> 0 | M92: =M91+N91 -> 0
B93: (7) Date: | C93: Air temp | D93: Veg cover | E93: Turbidity | F93: =IF(OR(AND(NOT(ISBLANK($C94)),$C94<5),AND(NOT(ISBLANK($D94)),$D94>3),AND(NOT(ISBLANK($E94)),$E94>3)),"1","0") -> 0
F94: Adult totals: | G94: =G93+H93 -> 0 | J94: =J93+K93 -> 0 | M94: =M93+N93 -> 0
B95: (8) Date: | C95: Air temp | D95: Veg cover | E95: Turbidity | F95: =IF(OR(AND(NOT(ISBLANK($C96)),$C96<5),AND(NOT(ISBLANK($D96)),$D96>3),AND(NOT(ISBLANK($E96)),$E96>3)),"1","0") -> 0
F96: Adult totals: | G96: =G95+H95 -> 0 | J96: =J95+K95 -> 0 | M96: =M95+N95 -> 0
B97: Peak adult count for this pond in any one visit (by torch, trap or net): | J97: =MAX(G82,J82,M82,G84,J84,M84,G86,J86,M86,G88,J88,M88,G90,J90,M90,G92,J92,M92,G94,J94,M94,G96,J96,M96) -> 0
B98: Comments and constraints:
B99: Temp Veg Tur problem? | C99: =F81+F83+F85+F87+F89+F91+F93+F95 -> 0
B100: Torch power low? | C100: =IF(AND(NOT(ISBLANK(G79)),OR(G79="< 50,000 cp",G79="50,000 - 499,999 cp")),"1","0") -> 0
B101: Visit 1 overall det problem? | C101: =C99+C100 -> 0
B102: # ponds | C102: =$F$4 -> 0
B105: =+Ecologist&": "&+Site_name -> :
B106: C4.3 Aquatic amphibian survey (conventional methods) - GCN results (cont - Pond 4) | K106: NB: This page prints in landscape format
B110: Pond reference (e.g. Pond 4) | F110: Method: | G110: Torch | J110: Bottle-trap | M110: Net | P110: Egg search | Q110: Larvae
G111: Torch power: | J111: No. of traps used in pond: | P111: eggs found? | Q111: larvae found? (any method)
B112: No. of survey visits to this pond:
B113: Sex/life stage: | G113: Male | H113: Female | I113: Imm. | J113: Male | K113: Female | L113: Imm. | M113: Male | N113: Female | O113: Imm.
B114: (1) Date: | C114: Air temp | D114: Veg cover | E114: Turbidity | F114: =IF(OR(AND(NOT(ISBLANK($C115)),$C115<5),AND(NOT(ISBLANK($D115)),$D115>3),AND(NOT(ISBLANK($E115)),$E115>3)),"1","0") -> 0
F115: Adult totals: | G115: =G114+H114 -> 0 | J115: =J114+K114 -> 0 | M115: =M114+N114 -> 0
B116: (2) Date: | C116: Air temp | D116: Veg cover | E116: Turbidity | F116: =IF(OR(AND(NOT(ISBLANK($C117)),$C117<5),AND(NOT(ISBLANK($D117)),$D117>3),AND(NOT(ISBLANK($E117)),$E117>3)),"1","0") -> 0
F117: Adult totals: | G117: =G116+H116 -> 0 | J117: =J116+K116 -> 0 | M117: =M116+N116 -> 0
B118: (3) Date: | C118: Air temp | D118: Veg cover | E118: Turbidity | F118: =IF(OR(AND(NOT(ISBLANK($C119)),$C119<5),AND(NOT(ISBLANK($D119)),$D119>3),AND(NOT(ISBLANK($E119)),$E119>3)),"1","0") -> 0
F119: Adult totals: | G119: =G118+H118 -> 0 | J119: =J118+K118 -> 0 | M119: =M118+N118 -> 0
...

Sheet Form data (IGNORE)
A1: NB: DO NOT ADD TO OR MODIFY ANY DATA ON THIS WORKSHEET!
A2: This worksheet should not be submitted with licence applications | F2: Yes_no_na
E3: C4.1 | F3: Yes
A4: Current landuse | B4: Act/dev type | C4: Planning_status_current | D4: Pre-existing survey | E4: Terr_surv_obj | F4: No
A5: Built land (buildings, roads etc) | B5: Building (housing, factory etc) | C5: Full planning consent | D5: No pre-existing survey data | E5: Assess if great crested newts present in particular area | F5: N/A
A6: Post-industrial, brownfield | B6: Temporary linear (pipeline etc) | C6: Outline planning consent | D6: Pre-existing survey confirms great crested newt presence | E6: Assess great crested newt dispersal distances and/or direction
A7: Parkland, garden, allotments | B7: Permanent linear (road etc) | C7: Planning applic'n submitted, not yet determined | D7: Pre-existing survey indicates likely great crested newt presence
A8: Semi-natural - grassland | B8: Mineral extraction or landfill | C8: Complex planning situation (explain below) | D8: Pre-existing survey indicates great crested newts likely absent
A9: Semi-natural - woodland | B9: Amenity improvements | C9: Planning permission not required
A10: Semi-natural - scrub | B10: Improving existing structures (WWTW etc) | C10: Permitted development
A11: Semi-natural - other (state below) | B11: Ongoing activity (state below) | C11: Other status (state below)
A12: Farmland - arable | B12: Other (state below) | D12: Age of pre-existing survey | E12: Terr_surv_area
A13: Farmland - pasture | D13: Between 1 and 3 years | E13: Whole of development site
A14: Farmland - other (state below) | D14: Between 4 and 6 years | E14: Part(s) of development site (state below)
A15: Quarry, landfill | D15: Over 6 years | E15: Part(s) of development site + surrounds (state below)
A16: Mixed (state below) | E16: Area outside development site (state below)
A17: Other (state below) | E17: Along boundary(ies) of development site (state below)
A19: New_or_amend
A20: New method statement; not previously licensed
A21: Modification to existing licensed method statement
A22: Resubmission of application (not yet licensed)
A25: Local status | B25: Receptor site status | C25: Terr_surv_effort | E25: Mon_period
A26: Frequent - known or likely to occur at c. >5 ponds per square km | B26: Great crested newts absent/highly likely to be absent | C26: Method not used | E26: 2
A27: Occasional - known or likely to occur at c. 1-5 ponds per square km | B27: Great crested newts present; small population size class | C27: 1 day | E27: 4
A28: Rare or absent - likely to be absent locally, or c. <5 ponds within 10km | B28: Great crested newt present; medium population size class | C28: 2-10 days | E28: 6
A29: Unknown (if data is inadequate to allow one of the approximations above) | B29: Great crested newts present; large population size class | C29: 11-30 days | E29: 10
B30: Great crested newts present; abundance unknown | C30: 31-60 days | D30: Additional_cap_effort | E30: 50
A31: Survey objective | B31: Unknown | C31: 61-100 days | D31: 0 | E31: Other
A32: To confirm presence of great crested newts in a specified area | C32: >100 days | D32: 5
A33: To assess population size class of great crested newts in specified pond(s) | D33: 10
B34: Yes_no | C34: Terr_prop_juv | D34: 15
B35: Yes | C35: <25% | D35: 20
B36: No | C36: 25-75% | D36: 30
C37: >75% | D37: 40
D38: 50
B39: E5.2 | D39: 60
B40: Mon_survey_type | C40: Pond_surv_other_spp_results | D40: 80
B41: Presence/absence (up to 4 visits) + habitat assessment | C41: Not found | D41: 100
B42: Population size class (6 visits) + habitat assessment | C42: 1-10 adults; no eggs or larvae
B43: eDNA + habitat assessment | C43: 1-10 adults + eggs and/or larvae
B44: Other (state below) | C44: 11-100 adults; no eggs or larvae
C45: 11-100 adults + eggs and/or larvae
C46: >100 adults; no eggs or larvae
A47: Terr_survey_other_spp | B47: Torch_power | C47: >100 adults + eggs and/or larvae
A48: Not found | B48: < 50,000 cp | C48: No adults; eggs or larvae only
A49: 1-10 individuals; includes metamorphs or immatures | B49: 50,000 - 499,999 cp
A50: 1-10 individuals; adults only | B50: 500,000 - 999,999 cp
A51: 11-100 individuals; includes metamorphs or immatures | B51: >= 1,000,000 cp
A52: 11-100 individuals; adults only | B52: Don't know / varies
A53: >100 individuals; includes metamorphs or immatures
A54: >100 individuals; adults only
B55: No_bottles
A56: Pond_surv_no_visits_per_pond | B56: 1-10 traps
A57: 1 | B57: 11-50 traps
A58: 2 | B58: >50 traps
A59: 3 | B59: varies
A60: 4
A61: 5
A62: 6
A63: 7
A64: 8
A65: >8
A66: varies
A68: Pond_effect | B68: Pond_effect_score | C68: Terr_hab_50m_effect [old; not used] | D68: Terr_hab<100m_effect_score [old; not used] | E68: terr_hab_50250_effect [old; not used] | F68: Terr_hab100-250m_effect_score [old; not used]
A69: Destruction | B69: 0.9 | C69: Major damage | D69: 0.9 | E69: Complete destrn or dmg | F69: 0.18
A70: Damage | B70: 0.5 | C70: Moderate damage | D70: 0.7 | E70: Moderate destrn or dmg | F70: 0.14
A71: Temporary loss | B71: 0.1 | C71: Minor damage | D71: 0.5 | E71: Minor destrn or dmg (<0.5ha) | F71: 0.1
A72: No effect | B72: 0.0001 | C72: Temporary impact only | D72: 0.2 | E72: Other: major impact | F72: 0.04
C73: Positive effect | D73: 0.025 | E73: Other: medium impact | F73: 0.005
C74: No effect | D74: 0.5 | E74: Other: minor impact | F74: 0.1
A75: Presence_Absence | D75: 0.25 | E75: No effect | F75: 0.05
A76: Present | D76: 0.1 | F76: 0.02
A77: Absent | D77: 0.9 | F77: 0.18
A78: N/A | D78: 0.5 | F78: 0.1
D79: 0.1 | F79: 0.02
D80: 0.0001 | F80: 0.0001
E82: Terrestrial habitat >250m effect [old; not used] | F82: Terr_hab>250m_effect_score [old; not used]
A83: Interf_other_effects | B83: Inter & other eff score | D83: Impact_table_options [for 5.1] | E83: Complete destrn or dmg | F83: 0.045
A84: Major -ve effect | B84: 0.9 | D84: Major -ve effect | E84: Moderate destrn or dmg | F84: 0.035
A85: Moderate -ve effect | B85: 0.5 | D85: Moderate -ve effect | E85: Minor destrn or dmg (<5ha) | F85: 0.025
A86: Minor -ve effect | B86: 0.1 | D86: Minor -ve effect | E86: Other: major impact | F86: 0.01
A87: Positive effect | B87: 0.0001 | D87: Temporary -ve effect | E87: Other: medium impact | F87: 0.00125
A88: No effect | B88: 0.8 | D88: Positive effect | E88: Other: minor impact | F88: 0.025
B89: 0.5 | D89: No effect | E89: No effect | F89: 0.0125
B90: 0.1 | F90: 0.005
F91: 0.045
A92: IA_HSI_peak | B92: HSI-pk_count_score | C92: trap_effort_away_pond | F92: 0.025
A93: Presence confirmed only | B93: 0.2 | C93: 25 | F93: 0.005
A94: HSI <0.5 ("poor") | B94: 0.1 | C94: 30 | F94: 0.0001
A95: HSI 0.5-0.59 ("below average") | B95: 0.2 | C95: 60
A96: HSI 0.6-0.69 ("average") | B96: 0.5 | C96: 90
A97: HSI 0.7-0.79 ("good") | B97: 0.7
A98: HSI >0.8 ("excellent") | B98: 0.9
A99: Peak count 1-10 | B99: 0.1
A100: Peak count 11-100 | B100: 0.5
A101: Peak count >100 | B101: 0.9
A103: Frag_effect | B103: Frag_effect_score
A104: Major fragmentation | B104: 0.9
A105: Medium fragmentation | B105: 0.5
A106: Minor fragmentation | B106: 0.1
...

Sheet C - Survey summary
B1: =+Ecologist&": "&+Site_name -> :
B2: C5 Interpretation and evaluation
B4: Summary of presence, peak count, population size class and habitat quality
B5: Enter whether GCNs (any life stage) were detected for each pond, and HSI score for each pond subject to adverse impacts (see guidance in instructions). The other fields (in blue) should be generated automatically based on data you have entered in previous sheets. | L5: Please note that the table below is not printable. It is included as a guide only for the Peak total site count calculation**.
B8: Pond ref | D8: Gt. crested newts detected? | E8: Peak adult count | F8: Pop size class | G8: HSI | H8: Low detect-ability warning* | I8: Peak count visit number | J8: Eggs | M8: Pond 1 | N8: Pond 2 | O8: Pond 3 | P8: Pond 4 | Q8: Pond 5 | R8: Pond 6 | S8: Pond 7 | T8: Pond 8 | U8: Pond 9 | V8: Pond 10 | W8: Pond 11 | X8: Pond 12 | Y8: Pond 13 | Z8: Pond 14 | AA8: Pond 15 | AB8: Pond 16 | AC8: Pond 17 | AD8: Pond 18 | AE8: Pond 19 | AF8: Pond 20 | AG8: Pond 21 | AH8: Pond 22 | AI8: Pond 23 | AJ8: Pond 24 | AK8: Pond 25 | AL8: Pond 26 | AM8: Pond 27 | AN8: Pond 28 | AO8: Pond 29 | AP8: Pond 30 | AQ8: Pond 31 | AR8: Pond 32 | AS8: Pond 33 | AT8: Pond 34 | AU8: Pond 35 | AV8: Pond 36 | AW8: Pond 37 | AX8: Pond 38 | AY8: Pond 39 | AZ8: Pond 40 | BA8: Visit total
L10: Visit 1 | M10: =MAX('C - Survey - Pond 1-10'!G16:M16) -> 0 | N10: =MAX('C - Survey - Pond 1-10'!G49:M49) -> 0 | O10: =MAX('C - Survey - Pond 1-10'!G82:M82) -> 0 | P10: =MAX('C - Survey - Pond 1-10'!G115:M115) -> 0 | Q10: =MAX('C - Survey - Pond 1-10'!G148:M148) -> 0 | R10: =MAX('C - Survey - Pond 1-10'!G181:M181) -> 0 | S10: =MAX('C - Survey - Pond 1-10'!G214:M214) -> 0 | T10: =MAX('C - Survey - Pond 1-10'!G247:M247) -> 0 | U10: =MAX('C - Survey - Pond 1-10'!G280:M280) -> 0 | V10: =MAX('C - Survey - Pond 1-10'!G313:M313) -> 0 | W10: ='C - Survey - Pond 11-20'!U10 -> 0 | X10: ='C - Survey - Pond 11-20'!V10 -> 0 | Y10: ='C - Survey - Pond 11-20'!W10 -> 0 | Z10: ='C - Survey - Pond 11-20'!X10 -> 0 | AA10: ='C - Survey - Pond 11-20'!Y10 -> 0 | AB10: ='C - Survey - Pond 11-20'!Z10 -> 0 | AC10: ='C - Survey - Pond 11-20'!AA10 -> 0 | AD10: ='C - Survey - Pond 11-20'!AB10 -> 0 | ... AF10: ='C - Survey - Pond 11-20'!AD10 -> 0 | AG10: ='C - Survey - Pond 21-30'!U10 -> 0 | AH10: ='C - Survey - Pond 21-30'!V10 -> 0 | AI10: ='C - Survey - Pond 21-30'!W10 -> 0 | AJ10: ='C - Survey - Pond 21-30'!X10 -> 0 | AK10: ='C - Survey - Pond 21-30'!Y10 -> 0 | AL10: ='C - Survey - Pond 21-30'!Z10 -> 0 | AM10: ='C - Survey - Pond 21-30'!AA10 -> 0 | AN10: ='C - Survey - Pond 21-30'!AB10 -> 0 | ... AP10: ='C - Survey - Pond 21-30'!AD10 -> 0 | AQ10: ='C - Survey - Pond 31-40'!U10 -> 0 | AR10: ='C - Survey - Pond 31-40'!V10 -> 0 | AS10: ='C - Survey - Pond 31-40'!W10 -> 0 | AT10: ='C - Survey - Pond 31-40'!X10 -> 0 | AU10: ='C - Survey - Pond 31-40'!Y10 -> 0 | AV10: ='C - Survey - Pond 31-40'!Z10 -> 0 | AW10: ='C - Survey - Pond 31-40'!AA10 -> 0 | AX10: ='C - Survey - Pond 31-40'!AB10 -> 0 | ... AZ10: ='C - Survey - Pond 31-40'!AD10 -> 0 | BA10: =SUM(M10:AZ10) -> 0
B11: ='C - Survey - Pond 1-10'!B12 -> 0 | E11: ='C - Survey - Pond 1-10'!J31 -> 0 | F11: =IF(E11="","",IF(E11=0,"",IF(E11<=10,"Small",IF(AND(E11>10,E11<=100),"Medium",IF(E11>100,"Large"))))) | G11: ='C - Survey Info'!E$137 | H11: =IF('C - Survey - Pond 1-10'!C35>0,"Caution","") | I11: =IF(E11=0,"",M18) | J11: =IF(OR('C - Survey - Pond 1-10'!P15="Yes",'C - Survey - Pond 1-10'!P17="Yes",'C - Survey - Pond 1-10'!P19="Yes",'C - Survey - Pond 1-10'!P21="Yes",'C - Survey - Pond 1-10'!P23="Yes",'C - Survey - Pond 1-10'!P25="Yes",'C - Survey - Pond 1-10'!P27="Yes",'C - Survey - Pond 1-10'!P29="Yes"),"Yes",IF(OR('C - Survey - Pond 1-10'!P15="No",'C - Survey - Pond 1-10'!P17="No",'C - Survey - Pond 1-10'!P19="No",'C - Survey - Pond 1-10'!P21="No",'C - Survey - Pond 1-10'!P23="No",'C - Survey - Pond 1-10'!P25="No",'C - Survey - Pond 1-10'!P27="No",'C - Survey - Pond 1-10'!P29="No"),"No","")) | L11: Visit 2 | M11: =MAX('C - Survey - Pond 1-10'!G18:M18) -> 0 | N11: =MAX('C - Survey - Pond 1-10'!G51:M51) -> 0 | O11: =MAX('C - Survey - Pond 1-10'!G84:M84) -> 0 | P11: =MAX('C - Survey - Pond 1-10'!G117:M117) -> 0 | Q11: =MAX('C - Survey - Pond 1-10'!G150:M150) -> 0 | R11: =MAX('C - Survey - Pond 1-10'!G183:M183) -> 0 | S11: =MAX('C - Survey - Pond 1-10'!G216:M216) -> 0 | T11: =MAX('C - Survey - Pond 1-10'!G249:M249) -> 0 | U11: =MAX('C - Survey - Pond 1-10'!G282:M282) -> 0 | V11: =MAX('C - Survey - Pond 1-10'!G315:M315) -> 0 | W11: ='C - Survey - Pond 11-20'!U11 -> 0 | X11: ='C - Survey - Pond 11-20'!V11 -> 0 | Y11: ='C - Survey - Pond 11-20'!W11 -> 0 | Z11: ='C - Survey - Pond 11-20'!X11 -> 0 | AA11: ='C - Survey - Pond 11-20'!Y11 -> 0 | AB11: ='C - Survey - Pond 11-20'!Z11 -> 0 | AC11: ='C - Survey - Pond 11-20'!AA11 -> 0 | AD11: ='C - Survey - Pond 11-20'!AB11 -> 0 | ... AF11: ='C - Survey - Pond 11-20'!AD11 -> 0 | AG11: ='C - Survey - Pond 21-30'!U11 -> 0 | AH11: ='C - Survey - Pond 21-30'!V11 -> 0 | AI11: ='C - Survey - Pond 21-30'!W11 -> 0 | AJ11: ='C - Survey - Pond 21-30'!X11 -> 0 | AK11: ='C - Survey - Pond 21-30'!Y11 -> 0 | AL11: ='C - Survey - Pond 21-30'!Z11 -> 0 | AM11: ='C - Survey - Pond 21-30'!AA11 -> 0 | AN11: ='C - Survey - Pond 21-30'!AB11 -> 0 | ... AP11: ='C - Survey - Pond 21-30'!AD11 -> 0 | AQ11: ='C - Survey - Pond 31-40'!U11 -> 0 | AR11: ='C - Survey - Pond 31-40'!V11 -> 0 | AS11: ='C - Survey - Pond 31-40'!W11 -> 0 | AT11: ='C - Survey - Pond 31-40'!X11 -> 0 | AU11: ='C - Survey - Pond 31-40'!Y11 -> 0 | AV11: ='C - Survey - Pond 31-40'!Z11 -> 0 | AW11: ='C - Survey - Pond 31-40'!AA11 -> 0 | AX11: ='C - Survey - Pond 31-40'!AB11 -> 0 | ... AZ11: ='C - Survey - Pond 31-40'!AD11 -> 0 | BA11: =SUM(M11:AZ11) -> 0
B12: ='C - Survey - Pond 1-10'!B45 -> 0 | E12: ='C - Survey - Pond 1-10'!J64 -> 0 | F12: =IF(E12="","",IF(E12=0,"",IF(E12<=10,"Small",IF(AND(E12>10,E12<=100),"Medium",IF(E12>100,"Large"))))) | G12: ='C - Survey Info'!F$137 | H12: =IF('C - Survey - Pond 1-10'!C68>0,"Caution","") | I12: =IF(E12=0,"",N18) | J12: =IF(OR('C - Survey - Pond 1-10'!P48="Yes",'C - Survey - Pond 1-10'!P50="Yes",'C - Survey - Pond 1-10'!P52="Yes",'C - Survey - Pond 1-10'!P54="Yes",'C - Survey - Pond 1-10'!P56="Yes",'C - Survey - Pond 1-10'!P58="Yes",'C - Survey - Pond 1-10'!P60="Yes",'C - Survey - Pond 1-10'!P62="Yes"),"Yes",IF(OR('C - Survey - Pond 1-10'!P48="No",'C - Survey - Pond 1-10'!P50="No",'C - Survey - Pond 1-10'!P52="No",'C - Survey - Pond 1-10'!P54="No",'C - Survey - Pond 1-10'!P56="No",'C - Survey - Pond 1-10'!P58="No",'C - Survey - Pond 1-10'!P60="No",'C - Survey - Pond 1-10'!P62="No"),"No","")) | L12: Visit 3 | M12: =MAX('C - Survey - Pond 1-10'!G20:M20) -> 0 | N12: =MAX('C - Survey - Pond 1-10'!G53:M53) -> 0 | O12: =MAX('C - Survey - Pond 1-10'!G86:M86) -> 0 | P12: =MAX('C - Survey - Pond 1-10'!G119:M119) -> 0 | Q12: =MAX('C - Survey - Pond 1-10'!G152:M152) -> 0 | R12: =MAX('C - Survey - Pond 1-10'!G185:M185) -> 0 | S12: =MAX('C - Survey - Pond 1-10'!G218:M218) -> 0 | T12: =MAX('C - Survey - Pond 1-10'!G251:M251) -> 0 | U12: =MAX('C - Survey - Pond 1-10'!G284:M284) -> 0 | V12: =MAX('C - Survey - Pond 1-10'!G317:M317) -> 0 | W12: ='C - Survey - Pond 11-20'!U12 -> 0 | X12: ='C - Survey - Pond 11-20'!V12 -> 0 | Y12: ='C - Survey - Pond 11-20'!W12 -> 0 | Z12: ='C - Survey - Pond 11-20'!X12 -> 0 | AA12: ='C - Survey - Pond 11-20'!Y12 -> 0 | AB12: ='C - Survey - Pond 11-20'!Z12 -> 0 | AC12: ='C - Survey - Pond 11-20'!AA12 -> 0 | AD12: ='C - Survey - Pond 11-20'!AB12 -> 0 | ... AF12: ='C - Survey - Pond 11-20'!AD12 -> 0 | AG12: ='C - Survey - Pond 21-30'!U12 -> 0 | AH12: ='C - Survey - Pond 21-30'!V12 -> 0 | AI12: ='C - Survey - Pond 21-30'!W12 -> 0 | AJ12: ='C - Survey - Pond 21-30'!X12 -> 0 | AK12: ='C - Survey - Pond 21-30'!Y12 -> 0 | AL12: ='C - Survey - Pond 21-30'!Z12 -> 0 | AM12: ='C - Survey - Pond 21-30'!AA12 -> 0 | AN12: ='C - Survey - Pond 21-30'!AB12 -> 0 | ... AP12: ='C - Survey - Pond 21-30'!AD12 -> 0 | AQ12: ='C - Survey - Pond 31-40'!U12 -> 0 | AR12: ='C - Survey - Pond 31-40'!V12 -> 0 | AS12: ='C - Survey - Pond 31-40'!W12 -> 0 | AT12: ='C - Survey - Pond 31-40'!X12 -> 0 | AU12: ='C - Survey - Pond 31-40'!Y12 -> 0 | AV12: ='C - Survey - Pond 31-40'!Z12 -> 0 | AW12: ='C - Survey - Pond 31-40'!AA12 -> 0 | AX12: ='C - Survey - Pond 31-40'!AB12 -> 0 | ... AZ12: ='C - Survey - Pond 31-40'!AD12 -> 0 | BA12: =SUM(M12:AZ12) -> 0
B13: ='C - Survey - Pond 1-10'!B78 -> 0 | E13: ='C - Survey - Pond 1-10'!J97 -> 0 | F13: =IF(E13="","",IF(E13=0,"",IF(E13<=10,"Small",IF(AND(E13>10,E13<=100),"Medium",IF(E13>100,"Large"))))) | G13: ='C - Survey Info'!G$137 | H13: =IF('C - Survey - Pond 1-10'!C101>0,"Caution","") | I13: =IF(E13=0,"",O18) | J13: =IF(OR('C - Survey - Pond 1-10'!P81="Yes",'C - Survey - Pond 1-10'!P83="Yes",'C - Survey - Pond 1-10'!P85="Yes",'C - Survey - Pond 1-10'!P87="Yes",'C - Survey - Pond 1-10'!P89="Yes",'C - Survey - Pond 1-10'!P91="Yes",'C - Survey - Pond 1-10'!P93="Yes",'C - Survey - Pond 1-10'!P95="Yes"),"Yes",IF(OR('C - Survey - Pond 1-10'!P81="No",'C - Survey - Pond 1-10'!P83="No",'C - Survey - Pond 1-10'!P85="No",'C - Survey - Pond 1-10'!P87="No",'C - Survey - Pond 1-10'!P89="No",'C - Survey - Pond 1-10'!P91="No",'C - Survey - Pond 1-10'!P93="No",'C - Survey - Pond 1-10'!P95="No"),"No","")) | L13: Visit 4 | M13: =MAX('C - Survey - Pond 1-10'!G22:M22) -> 0 | N13: =MAX('C - Survey - Pond 1-10'!G55:M55) -> 0 | O13: =MAX('C - Survey - Pond 1-10'!G88:M88) -> 0 | P13: =MAX('C - Survey - Pond 1-10'!G121:M121) -> 0 | Q13: =MAX('C - Survey - Pond 1-10'!G154:M154) -> 0 | R13: =MAX('C - Survey - Pond 1-10'!G187:M187) -> 0 | S13: =MAX('C - Survey - Pond 1-10'!G220:M220) -> 0 | T13: =MAX('C - Survey - Pond 1-10'!G253:M253) -> 0 | U13: =MAX('C - Survey - Pond 1-10'!G286:M286) -> 0 | V13: =MAX('C - Survey - Pond 1-10'!G319:M319) -> 0 | W13: ='C - Survey - Pond 11-20'!U13 -> 0 | X13: ='C - Survey - Pond 11-20'!V13 -> 0 | Y13: ='C - Survey - Pond 11-20'!W13 -> 0 | Z13: ='C - Survey - Pond 11-20'!X13 -> 0 | AA13: ='C - Survey - Pond 11-20'!Y13 -> 0 | AB13: ='C - Survey - Pond 11-20'!Z13 -> 0 | AC13: ='C - Survey - Pond 11-20'!AA13 -> 0 | AD13: ='C - Survey - Pond 11-20'!AB13 -> 0 | ... AF13: ='C - Survey - Pond 11-20'!AD13 -> 0 | AG13: ='C - Survey - Pond 21-30'!U13 -> 0 | AH13: ='C - Survey - Pond 21-30'!V13 -> 0 | AI13: ='C - Survey - Pond 21-30'!W13 -> 0 | AJ13: ='C - Survey - Pond 21-30'!X13 -> 0 | AK13: ='C - Survey - Pond 21-30'!Y13 -> 0 | AL13: ='C - Survey - Pond 21-30'!Z13 -> 0 | AM13: ='C - Survey - Pond 21-30'!AA13 -> 0 | AN13: ='C - Survey - Pond 21-30'!AB13 -> 0 | ... AP13: ='C - Survey - Pond 21-30'!AD13 -> 0 | AQ13: ='C - Survey - Pond 31-40'!U13 -> 0 | AR13: ='C - Survey - Pond 31-40'!V13 -> 0 | AS13: ='C - Survey - Pond 31-40'!W13 -> 0 | AT13: ='C - Survey - Pond 31-40'!X13 -> 0 | AU13: ='C - Survey - Pond 31-40'!Y13 -> 0 | AV13: ='C - Survey - Pond 31-40'!Z13 -> 0 | AW13: ='C - Survey - Pond 31-40'!AA13 -> 0 | AX13: ='C - Survey - Pond 31-40'!AB13 -> 0 | ... AZ13: ='C - Survey - Pond 31-40'!AD13 -> 0 | BA13: =SUM(M13:AZ13) -> 0
B14: ='C - Survey - Pond 1-10'!B111 -> 0 | E14: ='C - Survey - Pond 1-10'!J130 -> 0 | F14: =IF(E14="","",IF(E14=0,"",IF(E14<=10,"Small",IF(AND(E14>10,E14<=100),"Medium",IF(E14>100,"Large"))))) | G14: ='C - Survey Info'!H$137 | H14: =IF('C - Survey - Pond 1-10'!C134>0,"Caution","") | I14: =IF(E14=0,"",P18) | J14: =IF(OR('C - Survey - Pond 1-10'!P114="Yes",'C - Survey - Pond 1-10'!P116="Yes",'C - Survey - Pond 1-10'!P118="Yes",'C - Survey - Pond 1-10'!P120="Yes",'C - Survey - Pond 1-10'!P122="Yes",'C - Survey - Pond 1-10'!P124="Yes",'C - Survey - Pond 1-10'!P126="Yes",'C - Survey - Pond 1-10'!P128="Yes"),"Yes",IF(OR('C - Survey - Pond 1-10'!P114="No",'C - Survey - Pond 1-10'!P116="No",'C - Survey - Pond 1-10'!P118="No",'C - Survey - Pond 1-10'!P120="No",'C - Survey - Pond 1-10'!P122="No",'C - Survey - Pond 1-10'!P124="No",'C - Survey - Pond 1-10'!P126="No",'C - Survey - Pond 1-10'!P128="No"),"No","")) | L14: Visit 5 | M14: =MAX('C - Survey - Pond 1-10'!G24:M24) -> 0 | N14: =MAX('C - Survey - Pond 1-10'!G57:M57) -> 0 | O14: =MAX('C - Survey - Pond 1-10'!G90:M90) -> 0 | P14: =MAX('C - Survey - Pond 1-10'!G123:M123) -> 0 | Q14: =MAX('C - Survey - Pond 1-10'!G156:M156) -> 0 | R14: =MAX('C - Survey - Pond 1-10'!G189:M189) -> 0 | S14: =MAX('C - Survey - Pond 1-10'!G222:M222) -> 0 | T14: =MAX('C - Survey - Pond 1-10'!G255:M255) -> 0 | U14: =MAX('C - Survey - Pond 1-10'!G288:M288) -> 0 | V14: =MAX('C - Survey - Pond 1-10'!G321:M321) -> 0 | W14: ='C - Survey - Pond 11-20'!U14 -> 0 | X14: ='C - Survey - Pond 11-20'!V14 -> 0 | Y14: ='C - Survey - Pond 11-20'!W14 -> 0 | Z14: ='C - Survey - Pond 11-20'!X14 -> 0 | AA14: ='C - Survey - Pond 11-20'!Y14 -> 0 | AB14: ='C - Survey - Pond 11-20'!Z14 -> 0 | AC14: ='C - Survey - Pond 11-20'!AA14 -> 0 | AD14: ='C - Survey - Pond 11-20'!AB14 -> 0 | ... AF14: ='C - Survey - Pond 11-20'!AD14 -> 0 | AG14: ='C - Survey - Pond 21-30'!U14 -> 0 | AH14: ='C - Survey - Pond 21-30'!V14 -> 0 | AI14: ='C - Survey - Pond 21-30'!W14 -> 0 | AJ14: ='C - Survey - Pond 21-30'!X14 -> 0 | AK14: ='C - Survey - Pond 21-30'!Y14 -> 0 | AL14: ='C - Survey - Pond 21-30'!Z14 -> 0 | AM14: ='C - Survey - Pond 21-30'!AA14 -> 0 | AN14: ='C - Survey - Pond 21-30'!AB14 -> 0 | ... AP14: ='C - Survey - Pond 21-30'!AD14 -> 0 | AQ14: ='C - Survey - Pond 31-40'!U14 -> 0 | AR14: ='C - Survey - Pond 31-40'!V14 -> 0 | AS14: ='C - Survey - Pond 31-40'!W14 -> 0 | AT14: ='C - Survey - Pond 31-40'!X14 -> 0 | AU14: ='C - Survey - Pond 31-40'!Y14 -> 0 | AV14: ='C - Survey - Pond 31-40'!Z14 -> 0 | AW14: ='C - Survey - Pond 31-40'!AA14 -> 0 | AX14: ='C - Survey - Pond 31-40'!AB14 -> 0 | ... AZ14: ='C - Survey - Pond 31-40'!AD14 -> 0 | BA14: =SUM(M14:AZ14) -> 0
B15: ='C - Survey - Pond 1-10'!B144 -> 0 | E15: ='C - Survey - Pond 1-10'!J163 -> 0 | F15: =IF(E15="","",IF(E15=0,"",IF(E15<=10,"Small",IF(AND(E15>10,E15<=100),"Medium",IF(E15>100,"Large"))))) | G15: ='C - Survey Info'!I$137 | H15: =IF('C - Survey - Pond 1-10'!C167>0,"Caution","") | I15: =IF(E15=0,"",Q18) | J15: =IF(OR('C - Survey - Pond 1-10'!P147="Yes",'C - Survey - Pond 1-10'!P149="Yes",'C - Survey - Pond 1-10'!P151="Yes",'C - Survey - Pond 1-10'!P153="Yes",'C - Survey - Pond 1-10'!P155="Yes",'C - Survey - Pond 1-10'!P157="Yes",'C - Survey - Pond 1-10'!P159="Yes",'C - Survey - Pond 1-10'!P161="Yes"),"Yes",IF(OR('C - Survey - Pond 1-10'!P147="No",'C - Survey - Pond 1-10'!P149="No",'C - Survey - Pond 1-10'!P151="No",'C - Survey - Pond 1-10'!P153="No",'C - Survey - Pond 1-10'!P155="No",'C - Survey - Pond 1-10'!P157="No",'C - Survey - Pond 1-10'!P159="No",'C - Survey - Pond 1-10'!P161="No"),"No","")) | L15: Visit 6 | M15: =MAX('C - Survey - Pond 1-10'!G26:M26) -> 0 | N15: =MAX('C - Survey - Pond 1-10'!G59:M59) -> 0 | O15: =MAX('C - Survey - Pond 1-10'!G92:M92) -> 0 | P15: =MAX('C - Survey - Pond 1-10'!G125:M125) -> 0 | Q15: =MAX('C - Survey - Pond 1-10'!G158:M158) -> 0 | R15: =MAX('C - Survey - Pond 1-10'!G191:M191) -> 0 | S15: =MAX('C - Survey - Pond 1-10'!G224:M224) -> 0 | T15: =MAX('C - Survey - Pond 1-10'!G257:M257) -> 0 | U15: =MAX('C - Survey - Pond 1-10'!G290:M290) -> 0 | V15: =MAX('C - Survey - Pond 1-10'!G323:M323) -> 0 | W15: ='C - Survey - Pond 11-20'!U15 -> 0 | X15: ='C - Survey - Pond 11-20'!V15 -> 0 | Y15: ='C - Survey - Pond 11-20'!W15 -> 0 | Z15: ='C - Survey - Pond 11-20'!X15 -> 0 | AA15: ='C - Survey - Pond 11-20'!Y15 -> 0 | AB15: ='C - Survey - Pond 11-20'!Z15 -> 0 | AC15: ='C - Survey - Pond 11-20'!AA15 -> 0 | AD15: ='C - Survey - Pond 11-20'!AB15 -> 0 | ... AF15: ='C - Survey - Pond 11-20'!AD15 -> 0 | AG15: ='C - Survey - Pond 21-30'!U15 -> 0 | AH15: ='C - Survey - Pond 21-30'!V15 -> 0 | AI15: ='C - Survey - Pond 21-30'!W15 -> 0 | AJ15: ='C - Survey - Pond 21-30'!X15 -> 0 | AK15: ='C - Survey - Pond 21-30'!Y15 -> 0 | AL15: ='C - Survey - Pond 21-30'!Z15 -> 0 | AM15: ='C - Survey - Pond 21-30'!AA15 -> 0 | AN15: ='C - Survey - Pond 21-30'!AB15 -> 0 | ... AP15: ='C - Survey - Pond 21-30'!AD15 -> 0 | AQ15: ='C - Survey - Pond 31-40'!U15 -> 0 | AR15: ='C - Survey - Pond 31-40'!V15 -> 0 | AS15: ='C - Survey - Pond 31-40'!W15 -> 0 | AT15: ='C - Survey - Pond 31-40'!X15 -> 0 | AU15: ='C - Survey - Pond 31-40'!Y15 -> 0 | AV15: ='C - Survey - Pond 31-40'!Z15 -> 0 | AW15: ='C - Survey - Pond 31-40'!AA15 -> 0 | AX15: ='C - Survey - Pond 31-40'!AB15 -> 0 | ... AZ15: ='C - Survey - Pond 31-40'!AD15 -> 0 | BA15: =SUM(M15:AZ15) -> 0
B16: ='C - Survey - Pond 1-10'!B177 -> 0 | E16: ='C - Survey - Pond 1-10'!J196 -> 0 | F16: =IF(E16="","",IF(E16=0,"",IF(E16<=10,"Small",IF(AND(E16>10,E16<=100),"Medium",IF(E16>100,"Large"))))) | G16: ='C - Survey Info'!E$151 | H16: =IF('C - Survey - Pond 1-10'!C200>0,"Caution","") | I16: =IF(E16=0,"",R18) | J16: =IF(OR('C - Survey - Pond 1-10'!P180="Yes",'C - Survey - Pond 1-10'!P182="Yes",'C - Survey - Pond 1-10'!P184="Yes",'C - Survey - Pond 1-10'!P186="Yes",'C - Survey - Pond 1-10'!P188="Yes",'C - Survey - Pond 1-10'!P190="Yes",'C - Survey - Pond 1-10'!P192="Yes",'C - Survey - Pond 1-10'!P194="Yes"),"Yes",IF(OR('C - Survey - Pond 1-10'!P180="No",'C - Survey - Pond 1-10'!P182="No",'C - Survey - Pond 1-10'!P184="No",'C - Survey - Pond 1-10'!P186="No",'C - Survey - Pond 1-10'!P188="No",'C - Survey - Pond 1-10'!P190="No",'C - Survey - Pond 1-10'!P192="No",'C - Survey - Pond 1-10'!P194="No"),"No","")) | L16: Visit 7 | M16: =MAX('C - Survey - Pond 1-10'!G28:M28) -> 0 | N16: =MAX('C - Survey - Pond 1-10'!G61:M61) -> 0 | O16: =MAX('C - Survey - Pond 1-10'!G94:M94) -> 0 | P16: =MAX('C - Survey - Pond 1-10'!G127:M127) -> 0 | Q16: =MAX('C - Survey - Pond 1-10'!G160:M160) -> 0 | R16: =MAX('C - Survey - Pond 1-10'!G193:M193) -> 0 | S16: =MAX('C - Survey - Pond 1-10'!G226:M226) -> 0 | T16: =MAX('C - Survey - Pond 1-10'!G259:M259) -> 0 | U16: =MAX('C - Survey - Pond 1-10'!G292:M292) -> 0 | V16: =MAX('C - Survey - Pond 1-10'!G325:M325) -> 0 | W16: ='C - Survey - Pond 11-20'!U16 -> 0 | X16: ='C - Survey - Pond 11-20'!V16 -> 0 | Y16: ='C - Survey - Pond 11-20'!W16 -> 0 | Z16: ='C - Survey - Pond 11-20'!X16 -> 0 | AA16: ='C - Survey - Pond 11-20'!Y16 -> 0 | AB16: ='C - Survey - Pond 11-20'!Z16 -> 0 | AC16: ='C - Survey - Pond 11-20'!AA16 -> 0 | AD16: ='C - Survey - Pond 11-20'!AB16 -> 0 | ... AF16: ='C - Survey - Pond 11-20'!AD16 -> 0 | AG16: ='C - Survey - Pond 21-30'!U16 -> 0 | AH16: ='C - Survey - Pond 21-30'!V16 -> 0 | AI16: ='C - Survey - Pond 21-30'!W16 -> 0 | AJ16: ='C - Survey - Pond 21-30'!X16 -> 0 | AK16: ='C - Survey - Pond 21-30'!Y16 -> 0 | AL16: ='C - Survey - Pond 21-30'!Z16 -> 0 | AM16: ='C - Survey - Pond 21-30'!AA16 -> 0 | AN16: ='C - Survey - Pond 21-30'!AB16 -> 0 | ... AP16: ='C - Survey - Pond 21-30'!AD16 -> 0 | AQ16: ='C - Survey - Pond 31-40'!U16 -> 0 | AR16: ='C - Survey - Pond 31-40'!V16 -> 0 | AS16: ='C - Survey - Pond 31-40'!W16 -> 0 | AT16: ='C - Survey - Pond 31-40'!X16 -> 0 | AU16: ='C - Survey - Pond 31-40'!Y16 -> 0 | AV16: ='C - Survey - Pond 31-40'!Z16 -> 0 | AW16: ='C - Survey - Pond 31-40'!AA16 -> 0 | AX16: ='C - Survey - Pond 31-40'!AB16 -> 0 | ... AZ16: ='C - Survey - Pond 31-40'!AD16 -> 0 | BA16: =SUM(M16:AZ16) -> 0
B17: ='C - Survey - Pond 1-10'!B210 -> 0 | E17: ='C - Survey - Pond 1-10'!J229 -> 0 | F17: =IF(E17="","",IF(E17=0,"",IF(E17<=10,"Small",IF(AND(E17>10,E17<=100),"Medium",IF(E17>100,"Large"))))) | G17: ='C - Survey Info'!F$151 | H17: =IF('C - Survey - Pond 1-10'!C233>0,"Caution","") | I17: =IF(E17=0,"",S18) | J17: =IF(OR('C - Survey - Pond 1-10'!P213="Yes",'C - Survey - Pond 1-10'!P215="Yes",'C - Survey - Pond 1-10'!P217="Yes",'C - Survey - Pond 1-10'!P219="Yes",'C - Survey - Pond 1-10'!P221="Yes",'C - Survey - Pond 1-10'!P223="Yes",'C - Survey - Pond 1-10'!P225="Yes",'C - Survey - Pond 1-10'!P227="Yes"),"Yes",IF(OR('C - Survey - Pond 1-10'!P213="No",'C - Survey - Pond 1-10'!P215="No",'C - Survey - Pond 1-10'!P217="No",'C - Survey - Pond 1-10'!P219="No",'C - Survey - Pond 1-10'!P221="No",'C - Survey - Pond 1-10'!P223="No",'C - Survey - Pond 1-10'!P225="No",'C - Survey - Pond 1-10'!P227="No"),"No","")) | L17: Visit 8 | M17: =MAX('C - Survey - Pond 1-10'!G30:M30) -> 0 | N17: =MAX('C - Survey - Pond 1-10'!G63:M63) -> 0 | O17: =MAX('C - Survey - Pond 1-10'!G96:M96) -> 0 | P17: =MAX('C - Survey - Pond 1-10'!G129:M129) -> 0 | Q17: =MAX('C - Survey - Pond 1-10'!G162:M162) -> 0 | R17: =MAX('C - Survey - Pond 1-10'!G195:M195) -> 0 | S17: =MAX('C - Survey - Pond 1-10'!G228:M228) -> 0 | T17: =MAX('C - Survey - Pond 1-10'!G261:M261) -> 0 | U17: =MAX('C - Survey - Pond 1-10'!G294:M294) -> 0 | V17: =MAX('C - Survey - Pond 1-10'!G327:M327) -> 0 | W17: ='C - Survey - Pond 11-20'!U17 -> 0 | X17: ='C - Survey - Pond 11-20'!V17 -> 0 | Y17: ='C - Survey - Pond 11-20'!W17 -> 0 | Z17: ='C - Survey - Pond 11-20'!X17 -> 0 | AA17: ='C - Survey - Pond 11-20'!Y17 -> 0 | AB17: ='C - Survey - Pond 11-20'!Z17 -> 0 | AC17: ='C - Survey - Pond 11-20'!AA17 -> 0 | AD17: ='C - Survey - Pond 11-20'!AB17 -> 0 | ... AF17: ='C - Survey - Pond 11-20'!AD17 -> 0 | AG17: ='C - Survey - Pond 21-30'!U17 -> 0 | AH17: ='C - Survey - Pond 21-30'!V17 -> 0 | AI17: ='C - Survey - Pond 21-30'!W17 -> 0 | AJ17: ='C - Survey - Pond 21-30'!X17 -> 0 | AK17: ='C - Survey - Pond 21-30'!Y17 -> 0 | AL17: ='C - Survey - Pond 21-30'!Z17 -> 0 | AM17: ='C - Survey - Pond 21-30'!AA17 -> 0 | AN17: ='C - Survey - Pond 21-30'!AB17 -> 0 | ... AP17: ='C - Survey - Pond 21-30'!AD17 -> 0 | AQ17: ='C - Survey - Pond 31-40'!U17 -> 0 | AR17: ='C - Survey - Pond 31-40'!V17 -> 0 | AS17: ='C - Survey - Pond 31-40'!W17 -> 0 | AT17: ='C - Survey - Pond 31-40'!X17 -> 0 | AU17: ='C - Survey - Pond 31-40'!Y17 -> 0 | AV17: ='C - Survey - Pond 31-40'!Z17 -> 0 | AW17: ='C - Survey - Pond 31-40'!AA17 -> 0 | AX17: ='C - Survey - Pond 31-40'!AB17 -> 0 | ... AZ17: ='C - Survey - Pond 31-40'!AD17 -> 0 | BA17: =SUM(M17:AZ17) -> 0
B18: ='C - Survey - Pond 1-10'!B243 -> 0 | E18: ='C - Survey - Pond 1-10'!J262 -> 0 | F18: =IF(E18="","",IF(E18=0,"",IF(E18<=10,"Small",IF(AND(E18>10,E18<=100),"Medium",IF(E18>100,"Large"))))) | G18: ='C - Survey Info'!G$151 | H18: =IF('C - Survey - Pond 1-10'!C266>0,"Caution","") | I18: =IF(E18=0,"",T18) | J18: =IF(OR('C - Survey - Pond 1-10'!P246="Yes",'C - Survey - Pond 1-10'!P248="Yes",'C - Survey - Pond 1-10'!P250="Yes",'C - Survey - Pond 1-10'!P252="Yes",'C - Survey - Pond 1-10'!P254="Yes",'C - Survey - Pond 1-10'!P256="Yes",'C - Survey - Pond 1-10'!P258="Yes",'C - Survey - Pond 1-10'!P260="Yes"),"Yes",IF(OR('C - Survey - Pond 1-10'!P246="No",'C - Survey - Pond 1-10'!P248="No",'C - Survey - Pond 1-10'!P250="No",'C - Survey - Pond 1-10'!P252="No",'C - Survey - Pond 1-10'!P254="No",'C - Survey - Pond 1-10'!P256="No",'C - Survey - Pond 1-10'!P258="No",'C - Survey - Pond 1-10'!P260="No"),"No","")) | M18: =MATCH((MAX(M10:M17)),M10:M17,0) -> 1 | N18: =MATCH((MAX(N10:N17)),N10:N17,0) -> 1 | O18: =MATCH((MAX(O10:O17)),O10:O17,0) -> 1 | P18: =MATCH((MAX(P10:P17)),P10:P17,0) -> 1 | Q18: =MATCH((MAX(Q10:Q17)),Q10:Q17,0) -> 1 | R18: =MATCH((MAX(R10:R17)),R10:R17,0) -> 1 | S18: =MATCH((MAX(S10:S17)),S10:S17,0) -> 1 | T18: =MATCH((MAX(T10:T17)),T10:T17,0) -> 1 | ... V18: =MATCH((MAX(V10:V17)),V10:V17,0) -> 1 | W18: ='C - Survey - Pond 11-20'!U18 -> 1 | X18: ='C - Survey - Pond 11-20'!V18 -> 1 | Y18: ='C - Survey - Pond 11-20'!W18 -> 1 | Z18: ='C - Survey - Pond 11-20'!X18 -> 1 | AA18: ='C - Survey - Pond 11-20'!Y18 -> 1 | AB18: ='C - Survey - Pond 11-20'!Z18 -> 1 | AC18: ='C - Survey - Pond 11-20'!AA18 -> 1 | AD18: ='C - Survey - Pond 11-20'!AB18 -> 1 | ... AF18: ='C - Survey - Pond 11-20'!AD18 -> 1 | AG18: ='C - Survey - Pond 21-30'!U18 -> 1 | AH18: ='C - Survey - Pond 21-30'!V18 -> 1 | AI18: ='C - Survey - Pond 21-30'!W18 -> 1 | AJ18: ='C - Survey - Pond 21-30'!X18 -> 1 | AK18: ='C - Survey - Pond 21-30'!Y18 -> 1 | AL18: ='C - Survey - Pond 21-30'!Z18 -> 1 | AM18: ='C - Survey - Pond 21-30'!AA18 -> 1 | AN18: ='C - Survey - Pond 21-30'!AB18 -> 1 | ... AP18: ='C - Survey - Pond 21-30'!AD18 -> 1 | AQ18: ='C - Survey - Pond 31-40'!U18 -> 1 | AR18: ='C - Survey - Pond 31-40'!V18 -> 1 | AS18: ='C - Survey - Pond 31-40'!W18 -> 1 | AT18: ='C - Survey - Pond 31-40'!X18 -> 1 | AU18: ='C - Survey - Pond 31-40'!Y18 -> 1 | AV18: ='C - Survey - Pond 31-40'!Z18 -> 1 | AW18: ='C - Survey - Pond 31-40'!AA18 -> 1 | AX18: ='C - Survey - Pond 31-40'!AB18 -> 1 | ... AZ18: ='C - Survey - Pond 31-40'!AD18 -> 1
B19: ='C - Survey - Pond 1-10'!B276 -> 0 | E19: ='C - Survey - Pond 1-10'!J295 -> 0 | F19: =IF(E19="","",IF(E19=0,"",IF(E19<=10,"Small",IF(AND(E19>10,E19<=100),"Medium",IF(E19>100,"Large"))))) | G19: ='C - Survey Info'!H$151 | H19: =IF('C - Survey - Pond 1-10'!C299>0,"Caution","") | I19: =IF(E19=0,"",U18) | J19: =IF(OR('C - Survey - Pond 1-10'!P279="Yes",'C - Survey - Pond 1-10'!P281="Yes",'C - Survey - Pond 1-10'!P283="Yes",'C - Survey - Pond 1-10'!P285="Yes",'C - Survey - Pond 1-10'!P287="Yes",'C - Survey - Pond 1-10'!P289="Yes",'C - Survey - Pond 1-10'!P291="Yes",'C - Survey - Pond 1-10'!P293="Yes"),"Yes",IF(OR('C - Survey - Pond 1-10'!P279="No",'C - Survey - Pond 1-10'!P281="No",'C - Survey - Pond 1-10'!P283="No",'C - Survey - Pond 1-10'!P285="No",'C - Survey - Pond 1-10'!P287="No",'C - Survey - Pond 1-10'!P289="No",'C - Survey - Pond 1-10'!P291="No",'C - Survey - Pond 1-10'!P293="No"),"No",""))
B20: ='C - Survey - Pond 1-10'!B309 -> 0 | E20: ='C - Survey - Pond 1-10'!J328 -> 0 | F20: =IF(E20="","",IF(E20=0,"",IF(E20<=10,"Small",IF(AND(E20>10,E20<=100),"Medium",IF(E20>100,"Large"))))) | G20: ='C - Survey Info'!I$151 | H20: =IF('C - Survey - Pond 1-10'!C332>0,"Caution","") | I20: =IF(E20=0,"",V18) | J20: =IF(OR('C - Survey - Pond 1-10'!P312="Yes",'C - Survey - Pond 1-10'!P314="Yes",'C - Survey - Pond 1-10'!P316="Yes",'C - Survey - Pond 1-10'!P318="Yes",'C - Survey - Pond 1-10'!P320="Yes",'C - Survey - Pond 1-10'!P322="Yes",'C - Survey - Pond 1-10'!P324="Yes",'C - Survey - Pond 1-10'!P326="Yes"),"Yes",IF(OR('C - Survey - Pond 1-10'!P312="No",'C - Survey - Pond 1-10'!P314="No",'C - Survey - Pond 1-10'!P316="No",'C - Survey - Pond 1-10'!P318="No",'C - Survey - Pond 1-10'!P320="No",'C - Survey - Pond 1-10'!P322="No",'C - Survey - Pond 1-10'!P324="No",'C - Survey - Pond 1-10'!P326="No"),"No","")) | L20: total peak | N20: =MAX(BA10:BA17) -> 0
B21: *Note: The detectability column will state "Caution" if your data suggest any survey was done in poor conditions (temp<5C, veg cover>3, turbidity>3 or torch power <500,000 cp); otherwise it is blank. Aquatic newt surveys should not be carried out when air temp is <5C or with weak torches as results can be misleading. Whilst careful timing can sometimes avoid vegetation and turbidity problems, they are inevitable at some sites. It may be appropriate to undertake more detailed surveys and interpretation techniques (e.g. CMR). If this column returns "Caution", or there is any other reason to suspect detectability problems, you should be especially careful about interpreting counts, and comment on this in the constraints box below.
B28: Peak total site count** for all ponds surveyed: | F28: =N20 -> 0
B30: ** This figure is derived as follows. For each survey visit, the spreadsheet picks the highest count of adult newts obtained by torch, net or bottle-trap for each pond. These individual pond counts are then summed to give a site count for each visit. The peak total site count is then the highest of these figures, i.e. highest summed count across all ponds attained on any one visit. This figure may derive from counts using a mixture of methods (torch, bottle-trap or net) - see adjacent table which shows how the figure is derived. The calculations assume survey visits per pond are undertaken within similar timeframes, if this is not the case, this Peak total site count should be calculated by hand and reasons for it explained in the general comments text box below.
B36: Population size class for all ponds surveyed: | F36: =IF(F28="","",IF(F28=0,"",IF(F28<=10,"Small",IF(AND(F28>10,F28<=100),"Medium",IF(F28>100,"Large")))))
B38: *** this automatically generated size class assumes that it is appropriate to aggregate counts from all ponds, i.e. there is likely to be newt movement between ponds, for example where each pond is within approx 250m of another, with no significant barriers to dispersal. If you believe the automatically generated size class is incorrect for your site, provide your ecological justification in box below and give alternative accounts of peak total site counts and population size class for the site. Where there are meta-populations explain which ponds form each meta-population. For surveys of >10 ponds, data should be added to appendix provided, and note that peak counts etc will need to be derived separately.
B47: Site status assessment (see Section 5.8.5 of Great crested newt mitigation guidelines for guidance):
B48: Quantitative
B49: Qualitative
B50: Functional
B51: Contextual
B53: Number of individual newts to be covered by the licence:
B55: General comments on overall site status, and constraints to interpretation and evaluation -
B56: How did the constraints affect your interpretation of your survey?
B58:  Account for the presence of any barriers to dispersal and explain how this affects your assessment of the
B59: distribution of newts across the site and the presence of meta-populations
B82:  Acknowledge any survey constraints e.g. low detectability warnings (as highlighted in section C5 above),
... B107: GCN population(s) present
E131: Next section

Sheet D - Impact assmt
B1: =+Ecologist&": "&+Site_name -> :
B2: D1 Habitat impact tables
B3: N.B: this section must identify impacts in the absence of mitigation or compensation measures. Refer to the Great crested newt mitigation guidelines for guidance in impact types (section 6).
B5: Should you wish to convert ha to m2 or m2 to ha please use this converter
B6: Total Area of Development (ha): | E6: ='C - Survey Info'!G78 -> 0
B8: D1.1 Breakdown of terrestrial impacts
C9: Permanent | G9: Temporary
C10: Habitat type | E10: Area lost (ha) | G10: Habitat type | I10: Area damaged (ha)
C21: Total Loss | E21: =SUM(E11:F20) -> 0 | G21: Total Damage | I21: =SUM(I11:J20) -> 0
B23: D1.2 Core, intermediate and distant terrestrial impacts
C24: Permanent | G24: Temporary
C25: Area lost (ha) | G25: Area damaged (ha)
B26: Core (<50m from pond)
B27: Intermediate (50-250m from pond)
B28: Distant (>250m from pond)
B29: Total (ha) | C29: =SUM(C26:F28) -> 0 | G29: =SUM(G26:J28) -> 0
B31: D1.3 Aquatic impacts
C32: Permanent | G32: Temporary
C33: Number lost | E33: Area lost (m2) | G33: Number damaged | I33: Area damaged (m2)
B34: GCN Ponds
B35: Other Ponds
B36: Total | C36: =SUM(C34:D35) -> 0 | E36: =SUM(E34:F35) -> 0 | G36: =SUM(G34:H35) -> 0 | I36: =SUM(I34:J35) -> 0
B37: Notes on terms in these tables:  'GCN ponds' must include all ponds or other waterbodies in which GCN were recorded plus any others that are likely to be used by GCNs for foraging e.g. suitable ponds / waterbodies where no GCN were recorded but with good connectivity to other ponds / waterbodies within the survey area found to support GCNs.  Area of ponds to be calculated by measuring or estimating extent at winter maximum.  "Terrestrial habitat" here includes any land likely to be important to the local GCN population for foraging, resting, hibernating or dispersal. This means, for example, that even unvegetated or sparsely vegetated areas close to high quality newt ponds (within around 50m) should be included in impact assessments; this could apply to quarry floors, arable, cracked or damaged hard-standing and amenity grassland. Areas may be excluded from calculations if you assess that they are substantially isolated by barriers to dispersal and therefore highly unlikely to be used by newts; this may even include apparently high quality areas.  Areas may also be excluded if you believe for any other reason that they are highly unlikely to be used by newts. Please always explain why you have excluded certain areas below. If there are discrepancies in the areas in the tables below, please explain in the Impact text boxes below.
B56: D2 Pre- and mid-development impacts: descriptive text. Example: "Vegetation clearance and archaeological investigations in Area A would kill and injure newts, and damage core refuge sites, close to Pond 1. Moderate negative impact on population."
B81: D3 Long-term impacts: descriptive text (to always include fragmentation if applicable to scheme) . Example: "Construction of Plot 1 in Area B would kill and injure newts, destroy Pond 1 (a breeding site) and core terrestrial habitat, consisting of rough grassland and deciduous woodland, around Pond 1. Creation of play area in Area C would reduce grassland value for newts. Construction of Plot 1 would create significant dispersal barrier between Ponds 1 and 2. Serious negative impact on population."
B109: D4 Post-development interference impacts: descriptive text. Example: "Major increase in risk of fish and invasive aquatic plant introduction due to creation of large residential development adjacent to pond. Potentially serious negative impact on population."
B134: D5 Other impacts: descriptive text. Example: "Reduced water table due to altered local hydrology when development is complete. Increased early pond desiccation, resulting in lower breeding success. Likely serious negative impact on population." impacts when creating any mitigation or compensation measures.
B140: D5.2 Impact assessment map notes
B141: Impact maps must be of a suitable scale to clearly show the following:
B142: § The development site boundary
B143: § 50m, 250m and 500m radii around each GCN pond boundary
B144: § Temporary and permanent impacts and habitats affected (to include a key to show the habitat types).
B145: § Fragmentation impacts and/or barriers to dispersal.
B146: More than one map may be required for larger schemes.
... B151: See Sum & Figs. tab.
E153: Next section

Sheet E - Mitign & compn 
B1: =+Ecologist&": "&+Site_name -> :
B3: E1 The mitigation solution being proposed in the Method Statement should be the one that delivers the ‘need’ with the least impact on the newt population. Please explain why this design was chosen over other potential solutions - set out what other mitigation proposals were considered and why they were not feasible, for example: • if the proposal is to construct a new road and it will destroy breeding ponds, explain why it is not possible to retain the ponds in the proposed design etc; or, • if a residential development results in a net loss of habitat, explain why it was not possible to reduce the housing footprint; or, • if pond drain down is planned for the summer months when newts are breeding please explain why it is not possible to schedule this in, followed by pond destruction, in late September onwards; or • if your proposal includes a non-standard approach to meeting the 'need'.
B65: E2 Receptor site selection. NB: this relates to the place(s) where any captured newts will be released. It does not just refer to distant receptor sites or need to be the entire compensation area; where GCN will be placed must be clearly indicated on the relevant map. Enter details below unless no newts will be captured or displaced.
B69: NB: Location of the receptor site in relation to the development site must be provided on FIG. E2
B70: see Sum & Figs. tab
B72: E2.1 Existing GCN status at receptor site(s)
B75: E2.2 Survey information for receptor site if different from the survey for the application proposal.
B78: E2.3 Receptor site locations. Must include: | F78: Please record further sites in Additional Records tab
B79: Site name | D79: OS grid ref eg AB12345678 | F79: Administration area - if different from development site | I79: Distance from development site (m).
B84: E2.4 Receptor site(s): ownership and land status. Please note that any receptor site must be free from future
B85: development proposals/threats. | H85: Additional records tab.
B86: Site name | D86: Site Ownership | I86: Conservation Designation?
B87: =IF(B81="","",B81)
B88: =IF(B82="","",B82)
B90: E2.5 Receptor site: habitat description, size (ha) & adjacent land use. | H90: Additional Records tab
B91: Site name | D91: Habitat description | H91: Size (ha) | I91: Adjacent Land Use
B92: =IF(B81="","",B81)
B93: =IF(B82="","",B82)
B95: E3 Habitat creation, restoration and/or enhancement
B96: The left side of table below summarises the impacts you specified in section D. Enter the habitat creation, restoration and/or enhancement that will be undertaken to compensate for these impacts in the right hand column.
B99: Should you wish to convert ha to m2 or m2 to ha please use this converter
B100: Aquatic habitat | C100: Impacts | G100: Compensation
C101: Effect | E101: Number | F101: Total Area (m2) | G101: Measure | I101: Number | J101: Total Area (m2)
B103: GCN ponds | C103: Lost | E103: ='D - Impact assmt'!C36 -> 0 | F103: =+'D - Impact assmt'!E36 -> 0 | G103: Created
C104: Damaged | E104: ='D - Impact assmt'!G36 -> 0 | F104: =+'D - Impact assmt'!I36 -> 0 | G104: Restored / reinstated / enhanced
B106: Terrestrial habitat | C106: Impacts | G106: Compensation
C107: Area lost (ha) | G107: Area gained (ha)
C108: Permanent | E108: Temporary | G108: Created | I108: Restored / reinstated / enhanced
B109: Core | C109: ='D - Impact assmt'!C26 -> 0 | E109: ='D - Impact assmt'!G26 -> 0
B111: Intermediate | C111: ='D - Impact assmt'!C27 -> 0 | E111: ='D - Impact assmt'!G27 -> 0
B113: Distant | C113: ='D - Impact assmt'!C28 -> 0 | E113: ='D - Impact assmt'!G28 -> 0
B115: Totals | C115: =SUM(C109:D114) -> 0 | E115: =SUM(E109:F114) -> 0 | G115: =SUM(G109:H114) -> 0 | I115: =SUM(I109:J114) -> 0
B117: NB: All habitat creation, restoration and enhancement measures must be shown on FIG. E3.1 - see
D118: Sum & Figs. tab
B120: If a net loss of habitat (ha) is proposed please provide in the text box below an ecological justification to explain why the habitat measures proposed are considered sufficient to compensate for the impacts of the development. Some reduction in terrestrial habitat area may be acceptable provided there is an appreciable increase in habitat quality.
B126: E3.1 Describe the creation, restoration or enhancement of aquatic habitats (include design and water body dimensions as per mitigation guidelines and waterbody location. Dimensions these will be included in any annexed licence issued). NB: Only put timing of aquatic creation, restoration or enhancement in the timetable E6a.
B130: Pond reference | C130: Surface Area (m2) | D130: Max. Depth (m) | E130: Design / enhancement measures and location
B138: E Mitigation & compensation (continued)
B139: E3.2 Terrestrial habitat measures
B140: State number/area/length of any terrestrial habitat measures. Leave blank if not applicable. *Dimensions of hibernacula are expected to be at least that recommended in the mitigation guidelines.
E143: Number/area (ha)/length**
E144: Created | H144: Reinstated / Restored / Enhanced
B146: Hedgerow planting
B147: Grassland re-seeding
B148: Grassland management (just for GCN)
B149: Scrub planting
B150: Woodland planting
B151: Hibernacula creation*
B152: Refuge creation
C153: ** Information must be consistent with Table E3.
B155: Please describe management methods and explain any novel designs, non-standard proposals or techniques in the free text box below. Also describe any other terrestrial habitat measures, including locations & design. (Confirm landowner agreement for these measures, if they are to be created on land outside of the applicant's ownership, in Declaration worksheet J).
B159: NB: Do not put in specific dates here; add these into E6a (separate document).
B182: E3.3 Integration with roads and other hard landscapes.
B183: Explain any measures you will take to integrate mitigation with roads and other hard landscapes. If you propose any connectivity measures, such as underpasses, please specify: • Design (to include length, width, height and guide fencing) • Monitoring (to include methodology and duration) • Maintenance (to detail how long-term functionality of the underpass(es) and entrances will be ensured)
B189: NB: Locations & details of any proposed connectivity measures must be provided on FIG. E3.3 - see:
B190: Sum & Figs. tab
B191: NB: If you have identified fragmentation as an impact this is something you should address.
B215: E3.4 Pollutant run-offs
B216: Describe any measures you will take to prevent pollutant run-offs associated with the development from impacting GCN habitat and waterbodies both during and following the completion of the development.
B221: If pollutant run-offs are expected to increase post-development, these should be shown on Figure E3.4. Figure E3.4 should show the likely direction of run-offs and how the development layout has been designed to prevent these from impacting GCN habitat and waterbodies.
B225: Please confirm if a Figure E3.4 is required for your application:
B227: E Mitigation & compensation (continued)
B228: E4 Capture, exclusion & translocation: Please do not refer to any dates in this section - these should be provided in E6.
B230: State capture +/or exclusion methods, with effort levels. | G230: Pls Read Advice Notes
G231: Use method? Yes/no | I231: Minimum capture effort (days)
B233: At pond: bottle-trap, net, hand search &/or drain down
B234: At pond: ring-fence, pitfall trap (+ fence & refuges)
B235: Away from pond: hand search
B236: Away from pond: destructive search
B237: Away from pond: fence, pitfall trap (& refuges)
B238: Away from pond: night search
B239: Away from pond: exclusion fence only
B240: Other or additional method(s) - state below:
B263: NB: • A minimum of 25 nights trapping will only be acceptable in exceptional circumstances which are fully
B264: justified and explained. See guidance on capture effort
B266: NB: Locations of all capture/exclusion activities must be shown on FIG. E4(a)
B267: - Any non-standard capture/exclusion measures should be detailed on FIG. E4(b) - see H - Figures tab.
... B301: Is any specific post-development habitat management and site maintenance planned?
D302: If no, proceed to population monitoring section E5.2.
B303: State which of the following habitat management operations will occur:
C304: Aquatic vegetation management in water bodies
C305: Clearance of shading tree or scrub cover around pond margins
C306: Mowing, cutting or grazing of grassland
C307: Desilting and clearance of leaf-fall
C308: Woodland and scrub management
C309: Other (state below)
B311: NB: Details of site management and maintenance should be shown on FIG. E5.1. - see "H Sum & Figs" tab. Indicate which areas (including which ponds) the management and maintenance plan will apply to.
B314: State which of the following site maintenance operations will occur:
C315: Checking for fish presence, and removal through appropriate methods
C316: Checking pond condition and remedial action as required
C317: Checking for and removal of dumped rubbish
C318: Reinstatement following fire, acute pollution or other major damage
C319: Repair or replace fences
C320: Maintain tunnel, underpass, guide fencing in good condition
C321: Repair or replace interpretation boards
C322: Other (state below)
B324: State the period for which habitat management and maintenance plan will continue:
B326: NOTE: A separate, detailed plan must also be attached if (a) population size class is large and impacts are moderate-high, (b) regionally important population and impacts are moderate-high, (c) losses of > 2 breeding water bodies on site supporting medium size class population, or (d) phased or multi-plot developments.
B331: If your proposal meets one of the above (a - d), confirm that such a document is attached:
B333: Please note, if you have selected ‘No’, you are likely to receive a Further Information Request.
...

Sheet F-G-H Sum & Figs
B1: =+Ecologist&": "&+Site_name -> :
B2: F - Final post development Layout
B3: F1 Final Post development Layout Figure F1 is required
B5: NB: Please show the final layout on FIG. F1. - see "H and list of figures"below. This must show the final development layout and include ponds, buildings, roads, GCN tunnels , other mitigation or compensation measures, etc.
B9: G - Checklist of Documents, figures, maps and diagrams to include
B10: You must provide maps, photographs and diagrams to adequately explain the mitigation plans. Use the checklist below to understand what is required for your application. All maps and figures must be included as individual files. Additional maps, photos or diagrams should be included where necessary.
B14: Map / Figure guidance: Ensure each map / figures includes the following:
C15: • Site name and figure reference
C16: • Scale bar and Direction of North
C17: • Date DD/MM/YYYY
B19: H - List of figures
B21: Figure reference | D21: Mandatory or not? | H21: What it must show (also see details above on site reference, dating and naming).
B22: Figure B1.1 | D22: Yes, if the application is part of a phased or multi-plot development | H22: Masterplan map showing the location of each individual phase or plot associated with the overall scheme. The phase to which the current application refers should be highlighted
B23: Figure B1.2 | D23: Yes, if there are other GCN mitigation projects nearby which might affect the target population | H23: Map to show location of other nearby GCN mitigation sites to show development boundaries and compensation/mitigation areas.
B24: Figure C3.2a | D24: Yes | H24: Survey map to show development site location, survey area and ponds. The terrestrial and aquatic habitats described in sections C3.3 and C3.4 should also be shown. Indicate which ponds were found to support GCN, including specifying results of any eDNA sampling if relevant.
B25: Figure C3.2b | D25: - | H25: Aerial photograph of site for information only to help better inform the application.
B26: Photos C3.4 | D26: Yes | H26: Photographs to show terrestrial and aquatic habitats on the development site and surrounding area (to include the receptor area).
B27: Figure D | D27: Yes | H27: Impact map to show the location and extent of the different habitat types to be temporarily and/or permanently lost/damaged (as detailed in section D of the Method Statement). Radii of 50, 250 and 500m around each GCN pond which will be impacted must be shown.
B28: Figure E2 | D28: Yes | H28: Receptor site map to show the location of the receptor site(s) in relation to the development.
B29: Figure E3.1 | D29: Yes, if habitat creation, enhancement or restoration is proposed | H29: Habitat measures map to show the location and extent of all terrestrial and aquatic habitat measures detailed in section E3 of the Method Statement).
B30: Figure E3.3 | D30: Yes, if measures to improve connectivity are proposed | H30: Connectivity map to show the location of any measures employed to improve connectivity e.g. underpasses/tunnels, newt friendly traffic and /or drainage features (dropped kerbs/set-back gully pots) etc.
B31: Figure E3.4 | D31: No | H31: Drainage plan showing the likely direction of pollutant run-offs following mitigation. These must be directed to avoid existing and proposed GCN habitat. The direction of drainage run-offs should be shown using arrows.
B32: Figure E4a | D32: Yes | H32: Capture and exclusion map to show how GCNs will be cleared from the development site and prevented from entering during construction. A clear differentiation should be made between different types of amphibian fencing (e.g. permanent, temporary, perimeter, drift, ring, one-way etc). Direction of travel over one-way fences should also be shown.
... B36: Figure F1 | D36: Yes | H36: Final development layout map to show both the development layout (e.g. buildings, rail, roads) and all of the mitigation/compensation measures proposed (e.g. including ponds, tunnels, receptor areas)
B38: List of documents
B40: Document | H40: Mandatory or not?
B41: Completed application form | H41: Yes
B42: Completed method statement template | H42: Yes
B43: Completed work schedule | H43: Yes
B44: Figures - as stated above | H44: Yes
B45: Separate Masterplan document | H45: Yes - if part of a phased or multi-plot development
B46: a Separate Habitat Management and Maintenance Plan | H46: Yes - if: (a) population size class is large and impacts are moderate-high, or (b) regionally important population and impacts are moderate-high, or (c) losses of > 2 breeding water bodies on site supporting medium size class population, or (d) phased or multi-plot developments.
B48: List any other maps, photographs or diagrams attached:
E56: Next Section

Sheet I - Declarations
B1: =+Ecologist&": "&+Site_name -> :
B2: I - Declarations
C3: Re: E2: I confirm that relevant landowner consent/s has/have been granted to accept great crested newts onto land outside the applicant's ownership.
C7: Re: E3.1 and E3.2 – I confirm that landownership consent/s has/have been granted to allow the creation of the proposed habitat compensation (aquatic or terrestrial) on land outside the applicant's ownership.
C11: Re: E5.2 – I confirm that consent/s has/have been granted by the relevant landowner/s for monitoring and maintenance purposes, as set out in E5.2, on land outside the applicant's ownership.
C15: RE: E5.1 and E5.2 - I, the applicant, confirm that all habitat management, maintenance and monitoring detailed in section 5, and accompanying documents, will be undertaken.
B19: Unsecured consents statement: If you have been unable to secure consents for any of the four declarations please explain why and detail any plans you have in place to obtain the consent(s) or provide details of any right(s) or agreement(s) that will enable the lawful implementation of the proposed mitigation, compensation and monitoring. Important Note: Failure to provide the appropriate landowner consents means that the Method Statement is unlikely to meet the requirements for the FCS test to be met. It is therefore in your interest to ensure that the appropriate consents have been secured before applying for a licence.
E30: Return to beginning

Sheet Additional records
B1: Records of additional pond(s) surveyed
B2: Please use this page to record extra data, if more than 10 ponds were surveyed - Ponds 11 - 20
B4: C3.3i continued Ponds 11 - 20 | H4: Back to Original section
B5: Pond ref | C5: Description
B17: C3.3ii continued | H17: Back to Original section
B18: Pond ref | C18: Distance (m) | D18: Surveyed or not? | F18: If not why not?
B19: =IF(B6="","",B6)
B20: =IF(B7="","",B7)
B21: =IF(B8="","",B8)
B22: =IF(B9="","",B9)
B23: =IF(B10="","",B10)
B24: =IF(B11="","",B11)
B25: =IF(B12="","",B12)
B26: =IF(B13="","",B13)
B27: =IF(B14="","",B14)
B28: =IF(B15="","",B15)
B31: C3.5 additional ponds HSI score | H31: Back to Original section
C32: Date HSI assessmt
C33: Pond ref | E33: =IF($B$6="","",$B$6) | F33: =IF($B$7="","",$B$7) | G33: =IF($B$8="","",$B$8) | H33: =IF($B$9="","",$B$9) | I33: =IF($B$10="","",$B$10)
C34: SI1 - Location
C35: SI2 - Pond area
C36: SI3 - Pond drying
C37: SI4 - Water quality
C38: SI4 - Shade
C39: SI6 - Fowl
C40: SI7 - Fish
C41: SI8 - Ponds
C42: SI9 - Terr'l habitat
C43: SI10 - Macrophytes
C44: HSI | E44: =IF(AND(E34="",E35="",E36="",E37="",E38="",E39="",E40="",E41="",E42="",E43=""),"",POWER(PRODUCT(E34:E43),(1/COUNTIF(E34:E43,">0")))) | F44: =IF(AND(F34="",F35="",F36="",F37="",F38="",F39="",F40="",F41="",F42="",F43=""),"",POWER(PRODUCT(F34:F43),(1/COUNTIF(F34:F43,">0")))) | G44: =IF(AND(G34="",G35="",G36="",G37="",G38="",G39="",G40="",G41="",G42="",G43=""),"",POWER(PRODUCT(G34:G43),(1/COUNTIF(G34:G43,">0")))) | H44: =IF(AND(H34="",H35="",H36="",H37="",H38="",H39="",H40="",H41="",H42="",H43=""),"",POWER(PRODUCT(H34:H43),(1/COUNTIF(H34:H43,">0")))) | I44: =IF(AND(I34="",I35="",I36="",I37="",I38="",I39="",I40="",I41="",I42="",I43=""),"",POWER(PRODUCT(I34:I43),(1/COUNTIF(I34:I43,">0"))))
C48: Date HSI assessmt
C49: Pond ref | E49: =IF($B$11="","",$B$11) | F49: =IF($B$12="","",$B$12) | G49: =IF($B$13="","",$B$13) | H49: =IF($B$14="","",$B$14) | I49: =IF($B$15="","",$B$15)
C50: SI1 - Location
C51: SI2 - Pond area
C52: SI3 - Pond drying
C53: SI4 - Water quality
C54: SI4 - Shade
C55: SI6 - Fowl
C56: SI7 - Fish
C57: SI8 - Ponds
C58: SI9 - Terr'l habitat
C59: SI10 - Macrophytes
C60: HSI | E60: =IF(AND(E50="",E51="",E52="",E53="",E54="",E55="",E56="",E57="",E58="",E59=""),"",POWER(PRODUCT(E50:E59),(1/COUNTIF(E50:E59,">0")))) | F60: =IF(AND(F50="",F51="",F52="",F53="",F54="",F55="",F56="",F57="",F58="",F59=""),"",POWER(PRODUCT(F50:F59),(1/COUNTIF(F50:F59,">0")))) | G60: =IF(AND(G50="",G51="",G52="",G53="",G54="",G55="",G56="",G57="",G58="",G59=""),"",POWER(PRODUCT(G50:G59),(1/COUNTIF(G50:G59,">0")))) | H60: =IF(AND(H50="",H51="",H52="",H53="",H54="",H55="",H56="",H57="",H58="",H59=""),"",POWER(PRODUCT(H50:H59),(1/COUNTIF(H50:H59,">0")))) | I60: =IF(AND(I50="",I51="",I52="",I53="",I54="",I55="",I56="",I57="",I58="",I59=""),"",POWER(PRODUCT(I50:I59),(1/COUNTIF(I50:I59,">0"))))
B62: C4.2iii Continued | H62: Back to Original section
B63: Pond ref | C63: GCN Surveyor / Accredited Agent | H63: Licence Reference
B64: =IF(B6="","",B6)
B65: =IF(B7="","",B7)
B66: =IF(B8="","",B8)
B67: =IF(B9="","",B9)
B68: =IF(B10="","",B10)
B69: =IF(B11="","",B11)
B70: =IF(B12="","",B12)
B71: =IF(B13="","",B13)
B72: =IF(B14="","",B14)
B73: =IF(B15="","",B15)
B76: 4.2c Continued | H76: Back to Original section
B77: Pond reference | D77: Date eDNA sample taken | G77: Result (presence or absence)
B78: =IF(B6="","",B6)
B79: =IF(B7="","",B7)
B80: =IF(B8="","",B8)
B81: =IF(B9="","",B9)
B82: =IF(B10="","",B10)
B83: =IF(B11="","",B11)
B84: =IF(B12="","",B12)
B85: =IF(B13="","",B13)
B86: =IF(B14="","",B14)
B87: =IF(B15="","",B15)
B91: E2.3 Receptor site locations. Continued | H91: Back to original section
B92: Site name | D92: OS grid ref eg AB12345678 | F92: Administration area - if different from development site | I92: Distance from development site (m).
B99: E2.4 Receptor site(s): continued | H99: Back to original section
B100: Site name | D100: Site Ownership | I100: Conservation Designation?
B106: E2.5 Receptor site(s): continued | H106: Back to original section
B107: Site name | D107: Habitat description | H107: Size (ha) | I107: Adjacent Land Use

Sheet C - Survey - Pond 11-20
B1: =+Ecologist&": "&+Site_name -> :
B2: C4.3 Aquatic amphibian survey (conventional methods) - GCN results - Pond 11
B3: Was an aquatic amphibian survey done? | G3: If no, proceed to next section. | K3: Return to Ponds 1 - 10 tab
B4: Total no. of ponds surveyed: | F4: ='C - Survey - Pond 1-10'!F4 -> 0
B5: Surveyor name(s):
B6: Important. Read before completing this section: Enter GCN survey data in relevant boxes in the table below (for Pond 1) and those on subsequent sheets (for up to 9 other ponds). Enter "0" where you did a survey and found no newts; leave box blank if no survey was done. This format is designed for a typical single season survey with typical methods and effort. Explain atypical methods/effort later. For multiple year surveys, give details in annex (convert data to this format if possible). Use these tables to provide details only for the most recent season's survey. Append older survey results in full. Automatic yellow highlight indicates possible detectability problem (see Evaluation & interpretation section, later).
U8: Pond 11 | V8: Pond 12 | W8: Pond 13 | X8: Pond 14 | Y8: Pond 15 | Z8: Pond 16 | AA8: Pond 17 | AB8: Pond 18 | AC8: Pond 19 | AD8: Pond 20 | AE8: Visit total
T10: Visit 1 | U10: =MAX('C - Survey - Pond 11-20'!G16:M16) -> 0 | V10: =MAX('C - Survey - Pond 11-20'!G49:M49) -> 0 | W10: =MAX('C - Survey - Pond 11-20'!G82:M82) -> 0 | X10: =MAX('C - Survey - Pond 11-20'!G115:M115) -> 0 | Y10: =MAX('C - Survey - Pond 11-20'!G148:M148) -> 0 | Z10: =MAX('C - Survey - Pond 11-20'!G181:M181) -> 0 | AA10: =MAX('C - Survey - Pond 11-20'!G214:M214) -> 0 | AB10: =MAX('C - Survey - Pond 11-20'!G247:M247) -> 0 | AC10: =MAX('C - Survey - Pond 11-20'!G280:M280) -> 0 | AD10: =MAX('C - Survey - Pond 11-20'!G313:M313) -> 0 | AE10: =SUM(U10:AD10) -> 0
B11: Pond reference (e.g. "Pond 11") - below | F11: Method: | G11: Torch | J11: Bottle-trap | M11: Net | P11: Egg search | Q11: Larvae | T11: Visit 2 | U11: =MAX('C - Survey - Pond 11-20'!G18:M18) -> 0 | V11: =MAX('C - Survey - Pond 11-20'!G51:M51) -> 0 | W11: =MAX('C - Survey - Pond 11-20'!G84:M84) -> 0 | X11: =MAX('C - Survey - Pond 11-20'!G117:M117) -> 0 | Y11: =MAX('C - Survey - Pond 11-20'!G150:M150) -> 0 | Z11: =MAX('C - Survey - Pond 11-20'!G183:M183) -> 0 | AA11: =MAX('C - Survey - Pond 11-20'!G216:M216) -> 0 | AB11: =MAX('C - Survey - Pond 11-20'!G249:M249) -> 0 | AC11: =MAX('C - Survey - Pond 11-20'!G282:M282) -> 0 | AD11: =MAX('C - Survey - Pond 11-20'!G315:M315) -> 0 | AE11: =SUM(U11:AD11) -> 0
G12: Torch power: | J12: No. of traps used in pond: | P12: eggs found? | Q12: larvae found? (any method) | T12: Visit 3 | U12: =MAX('C - Survey - Pond 11-20'!G20:M20) -> 0 | V12: =MAX('C - Survey - Pond 11-20'!G53:M53) -> 0 | W12: =MAX('C - Survey - Pond 11-20'!G86:M86) -> 0 | X12: =MAX('C - Survey - Pond 11-20'!G119:M119) -> 0 | Y12: =MAX('C - Survey - Pond 11-20'!G152:M152) -> 0 | Z12: =MAX('C - Survey - Pond 11-20'!G185:M185) -> 0 | AA12: =MAX('C - Survey - Pond 11-20'!G218:M218) -> 0 | AB12: =MAX('C - Survey - Pond 11-20'!G251:M251) -> 0 | AC12: =MAX('C - Survey - Pond 11-20'!G284:M284) -> 0 | AD12: =MAX('C - Survey - Pond 11-20'!G317:M317) -> 0 | AE12: =SUM(U12:AD12) -> 0
B13: No. of survey visits to this pond: | E13: 0 | T13: Visit 4 | U13: =MAX('C - Survey - Pond 11-20'!G22:M22) -> 0 | V13: =MAX('C - Survey - Pond 11-20'!G55:M55) -> 0 | W13: =MAX('C - Survey - Pond 11-20'!G88:M88) -> 0 | X13: =MAX('C - Survey - Pond 11-20'!G121:M121) -> 0 | Y13: =MAX('C - Survey - Pond 11-20'!G154:M154) -> 0 | Z13: =MAX('C - Survey - Pond 11-20'!G187:M187) -> 0 | AA13: =MAX('C - Survey - Pond 11-20'!G220:M220) -> 0 | AB13: =MAX('C - Survey - Pond 11-20'!G253:M253) -> 0 | AC13: =MAX('C - Survey - Pond 11-20'!G286:M286) -> 0 | AD13: =MAX('C - Survey - Pond 11-20'!G319:M319) -> 0 | AE13: =SUM(U13:AD13) -> 0
B14: Sex/life stage: | G14: Male | H14: Female | I14: Imm. | J14: Male | K14: Female | L14: Imm. | M14: Male | N14: Female | O14: Imm. | T14: Visit 5 | U14: =MAX('C - Survey - Pond 11-20'!G24:M24) -> 0 | V14: =MAX('C - Survey - Pond 11-20'!G57:M57) -> 0 | W14: =MAX('C - Survey - Pond 11-20'!G90:M90) -> 0 | X14: =MAX('C - Survey - Pond 11-20'!G123:M123) -> 0 | Y14: =MAX('C - Survey - Pond 11-20'!G156:M156) -> 0 | Z14: =MAX('C - Survey - Pond 11-20'!G189:M189) -> 0 | AA14: =MAX('C - Survey - Pond 11-20'!G222:M222) -> 0 | AB14: =MAX('C - Survey - Pond 11-20'!G255:M255) -> 0 | AC14: =MAX('C - Survey - Pond 11-20'!G288:M288) -> 0 | AD14: =MAX('C - Survey - Pond 11-20'!G321:M321) -> 0 | AE14: =SUM(U14:AD14) -> 0
B15: (1) Date: | C15: Air temp | D15: Veg cover | E15: Turbidity | F15: =IF(OR(AND(NOT(ISBLANK($C16)),$C16<5),AND(NOT(ISBLANK($D16)),$D16>3),AND(NOT(ISBLANK($E16)),$E16>3)),"1","0") -> 0 | T15: Visit 6 | U15: =MAX('C - Survey - Pond 11-20'!G26:M26) -> 0 | V15: =MAX('C - Survey - Pond 11-20'!G59:M59) -> 0 | W15: =MAX('C - Survey - Pond 11-20'!G92:M92) -> 0 | X15: =MAX('C - Survey - Pond 11-20'!G125:M125) -> 0 | Y15: =MAX('C - Survey - Pond 11-20'!G158:M158) -> 0 | Z15: =MAX('C - Survey - Pond 11-20'!G191:M191) -> 0 | AA15: =MAX('C - Survey - Pond 11-20'!G224:M224) -> 0 | AB15: =MAX('C - Survey - Pond 11-20'!G257:M257) -> 0 | AC15: =MAX('C - Survey - Pond 11-20'!G290:M290) -> 0 | AD15: =MAX('C - Survey - Pond 11-20'!G323:M323) -> 0 | AE15: =SUM(U15:AD15) -> 0
F16: Adult totals: | G16: =G15+H15 -> 0 | J16: =J15+K15 -> 0 | M16: =M15+N15 -> 0 | T16: Visit 7 | U16: =MAX('C - Survey - Pond 11-20'!G28:M28) -> 0 | V16: =MAX('C - Survey - Pond 11-20'!G61:M61) -> 0 | W16: =MAX('C - Survey - Pond 11-20'!G94:M94) -> 0 | X16: =MAX('C - Survey - Pond 11-20'!G127:M127) -> 0 | Y16: =MAX('C - Survey - Pond 11-20'!G160:M160) -> 0 | Z16: =MAX('C - Survey - Pond 11-20'!G193:M193) -> 0 | AA16: =MAX('C - Survey - Pond 11-20'!G226:M226) -> 0 | AB16: =MAX('C - Survey - Pond 11-20'!G259:M259) -> 0 | AC16: =MAX('C - Survey - Pond 11-20'!G292:M292) -> 0 | AD16: =MAX('C - Survey - Pond 11-20'!G325:M325) -> 0 | AE16: =SUM(U16:AD16) -> 0
B17: (2) Date: | C17: Air temp | D17: Veg cover | E17: Turbidity | F17: =IF(OR(AND(NOT(ISBLANK($C18)),$C18<5),AND(NOT(ISBLANK($D18)),$D18>3),AND(NOT(ISBLANK($E18)),$E18>3)),"1","0") -> 0 | T17: Visit 8 | U17: =MAX('C - Survey - Pond 11-20'!G30:M30) -> 0 | V17: =MAX('C - Survey - Pond 11-20'!G63:M63) -> 0 | W17: =MAX('C - Survey - Pond 11-20'!G96:M96) -> 0 | X17: =MAX('C - Survey - Pond 11-20'!G129:M129) -> 0 | Y17: =MAX('C - Survey - Pond 11-20'!G162:M162) -> 0 | Z17: =MAX('C - Survey - Pond 11-20'!G195:M195) -> 0 | AA17: =MAX('C - Survey - Pond 11-20'!G228:M228) -> 0 | AB17: =MAX('C - Survey - Pond 11-20'!G261:M261) -> 0 | AC17: =MAX('C - Survey - Pond 11-20'!G294:M294) -> 0 | AD17: =MAX('C - Survey - Pond 11-20'!G327:M327) -> 0 | AE17: =SUM(U17:AD17) -> 0
F18: Adult totals: | G18: =G17+H17 -> 0 | J18: =J17+K17 -> 0 | M18: =M17+N17 -> 0 | U18: =MATCH((MAX(U10:U17)),U10:U17,0) -> 1 | V18: =MATCH((MAX(V10:V17)),V10:V17,0) -> 1 | W18: =MATCH((MAX(W10:W17)),W10:W17,0) -> 1 | X18: =MATCH((MAX(X10:X17)),X10:X17,0) -> 1 | Y18: =MATCH((MAX(Y10:Y17)),Y10:Y17,0) -> 1 | Z18: =MATCH((MAX(Z10:Z17)),Z10:Z17,0) -> 1 | AA18: =MATCH((MAX(AA10:AA17)),AA10:AA17,0) -> 1 | AB18: =MATCH((MAX(AB10:AB17)),AB10:AB17,0) -> 1 | ... AD18: =MATCH((MAX(AD10:AD17)),AD10:AD17,0) -> 1
B19: (3) Date: | C19: Air temp | D19: Veg cover | E19: Turbidity | F19: =IF(OR(AND(NOT(ISBLANK($C20)),$C20<5),AND(NOT(ISBLANK($D20)),$D20>3),AND(NOT(ISBLANK($E20)),$E20>3)),"1","0") -> 0
F20: Adult totals: | G20: =G19+H19 -> 0 | J20: =J19+K19 -> 0 | M20: =M19+N19 -> 0 | AC20: total peak | AE20: =MAX(AE10:AE17) -> 0
B21: (4) Date: | C21: Air temp | D21: Veg cover | E21: Turbidity | F21: =IF(OR(AND(NOT(ISBLANK($C22)),$C22<5),AND(NOT(ISBLANK($D22)),$D22>3),AND(NOT(ISBLANK($E22)),$E22>3)),"1","0") -> 0
F22: Adult totals: | G22: =G21+H21 -> 0 | J22: =J21+K21 -> 0 | M22: =M21+N21 -> 0
B23: (5) Date: | C23: Air temp | D23: Veg cover | E23: Turbidity | F23: =IF(OR(AND(NOT(ISBLANK($C24)),$C24<5),AND(NOT(ISBLANK($D24)),$D24>3),AND(NOT(ISBLANK($E24)),$E24>3)),"1","0") -> 0
F24: Adult totals: | G24: =G23+H23 -> 0 | J24: =J23+K23 -> 0 | M24: =M23+N23 -> 0
B25: (6) Date: | C25: Air temp | D25: Veg cover | E25: Turbidity | F25: =IF(OR(AND(NOT(ISBLANK($C26)),$C26<5),AND(NOT(ISBLANK($D26)),$D26>3),AND(NOT(ISBLANK($E26)),$E26>3)),"1","0") -> 0
F26: Adult totals: | G26: =G25+H25 -> 0 | J26: =J25+K25 -> 0 | M26: =M25+N25 -> 0
B27: (7) Date: | C27: Air temp | D27: Veg cover | E27: Turbidity | F27: =IF(OR(AND(NOT(ISBLANK($C28)),$C28<5),AND(NOT(ISBLANK($D28)),$D28>3),AND(NOT(ISBLANK($E28)),$E28>3)),"1","0") -> 0
F28: Adult totals: | G28: =G27+H27 -> 0 | J28: =J27+K27 -> 0 | M28: =M27+N27 -> 0
B29: (8) Date: | C29: Air temp | D29: Veg cover | E29: Turbidity | F29: =IF(OR(AND(NOT(ISBLANK($C30)),$C30<5),AND(NOT(ISBLANK($D30)),$D30>3),AND(NOT(ISBLANK($E30)),$E30>3)),"1","0") -> 0
F30: Adult totals: | G30: =G29+H29 -> 0 | J30: =J29+K29 -> 0 | M30: =M29+N29 -> 0
B31: Peak adult count for this pond in any one visit (by torch, trap or net): | J31: =MAX(G16,J16,M16,G18,J18,M18,G20,J20,M20,G22,J22,M22,G24,J24,M24,G26,J26,M26,G28,J28,M28,G30,J30,M30) -> 0
B32: Comments and constraints:
B33: Temp Veg Tur problem? | C33: =F15+F17+F19+F21+F23+F25+F27+F29 -> 0
B34: Torch power low? | C34: =IF(AND(NOT(ISBLANK(G13)),OR(G13="< 50,000 cp",G13="50,000 - 499,999 cp")),"1","0") -> 0
B35: Visit 1 overall det problem? | C35: =C33+C34 -> 0
B36: # ponds | C36: =$F$4 -> 0
B39: =+Ecologist&": "&+Site_name -> :
B40: C4.3 Aquatic amphibian survey (conventional methods)- GCN results (cont - Pond 12) | K40: NB: This page prints in landscape format
B44: Pond reference (e.g. Pond 12) | F44: Method: | G44: Torch | J44: Bottle-trap | M44: Net | P44: Egg search | Q44: Larvae
G45: Torch power: | J45: No. of traps used in pond: | P45: eggs found? | Q45: larvae found? (any method)
B46: No. of survey visits to this pond:
B47: Sex/life stage: | G47: Male | H47: Female | I47: Imm. | J47: Male | K47: Female | L47: Imm. | M47: Male | N47: Female | O47: Imm.
B48: (1) Date: | C48: Air temp | D48: Veg cover | E48: Turbidity | F48: =IF(OR(AND(NOT(ISBLANK($C49)),$C49<5),AND(NOT(ISBLANK($D49)),$D49>3),AND(NOT(ISBLANK($E49)),$E49>3)),"1","0") -> 0
F49: Adult totals: | G49: =G48+H48 -> 0 | J49: =J48+K48 -> 0 | M49: =M48+N48 -> 0
B50: (2) Date: | C50: Air temp | D50: Veg cover | E50: Turbidity | F50: =IF(OR(AND(NOT(ISBLANK($C51)),$C51<5),AND(NOT(ISBLANK($D51)),$D51>3),AND(NOT(ISBLANK($E51)),$E51>3)),"1","0") -> 0
F51: Adult totals: | G51: =G50+H50 -> 0 | J51: =J50+K50 -> 0 | M51: =M50+N50 -> 0
B52: (3) Date: | C52: Air temp | D52: Veg cover | E52: Turbidity | F52: =IF(OR(AND(NOT(ISBLANK($C53)),$C53<5),AND(NOT(ISBLANK($D53)),$D53>3),AND(NOT(ISBLANK($E53)),$E53>3)),"1","0") -> 0
F53: Adult totals: | G53: =G52+H52 -> 0 | J53: =J52+K52 -> 0 | M53: =M52+N52 -> 0
B54: (4) Date: | C54: Air temp | D54: Veg cover | E54: Turbidity | F54: =IF(OR(AND(NOT(ISBLANK($C55)),$C55<5),AND(NOT(ISBLANK($D55)),$D55>3),AND(NOT(ISBLANK($E55)),$E55>3)),"1","0") -> 0
F55: Adult totals: | G55: =G54+H54 -> 0 | J55: =J54+K54 -> 0 | M55: =M54+N54 -> 0
B56: (5) Date: | C56: Air temp | D56: Veg cover | E56: Turbidity | F56: =IF(OR(AND(NOT(ISBLANK($C57)),$C57<5),AND(NOT(ISBLANK($D57)),$D57>3),AND(NOT(ISBLANK($E57)),$E57>3)),"1","0") -> 0
F57: Adult totals: | G57: =G56+H56 -> 0 | J57: =J56+K56 -> 0 | M57: =M56+N56 -> 0
B58: (6) Date: | C58: Air temp | D58: Veg cover | E58: Turbidity | F58: =IF(OR(AND(NOT(ISBLANK($C59)),$C59<5),AND(NOT(ISBLANK($D59)),$D59>3),AND(NOT(ISBLANK($E59)),$E59>3)),"1","0") -> 0
F59: Adult totals: | G59: =G58+H58 -> 0 | J59: =J58+K58 -> 0 | M59: =M58+N58 -> 0
B60: (7) Date: | C60: Air temp | D60: Veg cover | E60: Turbidity | F60: =IF(OR(AND(NOT(ISBLANK($C61)),$C61<5),AND(NOT(ISBLANK($D61)),$D61>3),AND(NOT(ISBLANK($E61)),$E61>3)),"1","0") -> 0
F61: Adult totals: | G61: =G60+H60 -> 0 | J61: =J60+K60 -> 0 | M61: =M60+N60 -> 0
B62: (8) Date: | C62: Air temp | D62: Veg cover | E62: Turbidity | F62: =IF(OR(AND(NOT(ISBLANK($C63)),$C63<5),AND(NOT(ISBLANK($D63)),$D63>3),AND(NOT(ISBLANK($E63)),$E63>3)),"1","0") -> 0
F63: Adult totals: | G63: =G62+H62 -> 0 | J63: =J62+K62 -> 0 | M63: =M62+N62 -> 0
B64: Peak adult count for this pond in any one visit (by torch, trap or net): | J64: =MAX(G49,J49,M49,G51,J51,M51,G53,J53,M53,G55,J55,M55,G57,J57,M57,G59,J59,M59,G61,J61,M61,G63,J63,M63) -> 0
B65: Comments and constraints:
B66: Temp Veg Tur problem? | C66: =F48+F50+F52+F54+F56+F58+F60+F62 -> 0
B67: Torch power low? | C67: =IF(AND(NOT(ISBLANK(G46)),OR(G46="< 50,000 cp",G46="50,000 - 499,999 cp")),"1","0") -> 0
B68: Visit 1 overall det problem? | C68: =C66+C67 -> 0
B69: # ponds | C69: =$F$4 -> 0
B72: =+Ecologist&": "&+Site_name -> :
B73: C4.3 Aquatic amphibian survey (conventional surveys- GCN results (cont - Pond 13) | K73: NB: This page prints in landscape format
B77: Pond reference (e.g. Pond 13) | F77: Method: | G77: Torch | J77: Bottle-trap | M77: Net | P77: Egg search | Q77: Larvae
G78: Torch power: | J78: No. of traps used in pond: | P78: eggs found? | Q78: larvae found? (any method)
B79: No. of survey visits to this pond:
B80: Sex/life stage: | G80: Male | H80: Female | I80: Imm. | J80: Male | K80: Female | L80: Imm. | M80: Male | N80: Female | O80: Imm.
B81: (1) Date: | C81: Air temp | D81: Veg cover | E81: Turbidity | F81: =IF(OR(AND(NOT(ISBLANK($C82)),$C82<5),AND(NOT(ISBLANK($D82)),$D82>3),AND(NOT(ISBLANK($E82)),$E82>3)),"1","0") -> 0
F82: Adult totals: | G82: =G81+H81 -> 0 | J82: =J81+K81 -> 0 | M82: =M81+N81 -> 0
B83: (2) Date: | C83: Air temp | D83: Veg cover | E83: Turbidity | F83: =IF(OR(AND(NOT(ISBLANK($C84)),$C84<5),AND(NOT(ISBLANK($D84)),$D84>3),AND(NOT(ISBLANK($E84)),$E84>3)),"1","0") -> 0
F84: Adult totals: | G84: =G83+H83 -> 0 | J84: =J83+K83 -> 0 | M84: =M83+N83 -> 0
B85: (3) Date: | C85: Air temp | D85: Veg cover | E85: Turbidity | F85: =IF(OR(AND(NOT(ISBLANK($C86)),$C86<5),AND(NOT(ISBLANK($D86)),$D86>3),AND(NOT(ISBLANK($E86)),$E86>3)),"1","0") -> 0
F86: Adult totals: | G86: =G85+H85 -> 0 | J86: =J85+K85 -> 0 | M86: =M85+N85 -> 0
B87: (4) Date: | C87: Air temp | D87: Veg cover | E87: Turbidity | F87: =IF(OR(AND(NOT(ISBLANK($C88)),$C88<5),AND(NOT(ISBLANK($D88)),$D88>3),AND(NOT(ISBLANK($E88)),$E88>3)),"1","0") -> 0
F88: Adult totals: | G88: =G87+H87 -> 0 | J88: =J87+K87 -> 0 | M88: =M87+N87 -> 0
B89: (5) Date: | C89: Air temp | D89: Veg cover | E89: Turbidity | F89: =IF(OR(AND(NOT(ISBLANK($C90)),$C90<5),AND(NOT(ISBLANK($D90)),$D90>3),AND(NOT(ISBLANK($E90)),$E90>3)),"1","0") -> 0
F90: Adult totals: | G90: =G89+H89 -> 0 | J90: =J89+K89 -> 0 | M90: =M89+N89 -> 0
B91: (6) Date: | C91: Air temp | D91: Veg cover | E91: Turbidity | F91: =IF(OR(AND(NOT(ISBLANK($C92)),$C92<5),AND(NOT(ISBLANK($D92)),$D92>3),AND(NOT(ISBLANK($E92)),$E92>3)),"1","0") -> 0
F92: Adult totals: | G92: =G91+H91 -> 0 | J92: =J91+K91 -> 0 | M92: =M91+N91 -> 0
B93: (7) Date: | C93: Air temp | D93: Veg cover | E93: Turbidity | F93: =IF(OR(AND(NOT(ISBLANK($C94)),$C94<5),AND(NOT(ISBLANK($D94)),$D94>3),AND(NOT(ISBLANK($E94)),$E94>3)),"1","0") -> 0
F94: Adult totals: | G94: =G93+H93 -> 0 | J94: =J93+K93 -> 0 | M94: =M93+N93 -> 0
B95: (8) Date: | C95: Air temp | D95: Veg cover | E95: Turbidity | F95: =IF(OR(AND(NOT(ISBLANK($C96)),$C96<5),AND(NOT(ISBLANK($D96)),$D96>3),AND(NOT(ISBLANK($E96)),$E96>3)),"1","0") -> 0
F96: Adult totals: | G96: =G95+H95 -> 0 | J96: =J95+K95 -> 0 | M96: =M95+N95 -> 0
B97: Peak adult count for this pond in any one visit (by torch, trap or net): | J97: =MAX(G82,J82,M82,G84,J84,M84,G86,J86,M86,G88,J88,M88,G90,J90,M90,G92,J92,M92,G94,J94,M94,G96,J96,M96) -> 0
B98: Comments and constraints:
B99: Temp Veg Tur problem? | C99: =F81+F83+F85+F87+F89+F91+F93+F95 -> 0
B100: Torch power low? | C100: =IF(AND(NOT(ISBLANK(G79)),OR(G79="< 50,000 cp",G79="50,000 - 499,999 cp")),"1","0") -> 0
B101: Visit 1 overall det problem? | C101: =C99+C100 -> 0
B102: # ponds | C102: =$F$4 -> 0
B105: =+Ecologist&": "&+Site_name -> :
B106: C4.3 Aquatic amphibian survey (conventional methods) - GCN results (cont- Pond 14) | K106: NB: This page prints in landscape format
B110: Pond reference (e.g. Pond 14) | F110: Method: | G110: Torch | J110: Bottle-trap | M110: Net | P110: Egg search | Q110: Larvae
G111: Torch power: | J111: No. of traps used in pond: | P111: eggs found? | Q111: larvae found? (any method)
B112: No. of survey visits to this pond:
B113: Sex/life stage: | G113: Male | H113: Female | I113: Imm. | J113: Male | K113: Female | L113: Imm. | M113: Male | N113: Female | O113: Imm.
B114: (1) Date: | C114: Air temp | D114: Veg cover | E114: Turbidity | F114: =IF(OR(AND(NOT(ISBLANK($C115)),$C115<5),AND(NOT(ISBLANK($D115)),$D115>3),AND(NOT(ISBLANK($E115)),$E115>3)),"1","0") -> 0
F115: Adult totals: | G115: =G114+H114 -> 0 | J115: =J114+K114 -> 0 | M115: =M114+N114 -> 0
B116: (2) Date: | C116: Air temp | D116: Veg cover | E116: Turbidity | F116: =IF(OR(AND(NOT(ISBLANK($C117)),$C117<5),AND(NOT(ISBLANK($D117)),$D117>3),AND(NOT(ISBLANK($E117)),$E117>3)),"1","0") -> 0
F117: Adult totals: | G117: =G116+H116 -> 0 | J117: =J116+K116 -> 0 | M117: =M116+N116 -> 0
...

Sheet C - Survey - Pond 21-30
B1: =+Ecologist&": "&+Site_name -> :
B2: C4.3 Aquatic amphibian survey (conventional methods) - GCN results - Pond 21
B3: Was an aquatic amphibian survey done? | G3: If no, proceed to next section. | K3: Return to Ponds 1 - 10 tab
B4: Total no. of ponds surveyed: | F4: ='C - Survey - Pond 1-10'!F4 -> 0
B5: Surveyor name(s):
B6: Important. Read before completing this section: Enter GCN survey data in relevant boxes in the table below (for Pond 1) and those on subsequent sheets (for up to 9 other ponds). Enter "0" where you did a survey and found no newts; leave box blank if no survey was done. This format is designed for a typical single season survey with typical methods and effort. Explain atypical methods/effort later. For multiple year surveys, give details in annex (convert data to this format if possible). Use these tables to provide details only for the most recent season's survey. Append older survey results in full. Automatic yellow highlight indicates possible detectability problem (see Evaluation & interpretation section, later).
U8: Pond 21 | V8: Pond 22 | W8: Pond 23 | X8: Pond 24 | Y8: Pond 25 | Z8: Pond 26 | AA8: Pond 27 | AB8: Pond 28 | AC8: Pond 29 | AD8: Pond 30 | AE8: Visit total
T10: Visit 1 | U10: =MAX('C - Survey - Pond 21-30'!G16:M16) -> 0 | V10: =MAX('C - Survey - Pond 21-30'!G49:M49) -> 0 | W10: =MAX('C - Survey - Pond 21-30'!G82:M82) -> 0 | X10: =MAX('C - Survey - Pond 21-30'!G115:M115) -> 0 | Y10: =MAX('C - Survey - Pond 21-30'!G148:M148) -> 0 | Z10: =MAX('C - Survey - Pond 21-30'!G181:M181) -> 0 | AA10: =MAX('C - Survey - Pond 21-30'!G214:M214) -> 0 | AB10: =MAX('C - Survey - Pond 21-30'!G247:M247) -> 0 | AC10: =MAX('C - Survey - Pond 21-30'!G280:M280) -> 0 | AD10: =MAX('C - Survey - Pond 21-30'!G313:M313) -> 0 | AE10: =SUM(U10:AD10) -> 0
B11: Pond reference (e.g. "Pond 21") - below | F11: Method: | G11: Torch | J11: Bottle-trap | M11: Net | P11: Egg search | Q11: Larvae | T11: Visit 2 | U11: =MAX('C - Survey - Pond 21-30'!G18:M18) -> 0 | V11: =MAX('C - Survey - Pond 21-30'!G51:M51) -> 0 | W11: =MAX('C - Survey - Pond 21-30'!G84:M84) -> 0 | X11: =MAX('C - Survey - Pond 21-30'!G117:M117) -> 0 | Y11: =MAX('C - Survey - Pond 21-30'!G150:M150) -> 0 | Z11: =MAX('C - Survey - Pond 21-30'!G183:M183) -> 0 | AA11: =MAX('C - Survey - Pond 21-30'!G216:M216) -> 0 | AB11: =MAX('C - Survey - Pond 21-30'!G249:M249) -> 0 | AC11: =MAX('C - Survey - Pond 21-30'!G282:M282) -> 0 | AD11: =MAX('C - Survey - Pond 21-30'!G315:M315) -> 0 | AE11: =SUM(U11:AD11) -> 0
G12: Torch power: | J12: No. of traps used in pond: | P12: eggs found? | Q12: larvae found? (any method) | T12: Visit 3 | U12: =MAX('C - Survey - Pond 21-30'!G20:M20) -> 0 | V12: =MAX('C - Survey - Pond 21-30'!G53:M53) -> 0 | W12: =MAX('C - Survey - Pond 21-30'!G86:M86) -> 0 | X12: =MAX('C - Survey - Pond 21-30'!G119:M119) -> 0 | Y12: =MAX('C - Survey - Pond 21-30'!G152:M152) -> 0 | Z12: =MAX('C - Survey - Pond 21-30'!G185:M185) -> 0 | AA12: =MAX('C - Survey - Pond 21-30'!G218:M218) -> 0 | AB12: =MAX('C - Survey - Pond 21-30'!G251:M251) -> 0 | AC12: =MAX('C - Survey - Pond 21-30'!G284:M284) -> 0 | AD12: =MAX('C - Survey - Pond 21-30'!G317:M317) -> 0 | AE12: =SUM(U12:AD12) -> 0
B13: No. of survey visits to this pond: | E13: 0 | T13: Visit 4 | U13: =MAX('C - Survey - Pond 21-30'!G22:M22) -> 0 | V13: =MAX('C - Survey - Pond 21-30'!G55:M55) -> 0 | W13: =MAX('C - Survey - Pond 21-30'!G88:M88) -> 0 | X13: =MAX('C - Survey - Pond 21-30'!G121:M121) -> 0 | Y13: =MAX('C - Survey - Pond 21-30'!G154:M154) -> 0 | Z13: =MAX('C - Survey - Pond 21-30'!G187:M187) -> 0 | AA13: =MAX('C - Survey - Pond 21-30'!G220:M220) -> 0 | AB13: =MAX('C - Survey - Pond 21-30'!G253:M253) -> 0 | AC13: =MAX('C - Survey - Pond 21-30'!G286:M286) -> 0 | AD13: =MAX('C - Survey - Pond 21-30'!G319:M319) -> 0 | AE13: =SUM(U13:AD13) -> 0
B14: Sex/life stage: | G14: Male | H14: Female | I14: Imm. | J14: Male | K14: Female | L14: Imm. | M14: Male | N14: Female | O14: Imm. | T14: Visit 5 | U14: =MAX('C - Survey - Pond 21-30'!G24:M24) -> 0 | V14: =MAX('C - Survey - Pond 21-30'!G57:M57) -> 0 | W14: =MAX('C - Survey - Pond 21-30'!G90:M90) -> 0 | X14: =MAX('C - Survey - Pond 21-30'!G123:M123) -> 0 | Y14: =MAX('C - Survey - Pond 21-30'!G156:M156) -> 0 | Z14: =MAX('C - Survey - Pond 21-30'!G189:M189) -> 0 | AA14: =MAX('C - Survey - Pond 21-30'!G222:M222) -> 0 | AB14: =MAX('C - Survey - Pond 21-30'!G255:M255) -> 0 | AC14: =MAX('C - Survey - Pond 21-30'!G288:M288) -> 0 | AD14: =MAX('C - Survey - Pond 21-30'!G321:M321) -> 0 | AE14: =SUM(U14:AD14) -> 0
B15: (1) Date: | C15: Air temp | D15: Veg cover | E15: Turbidity | F15: =IF(OR(AND(NOT(ISBLANK($C16)),$C16<5),AND(NOT(ISBLANK($D16)),$D16>3),AND(NOT(ISBLANK($E16)),$E16>3)),"1","0") -> 0 | T15: Visit 6 | U15: =MAX('C - Survey - Pond 21-30'!G26:M26) -> 0 | V15: =MAX('C - Survey - Pond 21-30'!G59:M59) -> 0 | W15: =MAX('C - Survey - Pond 21-30'!G92:M92) -> 0 | X15: =MAX('C - Survey - Pond 21-30'!G125:M125) -> 0 | Y15: =MAX('C - Survey - Pond 21-30'!G158:M158) -> 0 | Z15: =MAX('C - Survey - Pond 21-30'!G191:M191) -> 0 | AA15: =MAX('C - Survey - Pond 21-30'!G224:M224) -> 0 | AB15: =MAX('C - Survey - Pond 21-30'!G257:M257) -> 0 | AC15: =MAX('C - Survey - Pond 21-30'!G290:M290) -> 0 | AD15: =MAX('C - Survey - Pond 21-30'!G323:M323) -> 0 | AE15: =SUM(U15:AD15) -> 0
F16: Adult totals: | G16: =G15+H15 -> 0 | J16: =J15+K15 -> 0 | M16: =M15+N15 -> 0 | T16: Visit 7 | U16: =MAX('C - Survey - Pond 21-30'!G28:M28) -> 0 | V16: =MAX('C - Survey - Pond 21-30'!G61:M61) -> 0 | W16: =MAX('C - Survey - Pond 21-30'!G94:M94) -> 0 | X16: =MAX('C - Survey - Pond 21-30'!G127:M127) -> 0 | Y16: =MAX('C - Survey - Pond 21-30'!G160:M160) -> 0 | Z16: =MAX('C - Survey - Pond 21-30'!G193:M193) -> 0 | AA16: =MAX('C - Survey - Pond 21-30'!G226:M226) -> 0 | AB16: =MAX('C - Survey - Pond 21-30'!G259:M259) -> 0 | AC16: =MAX('C - Survey - Pond 21-30'!G292:M292) -> 0 | AD16: =MAX('C - Survey - Pond 21-30'!G325:M325) -> 0 | AE16: =SUM(U16:AD16) -> 0
B17: (2) Date: | C17: Air temp | D17: Veg cover | E17: Turbidity | F17: =IF(OR(AND(NOT(ISBLANK($C18)),$C18<5),AND(NOT(ISBLANK($D18)),$D18>3),AND(NOT(ISBLANK($E18)),$E18>3)),"1","0") -> 0 | T17: Visit 8 | U17: =MAX('C - Survey - Pond 21-30'!G30:M30) -> 0 | V17: =MAX('C - Survey - Pond 21-30'!G63:M63) -> 0 | W17: =MAX('C - Survey - Pond 21-30'!G96:M96) -> 0 | X17: =MAX('C - Survey - Pond 21-30'!G129:M129) -> 0 | Y17: =MAX('C - Survey - Pond 21-30'!G162:M162) -> 0 | Z17: =MAX('C - Survey - Pond 21-30'!G195:M195) -> 0 | AA17: =MAX('C - Survey - Pond 21-30'!G228:M228) -> 0 | AB17: =MAX('C - Survey - Pond 21-30'!G261:M261) -> 0 | AC17: =MAX('C - Survey - Pond 21-30'!G294:M294) -> 0 | AD17: =MAX('C - Survey - Pond 21-30'!G327:M327) -> 0 | AE17: =SUM(U17:AD17) -> 0
F18: Adult totals: | G18: =G17+H17 -> 0 | J18: =J17+K17 -> 0 | M18: =M17+N17 -> 0 | U18: =MATCH((MAX(U10:U17)),U10:U17,0) -> 1 | V18: =MATCH((MAX(V10:V17)),V10:V17,0) -> 1 | W18: =MATCH((MAX(W10:W17)),W10:W17,0) -> 1 | X18: =MATCH((MAX(X10:X17)),X10:X17,0) -> 1 | Y18: =MATCH((MAX(Y10:Y17)),Y10:Y17,0) -> 1 | Z18: =MATCH((MAX(Z10:Z17)),Z10:Z17,0) -> 1 | AA18: =MATCH((MAX(AA10:AA17)),AA10:AA17,0) -> 1 | AB18: =MATCH((MAX(AB10:AB17)),AB10:AB17,0) -> 1 | ... AD18: =MATCH((MAX(AD10:AD17)),AD10:AD17,0) -> 1
B19: (3) Date: | C19: Air temp | D19: Veg cover | E19: Turbidity | F19: =IF(OR(AND(NOT(ISBLANK($C20)),$C20<5),AND(NOT(ISBLANK($D20)),$D20>3),AND(NOT(ISBLANK($E20)),$E20>3)),"1","0") -> 0
F20: Adult totals: | G20: =G19+H19 -> 0 | J20: =J19+K19 -> 0 | M20: =M19+N19 -> 0 | AC20: total peak | AE20: =MAX(AE10:AE17) -> 0
B21: (4) Date: | C21: Air temp | D21: Veg cover | E21: Turbidity | F21: =IF(OR(AND(NOT(ISBLANK($C22)),$C22<5),AND(NOT(ISBLANK($D22)),$D22>3),AND(NOT(ISBLANK($E22)),$E22>3)),"1","0") -> 0
F22: Adult totals: | G22: =G21+H21 -> 0 | J22: =J21+K21 -> 0 | M22: =M21+N21 -> 0
B23: (5) Date: | C23: Air temp | D23: Veg cover | E23: Turbidity | F23: =IF(OR(AND(NOT(ISBLANK($C24)),$C24<5),AND(NOT(ISBLANK($D24)),$D24>3),AND(NOT(ISBLANK($E24)),$E24>3)),"1","0") -> 0
F24: Adult totals: | G24: =G23+H23 -> 0 | J24: =J23+K23 -> 0 | M24: =M23+N23 -> 0
B25: (6) Date: | C25: Air temp | D25: Veg cover | E25: Turbidity | F25: =IF(OR(AND(NOT(ISBLANK($C26)),$C26<5),AND(NOT(ISBLANK($D26)),$D26>3),AND(NOT(ISBLANK($E26)),$E26>3)),"1","0") -> 0
F26: Adult totals: | G26: =G25+H25 -> 0 | J26: =J25+K25 -> 0 | M26: =M25+N25 -> 0
B27: (7) Date: | C27: Air temp | D27: Veg cover | E27: Turbidity | F27: =IF(OR(AND(NOT(ISBLANK($C28)),$C28<5),AND(NOT(ISBLANK($D28)),$D28>3),AND(NOT(ISBLANK($E28)),$E28>3)),"1","0") -> 0
F28: Adult totals: | G28: =G27+H27 -> 0 | J28: =J27+K27 -> 0 | M28: =M27+N27 -> 0
B29: (8) Date: | C29: Air temp | D29: Veg cover | E29: Turbidity | F29: =IF(OR(AND(NOT(ISBLANK($C30)),$C30<5),AND(NOT(ISBLANK($D30)),$D30>3),AND(NOT(ISBLANK($E30)),$E30>3)),"1","0") -> 0
F30: Adult totals: | G30: =G29+H29 -> 0 | J30: =J29+K29 -> 0 | M30: =M29+N29 -> 0
B31: Peak adult count for this pond in any one visit (by torch, trap or net): | J31: =MAX(G16,J16,M16,G18,J18,M18,G20,J20,M20,G22,J22,M22,G24,J24,M24,G26,J26,M26,G28,J28,M28,G30,J30,M30) -> 0
B32: Comments and constraints:
B33: Temp Veg Tur problem? | C33: =F15+F17+F19+F21+F23+F25+F27+F29 -> 0
B34: Torch power low? | C34: =IF(AND(NOT(ISBLANK(G13)),OR(G13="< 50,000 cp",G13="50,000 - 499,999 cp")),"1","0") -> 0
B35: Visit 1 overall det problem? | C35: =C33+C34 -> 0
B36: # ponds | C36: =$F$4 -> 0
B39: =+Ecologist&": "&+Site_name -> :
B40: C4.3 Aquatic amphibian survey (conventional methods)- GCN results (cont.) | K40: NB: This page prints in landscape format
B44: Pond reference (e.g. Pond 22) | F44: Method: | G44: Torch | J44: Bottle-trap | M44: Net | P44: Egg search | Q44: Larvae
G45: Torch power: | J45: No. of traps used in pond: | P45: eggs found? | Q45: larvae found? (any method)
B46: No. of survey visits to this pond:
B47: Sex/life stage: | G47: Male | H47: Female | I47: Imm. | J47: Male | K47: Female | L47: Imm. | M47: Male | N47: Female | O47: Imm.
B48: (1) Date: | C48: Air temp | D48: Veg cover | E48: Turbidity | F48: =IF(OR(AND(NOT(ISBLANK($C49)),$C49<5),AND(NOT(ISBLANK($D49)),$D49>3),AND(NOT(ISBLANK($E49)),$E49>3)),"1","0") -> 0
F49: Adult totals: | G49: =G48+H48 -> 0 | J49: =J48+K48 -> 0 | M49: =M48+N48 -> 0
B50: (2) Date: | C50: Air temp | D50: Veg cover | E50: Turbidity | F50: =IF(OR(AND(NOT(ISBLANK($C51)),$C51<5),AND(NOT(ISBLANK($D51)),$D51>3),AND(NOT(ISBLANK($E51)),$E51>3)),"1","0") -> 0
F51: Adult totals: | G51: =G50+H50 -> 0 | J51: =J50+K50 -> 0 | M51: =M50+N50 -> 0
B52: (3) Date: | C52: Air temp | D52: Veg cover | E52: Turbidity | F52: =IF(OR(AND(NOT(ISBLANK($C53)),$C53<5),AND(NOT(ISBLANK($D53)),$D53>3),AND(NOT(ISBLANK($E53)),$E53>3)),"1","0") -> 0
F53: Adult totals: | G53: =G52+H52 -> 0 | J53: =J52+K52 -> 0 | M53: =M52+N52 -> 0
B54: (4) Date: | C54: Air temp | D54: Veg cover | E54: Turbidity | F54: =IF(OR(AND(NOT(ISBLANK($C55)),$C55<5),AND(NOT(ISBLANK($D55)),$D55>3),AND(NOT(ISBLANK($E55)),$E55>3)),"1","0") -> 0
F55: Adult totals: | G55: =G54+H54 -> 0 | J55: =J54+K54 -> 0 | M55: =M54+N54 -> 0
B56: (5) Date: | C56: Air temp | D56: Veg cover | E56: Turbidity | F56: =IF(OR(AND(NOT(ISBLANK($C57)),$C57<5),AND(NOT(ISBLANK($D57)),$D57>3),AND(NOT(ISBLANK($E57)),$E57>3)),"1","0") -> 0
F57: Adult totals: | G57: =G56+H56 -> 0 | J57: =J56+K56 -> 0 | M57: =M56+N56 -> 0
B58: (6) Date: | C58: Air temp | D58: Veg cover | E58: Turbidity | F58: =IF(OR(AND(NOT(ISBLANK($C59)),$C59<5),AND(NOT(ISBLANK($D59)),$D59>3),AND(NOT(ISBLANK($E59)),$E59>3)),"1","0") -> 0
F59: Adult totals: | G59: =G58+H58 -> 0 | J59: =J58+K58 -> 0 | M59: =M58+N58 -> 0
B60: (7) Date: | C60: Air temp | D60: Veg cover | E60: Turbidity | F60: =IF(OR(AND(NOT(ISBLANK($C61)),$C61<5),AND(NOT(ISBLANK($D61)),$D61>3),AND(NOT(ISBLANK($E61)),$E61>3)),"1","0") -> 0
F61: Adult totals: | G61: =G60+H60 -> 0 | J61: =J60+K60 -> 0 | M61: =M60+N60 -> 0
B62: (8) Date: | C62: Air temp | D62: Veg cover | E62: Turbidity | F62: =IF(OR(AND(NOT(ISBLANK($C63)),$C63<5),AND(NOT(ISBLANK($D63)),$D63>3),AND(NOT(ISBLANK($E63)),$E63>3)),"1","0") -> 0
F63: Adult totals: | G63: =G62+H62 -> 0 | J63: =J62+K62 -> 0 | M63: =M62+N62 -> 0
B64: Peak adult count for this pond in any one visit (by torch, trap or net): | J64: =MAX(G49,J49,M49,G51,J51,M51,G53,J53,M53,G55,J55,M55,G57,J57,M57,G59,J59,M59,G61,J61,M61,G63,J63,M63) -> 0
B65: Comments and constraints:
B66: Temp Veg Tur problem? | C66: =F48+F50+F52+F54+F56+F58+F60+F62 -> 0
B67: Torch power low? | C67: =IF(AND(NOT(ISBLANK(G46)),OR(G46="< 50,000 cp",G46="50,000 - 499,999 cp")),"1","0") -> 0
B68: Visit 1 overall det problem? | C68: =C66+C67 -> 0
B69: # ponds | C69: =$F$4 -> 0
B72: =+Ecologist&": "&+Site_name -> :
B73: C4.3 Aquatic amphibian survey (conventional surveys- GCN results (cont.) | K73: NB: This page prints in landscape format
B77: Pond reference (e.g. Pond 23) | F77: Method: | G77: Torch | J77: Bottle-trap | M77: Net | P77: Egg search | Q77: Larvae
G78: Torch power: | J78: No. of traps used in pond: | P78: eggs found? | Q78: larvae found? (any method)
B79: No. of survey visits to this pond:
B80: Sex/life stage: | G80: Male | H80: Female | I80: Imm. | J80: Male | K80: Female | L80: Imm. | M80: Male | N80: Female | O80: Imm.
B81: (1) Date: | C81: Air temp | D81: Veg cover | E81: Turbidity | F81: =IF(OR(AND(NOT(ISBLANK($C82)),$C82<5),AND(NOT(ISBLANK($D82)),$D82>3),AND(NOT(ISBLANK($E82)),$E82>3)),"1","0") -> 0
F82: Adult totals: | G82: =G81+H81 -> 0 | J82: =J81+K81 -> 0 | M82: =M81+N81 -> 0
B83: (2) Date: | C83: Air temp | D83: Veg cover | E83: Turbidity | F83: =IF(OR(AND(NOT(ISBLANK($C84)),$C84<5),AND(NOT(ISBLANK($D84)),$D84>3),AND(NOT(ISBLANK($E84)),$E84>3)),"1","0") -> 0
F84: Adult totals: | G84: =G83+H83 -> 0 | J84: =J83+K83 -> 0 | M84: =M83+N83 -> 0
B85: (3) Date: | C85: Air temp | D85: Veg cover | E85: Turbidity | F85: =IF(OR(AND(NOT(ISBLANK($C86)),$C86<5),AND(NOT(ISBLANK($D86)),$D86>3),AND(NOT(ISBLANK($E86)),$E86>3)),"1","0") -> 0
F86: Adult totals: | G86: =G85+H85 -> 0 | J86: =J85+K85 -> 0 | M86: =M85+N85 -> 0
B87: (4) Date: | C87: Air temp | D87: Veg cover | E87: Turbidity | F87: =IF(OR(AND(NOT(ISBLANK($C88)),$C88<5),AND(NOT(ISBLANK($D88)),$D88>3),AND(NOT(ISBLANK($E88)),$E88>3)),"1","0") -> 0
F88: Adult totals: | G88: =G87+H87 -> 0 | J88: =J87+K87 -> 0 | M88: =M87+N87 -> 0
B89: (5) Date: | C89: Air temp | D89: Veg cover | E89: Turbidity | F89: =IF(OR(AND(NOT(ISBLANK($C90)),$C90<5),AND(NOT(ISBLANK($D90)),$D90>3),AND(NOT(ISBLANK($E90)),$E90>3)),"1","0") -> 0
F90: Adult totals: | G90: =G89+H89 -> 0 | J90: =J89+K89 -> 0 | M90: =M89+N89 -> 0
B91: (6) Date: | C91: Air temp | D91: Veg cover | E91: Turbidity | F91: =IF(OR(AND(NOT(ISBLANK($C92)),$C92<5),AND(NOT(ISBLANK($D92)),$D92>3),AND(NOT(ISBLANK($E92)),$E92>3)),"1","0") -> 0
F92: Adult totals: | G92: =G91+H91 -> 0 | J92: =J91+K91 -> 0 | M92: =M91+N91 -> 0
B93: (7) Date: | C93: Air temp | D93: Veg cover | E93: Turbidity | F93: =IF(OR(AND(NOT(ISBLANK($C94)),$C94<5),AND(NOT(ISBLANK($D94)),$D94>3),AND(NOT(ISBLANK($E94)),$E94>3)),"1","0") -> 0
F94: Adult totals: | G94: =G93+H93 -> 0 | J94: =J93+K93 -> 0 | M94: =M93+N93 -> 0
B95: (8) Date: | C95: Air temp | D95: Veg cover | E95: Turbidity | F95: =IF(OR(AND(NOT(ISBLANK($C96)),$C96<5),AND(NOT(ISBLANK($D96)),$D96>3),AND(NOT(ISBLANK($E96)),$E96>3)),"1","0") -> 0
F96: Adult totals: | G96: =G95+H95 -> 0 | J96: =J95+K95 -> 0 | M96: =M95+N95 -> 0
B97: Peak adult count for this pond in any one visit (by torch, trap or net): | J97: =MAX(G82,J82,M82,G84,J84,M84,G86,J86,M86,G88,J88,M88,G90,J90,M90,G92,J92,M92,G94,J94,M94,G96,J96,M96) -> 0
B98: Comments and constraints:
B99: Temp Veg Tur problem? | C99: =F81+F83+F85+F87+F89+F91+F93+F95 -> 0
B100: Torch power low? | C100: =IF(AND(NOT(ISBLANK(G79)),OR(G79="< 50,000 cp",G79="50,000 - 499,999 cp")),"1","0") -> 0
B101: Visit 1 overall det problem? | C101: =C99+C100 -> 0
B102: # ponds | C102: =$F$4 -> 0
B105: =+Ecologist&": "&+Site_name -> :
B106: C4.3 Aquatic amphibian survey (conventional methods) - GCN results (cont.) | K106: NB: This page prints in landscape format
B110: Pond reference (e.g. Pond 24) | F110: Method: | G110: Torch | J110: Bottle-trap | M110: Net | P110: Egg search | Q110: Larvae
G111: Torch power: | J111: No. of traps used in pond: | P111: eggs found? | Q111: larvae found? (any method)
B112: No. of survey visits to this pond:
B113: Sex/life stage: | G113: Male | H113: Female | I113: Imm. | J113: Male | K113: Female | L113: Imm. | M113: Male | N113: Female | O113: Imm.
B114: (1) Date: | C114: Air temp | D114: Veg cover | E114: Turbidity | F114: =IF(OR(AND(NOT(ISBLANK($C115)),$C115<5),AND(NOT(ISBLANK($D115)),$D115>3),AND(NOT(ISBLANK($E115)),$E115>3)),"1","0") -> 0
F115: Adult totals: | G115: =G114+H114 -> 0 | J115: =J114+K114 -> 0 | M115: =M114+N114 -> 0
B116: (2) Date: | C116: Air temp | D116: Veg cover | E116: Turbidity | F116: =IF(OR(AND(NOT(ISBLANK($C117)),$C117<5),AND(NOT(ISBLANK($D117)),$D117>3),AND(NOT(ISBLANK($E117)),$E117>3)),"1","0") -> 0
F117: Adult totals: | G117: =G116+H116 -> 0 | J117: =J116+K116 -> 0 | M117: =M116+N116 -> 0
...

Sheet C - Survey - Pond 31-40
B1: =+Ecologist&": "&+Site_name -> :
B2: C4.3 Aquatic amphibian survey (conventional methods) - GCN results - Pond 31
B3: Was an aquatic amphibian survey done? | G3: If no, proceed to next section. | K3: Return to Ponds 1 - 10 tab
B4: Total no. of ponds surveyed: | F4: ='C - Survey - Pond 1-10'!F4 -> 0
B5: Surveyor name(s):
B6: Important. Read before completing this section: Enter GCN survey data in relevant boxes in the table below (for Pond 1) and those on subsequent sheets (for up to 9 other ponds). Enter "0" where you did a survey and found no newts; leave box blank if no survey was done. This format is designed for a typical single season survey with typical methods and effort. Explain atypical methods/effort later. For multiple year surveys, give details in annex (convert data to this format if possible). Use these tables to provide details only for the most recent season's survey. Append older survey results in full. Automatic yellow highlight indicates possible detectability problem (see Evaluation & interpretation section, later).
U8: Pond 31 | V8: Pond 32 | W8: Pond 33 | X8: Pond 34 | Y8: Pond 35 | Z8: Pond 36 | AA8: Pond 37 | AB8: Pond 38 | AC8: Pond 39 | AD8: Pond 40 | AE8: Visit total
T10: Visit 1 | U10: =MAX('C - Survey - Pond 31-40'!G16:M16) -> 0 | V10: =MAX('C - Survey - Pond 31-40'!G49:M49) -> 0 | W10: =MAX('C - Survey - Pond 31-40'!G82:M82) -> 0 | X10: =MAX('C - Survey - Pond 31-40'!G115:M115) -> 0 | Y10: =MAX('C - Survey - Pond 31-40'!G148:M148) -> 0 | Z10: =MAX('C - Survey - Pond 31-40'!G181:M181) -> 0 | AA10: =MAX('C - Survey - Pond 31-40'!G214:M214) -> 0 | AB10: =MAX('C - Survey - Pond 31-40'!G247:M247) -> 0 | AC10: =MAX('C - Survey - Pond 31-40'!G280:M280) -> 0 | AD10: =MAX('C - Survey - Pond 31-40'!G313:M313) -> 0 | AE10: =SUM(U10:AD10) -> 0
B11: Pond reference (e.g. "Pond 31") - below | F11: Method: | G11: Torch | J11: Bottle-trap | M11: Net | P11: Egg search | Q11: Larvae | T11: Visit 2 | U11: =MAX('C - Survey - Pond 31-40'!G18:M18) -> 0 | V11: =MAX('C - Survey - Pond 31-40'!G51:M51) -> 0 | W11: =MAX('C - Survey - Pond 31-40'!G84:M84) -> 0 | X11: =MAX('C - Survey - Pond 31-40'!G117:M117) -> 0 | Y11: =MAX('C - Survey - Pond 31-40'!G150:M150) -> 0 | Z11: =MAX('C - Survey - Pond 31-40'!G183:M183) -> 0 | AA11: =MAX('C - Survey - Pond 31-40'!G216:M216) -> 0 | AB11: =MAX('C - Survey - Pond 31-40'!G249:M249) -> 0 | AC11: =MAX('C - Survey - Pond 31-40'!G282:M282) -> 0 | AD11: =MAX('C - Survey - Pond 31-40'!G315:M315) -> 0 | AE11: =SUM(U11:AD11) -> 0
G12: Torch power: | J12: No. of traps used in pond: | P12: eggs found? | Q12: larvae found? (any method) | T12: Visit 3 | U12: =MAX('C - Survey - Pond 31-40'!G20:M20) -> 0 | V12: =MAX('C - Survey - Pond 31-40'!G53:M53) -> 0 | W12: =MAX('C - Survey - Pond 31-40'!G86:M86) -> 0 | X12: =MAX('C - Survey - Pond 31-40'!G119:M119) -> 0 | Y12: =MAX('C - Survey - Pond 31-40'!G152:M152) -> 0 | Z12: =MAX('C - Survey - Pond 31-40'!G185:M185) -> 0 | AA12: =MAX('C - Survey - Pond 31-40'!G218:M218) -> 0 | AB12: =MAX('C - Survey - Pond 31-40'!G251:M251) -> 0 | AC12: =MAX('C - Survey - Pond 31-40'!G284:M284) -> 0 | AD12: =MAX('C - Survey - Pond 31-40'!G317:M317) -> 0 | AE12: =SUM(U12:AD12) -> 0
B13: No. of survey visits to this pond: | T13: Visit 4 | U13: =MAX('C - Survey - Pond 31-40'!G22:M22) -> 0 | V13: =MAX('C - Survey - Pond 31-40'!G55:M55) -> 0 | W13: =MAX('C - Survey - Pond 31-40'!G88:M88) -> 0 | X13: =MAX('C - Survey - Pond 31-40'!G121:M121) -> 0 | Y13: =MAX('C - Survey - Pond 31-40'!G154:M154) -> 0 | Z13: =MAX('C - Survey - Pond 31-40'!G187:M187) -> 0 | AA13: =MAX('C - Survey - Pond 31-40'!G220:M220) -> 0 | AB13: =MAX('C - Survey - Pond 31-40'!G253:M253) -> 0 | AC13: =MAX('C - Survey - Pond 31-40'!G286:M286) -> 0 | AD13: =MAX('C - Survey - Pond 31-40'!G319:M319) -> 0 | AE13: =SUM(U13:AD13) -> 0
B14: Sex/life stage: | G14: Male | H14: Female | I14: Imm. | J14: Male | K14: Female | L14: Imm. | M14: Male | N14: Female | O14: Imm. | T14: Visit 5 | U14: =MAX('C - Survey - Pond 31-40'!G24:M24) -> 0 | V14: =MAX('C - Survey - Pond 31-40'!G57:M57) -> 0 | W14: =MAX('C - Survey - Pond 31-40'!G90:M90) -> 0 | X14: =MAX('C - Survey - Pond 31-40'!G123:M123) -> 0 | Y14: =MAX('C - Survey - Pond 31-40'!G156:M156) -> 0 | Z14: =MAX('C - Survey - Pond 31-40'!G189:M189) -> 0 | AA14: =MAX('C - Survey - Pond 31-40'!G222:M222) -> 0 | AB14: =MAX('C - Survey - Pond 31-40'!G255:M255) -> 0 | AC14: =MAX('C - Survey - Pond 31-40'!G288:M288) -> 0 | AD14: =MAX('C - Survey - Pond 31-40'!G321:M321) -> 0 | AE14: =SUM(U14:AD14) -> 0
B15: (1) Date: | C15: Air temp | D15: Veg cover | E15: Turbidity | F15: =IF(OR(AND(NOT(ISBLANK($C16)),$C16<5),AND(NOT(ISBLANK($D16)),$D16>3),AND(NOT(ISBLANK($E16)),$E16>3)),"1","0") -> 0 | T15: Visit 6 | U15: =MAX('C - Survey - Pond 31-40'!G26:M26) -> 0 | V15: =MAX('C - Survey - Pond 31-40'!G59:M59) -> 0 | W15: =MAX('C - Survey - Pond 31-40'!G92:M92) -> 0 | X15: =MAX('C - Survey - Pond 31-40'!G125:M125) -> 0 | Y15: =MAX('C - Survey - Pond 31-40'!G158:M158) -> 0 | Z15: =MAX('C - Survey - Pond 31-40'!G191:M191) -> 0 | AA15: =MAX('C - Survey - Pond 31-40'!G224:M224) -> 0 | AB15: =MAX('C - Survey - Pond 31-40'!G257:M257) -> 0 | AC15: =MAX('C - Survey - Pond 31-40'!G290:M290) -> 0 | AD15: =MAX('C - Survey - Pond 31-40'!G323:M323) -> 0 | AE15: =SUM(U15:AD15) -> 0
F16: Adult totals: | G16: =G15+H15 -> 0 | J16: =J15+K15 -> 0 | M16: =M15+N15 -> 0 | T16: Visit 7 | U16: =MAX('C - Survey - Pond 31-40'!G28:M28) -> 0 | V16: =MAX('C - Survey - Pond 31-40'!G61:M61) -> 0 | W16: =MAX('C - Survey - Pond 31-40'!G94:M94) -> 0 | X16: =MAX('C - Survey - Pond 31-40'!G127:M127) -> 0 | Y16: =MAX('C - Survey - Pond 31-40'!G160:M160) -> 0 | Z16: =MAX('C - Survey - Pond 31-40'!G193:M193) -> 0 | AA16: =MAX('C - Survey - Pond 31-40'!G226:M226) -> 0 | AB16: =MAX('C - Survey - Pond 31-40'!G259:M259) -> 0 | AC16: =MAX('C - Survey - Pond 31-40'!G292:M292) -> 0 | AD16: =MAX('C - Survey - Pond 31-40'!G325:M325) -> 0 | AE16: =SUM(U16:AD16) -> 0
B17: (2) Date: | C17: Air temp | D17: Veg cover | E17: Turbidity | F17: =IF(OR(AND(NOT(ISBLANK($C18)),$C18<5),AND(NOT(ISBLANK($D18)),$D18>3),AND(NOT(ISBLANK($E18)),$E18>3)),"1","0") -> 0 | T17: Visit 8 | U17: =MAX('C - Survey - Pond 31-40'!G30:M30) -> 0 | V17: =MAX('C - Survey - Pond 31-40'!G63:M63) -> 0 | W17: =MAX('C - Survey - Pond 31-40'!G96:M96) -> 0 | X17: =MAX('C - Survey - Pond 31-40'!G129:M129) -> 0 | Y17: =MAX('C - Survey - Pond 31-40'!G162:M162) -> 0 | Z17: =MAX('C - Survey - Pond 31-40'!G195:M195) -> 0 | AA17: =MAX('C - Survey - Pond 31-40'!G228:M228) -> 0 | AB17: =MAX('C - Survey - Pond 31-40'!G261:M261) -> 0 | AC17: =MAX('C - Survey - Pond 31-40'!G294:M294) -> 0 | AD17: =MAX('C - Survey - Pond 31-40'!G327:M327) -> 0 | AE17: =SUM(U17:AD17) -> 0
F18: Adult totals: | G18: =G17+H17 -> 0 | J18: =J17+K17 -> 0 | M18: =M17+N17 -> 0 | U18: =MATCH((MAX(U10:U17)),U10:U17,0) -> 1 | V18: =MATCH((MAX(V10:V17)),V10:V17,0) -> 1 | W18: =MATCH((MAX(W10:W17)),W10:W17,0) -> 1 | X18: =MATCH((MAX(X10:X17)),X10:X17,0) -> 1 | Y18: =MATCH((MAX(Y10:Y17)),Y10:Y17,0) -> 1 | Z18: =MATCH((MAX(Z10:Z17)),Z10:Z17,0) -> 1 | AA18: =MATCH((MAX(AA10:AA17)),AA10:AA17,0) -> 1 | AB18: =MATCH((MAX(AB10:AB17)),AB10:AB17,0) -> 1 | ... AD18: =MATCH((MAX(AD10:AD17)),AD10:AD17,0) -> 1
B19: (3) Date: | C19: Air temp | D19: Veg cover | E19: Turbidity | F19: =IF(OR(AND(NOT(ISBLANK($C20)),$C20<5),AND(NOT(ISBLANK($D20)),$D20>3),AND(NOT(ISBLANK($E20)),$E20>3)),"1","0") -> 0
F20: Adult totals: | G20: =G19+H19 -> 0 | J20: =J19+K19 -> 0 | M20: =M19+N19 -> 0 | AC20: total peak | AE20: =MAX(AE10:AE17) -> 0
B21: (4) Date: | C21: Air temp | D21: Veg cover | E21: Turbidity | F21: =IF(OR(AND(NOT(ISBLANK($C22)),$C22<5),AND(NOT(ISBLANK($D22)),$D22>3),AND(NOT(ISBLANK($E22)),$E22>3)),"1","0") -> 0
F22: Adult totals: | G22: =G21+H21 -> 0 | J22: =J21+K21 -> 0 | M22: =M21+N21 -> 0
B23: (5) Date: | C23: Air temp | D23: Veg cover | E23: Turbidity | F23: =IF(OR(AND(NOT(ISBLANK($C24)),$C24<5),AND(NOT(ISBLANK($D24)),$D24>3),AND(NOT(ISBLANK($E24)),$E24>3)),"1","0") -> 0
F24: Adult totals: | G24: =G23+H23 -> 0 | J24: =J23+K23 -> 0 | M24: =M23+N23 -> 0
B25: (6) Date: | C25: Air temp | D25: Veg cover | E25: Turbidity | F25: =IF(OR(AND(NOT(ISBLANK($C26)),$C26<5),AND(NOT(ISBLANK($D26)),$D26>3),AND(NOT(ISBLANK($E26)),$E26>3)),"1","0") -> 0
F26: Adult totals: | G26: =G25+H25 -> 0 | J26: =J25+K25 -> 0 | M26: =M25+N25 -> 0
B27: (7) Date: | C27: Air temp | D27: Veg cover | E27: Turbidity | F27: =IF(OR(AND(NOT(ISBLANK($C28)),$C28<5),AND(NOT(ISBLANK($D28)),$D28>3),AND(NOT(ISBLANK($E28)),$E28>3)),"1","0") -> 0
F28: Adult totals: | G28: =G27+H27 -> 0 | J28: =J27+K27 -> 0 | M28: =M27+N27 -> 0
B29: (8) Date: | C29: Air temp | D29: Veg cover | E29: Turbidity | F29: =IF(OR(AND(NOT(ISBLANK($C30)),$C30<5),AND(NOT(ISBLANK($D30)),$D30>3),AND(NOT(ISBLANK($E30)),$E30>3)),"1","0") -> 0
F30: Adult totals: | G30: =G29+H29 -> 0 | J30: =J29+K29 -> 0 | M30: =M29+N29 -> 0
B31: Peak adult count for this pond in any one visit (by torch, trap or net): | J31: =MAX(G16,J16,M16,G18,J18,M18,G20,J20,M20,G22,J22,M22,G24,J24,M24,G26,J26,M26,G28,J28,M28,G30,J30,M30) -> 0
B32: Comments and constraints:
B33: Temp Veg Tur problem? | C33: =F15+F17+F19+F21+F23+F25+F27+F29 -> 0
B34: Torch power low? | C34: =IF(AND(NOT(ISBLANK(G13)),OR(G13="< 50,000 cp",G13="50,000 - 499,999 cp")),"1","0") -> 0
B35: Visit 1 overall det problem? | C35: =C33+C34 -> 0
B36: # ponds | C36: =$F$4 -> 0
B39: =+Ecologist&": "&+Site_name -> :
B40: C4.3 Aquatic amphibian survey (conventional methods)- GCN results (cont.) | K40: NB: This page prints in landscape format
B44: Pond reference (e.g. Pond 32) | F44: Method: | G44: Torch | J44: Bottle-trap | M44: Net | P44: Egg search | Q44: Larvae
G45: Torch power: | J45: No. of traps used in pond: | P45: eggs found? | Q45: larvae found? (any method)
B46: No. of survey visits to this pond:
B47: Sex/life stage: | G47: Male | H47: Female | I47: Imm. | J47: Male | K47: Female | L47: Imm. | M47: Male | N47: Female | O47: Imm.
B48: (1) Date: | C48: Air temp | D48: Veg cover | E48: Turbidity | F48: =IF(OR(AND(NOT(ISBLANK($C49)),$C49<5),AND(NOT(ISBLANK($D49)),$D49>3),AND(NOT(ISBLANK($E49)),$E49>3)),"1","0") -> 0
F49: Adult totals: | G49: =G48+H48 -> 0 | J49: =J48+K48 -> 0 | M49: =M48+N48 -> 0
B50: (2) Date: | C50: Air temp | D50: Veg cover | E50: Turbidity | F50: =IF(OR(AND(NOT(ISBLANK($C51)),$C51<5),AND(NOT(ISBLANK($D51)),$D51>3),AND(NOT(ISBLANK($E51)),$E51>3)),"1","0") -> 0
F51: Adult totals: | G51: =G50+H50 -> 0 | J51: =J50+K50 -> 0 | M51: =M50+N50 -> 0
B52: (3) Date: | C52: Air temp | D52: Veg cover | E52: Turbidity | F52: =IF(OR(AND(NOT(ISBLANK($C53)),$C53<5),AND(NOT(ISBLANK($D53)),$D53>3),AND(NOT(ISBLANK($E53)),$E53>3)),"1","0") -> 0
F53: Adult totals: | G53: =G52+H52 -> 0 | J53: =J52+K52 -> 0 | M53: =M52+N52 -> 0
B54: (4) Date: | C54: Air temp | D54: Veg cover | E54: Turbidity | F54: =IF(OR(AND(NOT(ISBLANK($C55)),$C55<5),AND(NOT(ISBLANK($D55)),$D55>3),AND(NOT(ISBLANK($E55)),$E55>3)),"1","0") -> 0
F55: Adult totals: | G55: =G54+H54 -> 0 | J55: =J54+K54 -> 0 | M55: =M54+N54 -> 0
B56: (5) Date: | C56: Air temp | D56: Veg cover | E56: Turbidity | F56: =IF(OR(AND(NOT(ISBLANK($C57)),$C57<5),AND(NOT(ISBLANK($D57)),$D57>3),AND(NOT(ISBLANK($E57)),$E57>3)),"1","0") -> 0
F57: Adult totals: | G57: =G56+H56 -> 0 | J57: =J56+K56 -> 0 | M57: =M56+N56 -> 0
B58: (6) Date: | C58: Air temp | D58: Veg cover | E58: Turbidity | F58: =IF(OR(AND(NOT(ISBLANK($C59)),$C59<5),AND(NOT(ISBLANK($D59)),$D59>3),AND(NOT(ISBLANK($E59)),$E59>3)),"1","0") -> 0
F59: Adult totals: | G59: =G58+H58 -> 0 | J59: =J58+K58 -> 0 | M59: =M58+N58 -> 0
B60: (7) Date: | C60: Air temp | D60: Veg cover | E60: Turbidity | F60: =IF(OR(AND(NOT(ISBLANK($C61)),$C61<5),AND(NOT(ISBLANK($D61)),$D61>3),AND(NOT(ISBLANK($E61)),$E61>3)),"1","0") -> 0
F61: Adult totals: | G61: =G60+H60 -> 0 | J61: =J60+K60 -> 0 | M61: =M60+N60 -> 0
B62: (8) Date: | C62: Air temp | D62: Veg cover | E62: Turbidity | F62: =IF(OR(AND(NOT(ISBLANK($C63)),$C63<5),AND(NOT(ISBLANK($D63)),$D63>3),AND(NOT(ISBLANK($E63)),$E63>3)),"1","0") -> 0
F63: Adult totals: | G63: =G62+H62 -> 0 | J63: =J62+K62 -> 0 | M63: =M62+N62 -> 0
B64: Peak adult count for this pond in any one visit (by torch, trap or net): | J64: =MAX(G49,J49,M49,G51,J51,M51,G53,J53,M53,G55,J55,M55,G57,J57,M57,G59,J59,M59,G61,J61,M61,G63,J63,M63) -> 0
B65: Comments and constraints:
B66: Temp Veg Tur problem? | C66: =F48+F50+F52+F54+F56+F58+F60+F62 -> 0
B67: Torch power low? | C67: =IF(AND(NOT(ISBLANK(G46)),OR(G46="< 50,000 cp",G46="50,000 - 499,999 cp")),"1","0") -> 0
B68: Visit 1 overall det problem? | C68: =C66+C67 -> 0
B69: # ponds | C69: =$F$4 -> 0
B72: =+Ecologist&": "&+Site_name -> :
B73: C4.3 Aquatic amphibian survey (conventional surveys- GCN results (cont.) | K73: NB: This page prints in landscape format
B77: Pond reference (e.g. Pond 33) | F77: Method: | G77: Torch | J77: Bottle-trap | M77: Net | P77: Egg search | Q77: Larvae
G78: Torch power: | J78: No. of traps used in pond: | P78: eggs found? | Q78: larvae found? (any method)
B79: No. of survey visits to this pond:
B80: Sex/life stage: | G80: Male | H80: Female | I80: Imm. | J80: Male | K80: Female | L80: Imm. | M80: Male | N80: Female | O80: Imm.
B81: (1) Date: | C81: Air temp | D81: Veg cover | E81: Turbidity | F81: =IF(OR(AND(NOT(ISBLANK($C82)),$C82<5),AND(NOT(ISBLANK($D82)),$D82>3),AND(NOT(ISBLANK($E82)),$E82>3)),"1","0") -> 0
F82: Adult totals: | G82: =G81+H81 -> 0 | J82: =J81+K81 -> 0 | M82: =M81+N81 -> 0
B83: (2) Date: | C83: Air temp | D83: Veg cover | E83: Turbidity | F83: =IF(OR(AND(NOT(ISBLANK($C84)),$C84<5),AND(NOT(ISBLANK($D84)),$D84>3),AND(NOT(ISBLANK($E84)),$E84>3)),"1","0") -> 0
F84: Adult totals: | G84: =G83+H83 -> 0 | J84: =J83+K83 -> 0 | M84: =M83+N83 -> 0
B85: (3) Date: | C85: Air temp | D85: Veg cover | E85: Turbidity | F85: =IF(OR(AND(NOT(ISBLANK($C86)),$C86<5),AND(NOT(ISBLANK($D86)),$D86>3),AND(NOT(ISBLANK($E86)),$E86>3)),"1","0") -> 0
F86: Adult totals: | G86: =G85+H85 -> 0 | J86: =J85+K85 -> 0 | M86: =M85+N85 -> 0
B87: (4) Date: | C87: Air temp | D87: Veg cover | E87: Turbidity | F87: =IF(OR(AND(NOT(ISBLANK($C88)),$C88<5),AND(NOT(ISBLANK($D88)),$D88>3),AND(NOT(ISBLANK($E88)),$E88>3)),"1","0") -> 0
F88: Adult totals: | G88: =G87+H87 -> 0 | J88: =J87+K87 -> 0 | M88: =M87+N87 -> 0
B89: (5) Date: | C89: Air temp | D89: Veg cover | E89: Turbidity | F89: =IF(OR(AND(NOT(ISBLANK($C90)),$C90<5),AND(NOT(ISBLANK($D90)),$D90>3),AND(NOT(ISBLANK($E90)),$E90>3)),"1","0") -> 0
F90: Adult totals: | G90: =G89+H89 -> 0 | J90: =J89+K89 -> 0 | M90: =M89+N89 -> 0
B91: (6) Date: | C91: Air temp | D91: Veg cover | E91: Turbidity | F91: =IF(OR(AND(NOT(ISBLANK($C92)),$C92<5),AND(NOT(ISBLANK($D92)),$D92>3),AND(NOT(ISBLANK($E92)),$E92>3)),"1","0") -> 0
F92: Adult totals: | G92: =G91+H91 -> 0 | J92: =J91+K91 -> 0 | M92: =M91+N91 -> 0
B93: (7) Date: | C93: Air temp | D93: Veg cover | E93: Turbidity | F93: =IF(OR(AND(NOT(ISBLANK($C94)),$C94<5),AND(NOT(ISBLANK($D94)),$D94>3),AND(NOT(ISBLANK($E94)),$E94>3)),"1","0") -> 0
F94: Adult totals: | G94: =G93+H93 -> 0 | J94: =J93+K93 -> 0 | M94: =M93+N93 -> 0
B95: (8) Date: | C95: Air temp | D95: Veg cover | E95: Turbidity | F95: =IF(OR(AND(NOT(ISBLANK($C96)),$C96<5),AND(NOT(ISBLANK($D96)),$D96>3),AND(NOT(ISBLANK($E96)),$E96>3)),"1","0") -> 0
F96: Adult totals: | G96: =G95+H95 -> 0 | J96: =J95+K95 -> 0 | M96: =M95+N95 -> 0
B97: Peak adult count for this pond in any one visit (by torch, trap or net): | J97: =MAX(G82,J82,M82,G84,J84,M84,G86,J86,M86,G88,J88,M88,G90,J90,M90,G92,J92,M92,G94,J94,M94,G96,J96,M96) -> 0
B98: Comments and constraints:
B99: Temp Veg Tur problem? | C99: =F81+F83+F85+F87+F89+F91+F93+F95 -> 0
B100: Torch power low? | C100: =IF(AND(NOT(ISBLANK(G79)),OR(G79="< 50,000 cp",G79="50,000 - 499,999 cp")),"1","0") -> 0
B101: Visit 1 overall det problem? | C101: =C99+C100 -> 0
B102: # ponds | C102: =$F$4 -> 0
B105: =+Ecologist&": "&+Site_name -> :
B106: C4.3 Aquatic amphibian survey (conventional methods) - GCN results (cont.) | K106: NB: This page prints in landscape format
B110: Pond reference (e.g. Pond 34) | F110: Method: | G110: Torch | J110: Bottle-trap | M110: Net | P110: Egg search | Q110: Larvae
G111: Torch power: | J111: No. of traps used in pond: | P111: eggs found? | Q111: larvae found? (any method)
B112: No. of survey visits to this pond:
B113: Sex/life stage: | G113: Male | H113: Female | I113: Imm. | J113: Male | K113: Female | L113: Imm. | M113: Male | N113: Female | O113: Imm.
B114: (1) Date: | C114: Air temp | D114: Veg cover | E114: Turbidity | F114: =IF(OR(AND(NOT(ISBLANK($C115)),$C115<5),AND(NOT(ISBLANK($D115)),$D115>3),AND(NOT(ISBLANK($E115)),$E115>3)),"1","0") -> 0
F115: Adult totals: | G115: =G114+H114 -> 0 | J115: =J114+K114 -> 0 | M115: =M114+N114 -> 0
B116: (2) Date: | C116: Air temp | D116: Veg cover | E116: Turbidity | F116: =IF(OR(AND(NOT(ISBLANK($C117)),$C117<5),AND(NOT(ISBLANK($D117)),$D117>3),AND(NOT(ISBLANK($E117)),$E117>3)),"1","0") -> 0
F117: Adult totals: | G117: =G116+H116 -> 0 | J117: =J116+K116 -> 0 | M117: =M116+N116 -> 0
...
